Workbook
Name \X: [0]!ERR
Name \X: [0]!ERR
Name \X: [0]!ERR
Name \X: [0]!ERR
Name \X: [0]!ERR
Name \X: [0]!ERR
Name \X: [0]!ERR
Name \X: [0]!ERR
Name \X: [0]!ERR
Name \X: [0]!ERR
Name \X: [0]!ERR
Name \X: [0]!ERR
Name \X: [0]!ERR
Name \X: [0]!ERR
Name \X: [0]!ERR
Name \X: [0]!ERR
Name \X: [0]!ERR
Name \X: [0]!ERR
Name \X: [0]!ERR
Name \X: [0]!ERR
Name \X: [0]!ERR
Name \X: [0]!ERR
Name \X: [0]!ERR
Name \X: [0]!ERR
Name \X: [0]!ERR
Name \X: [0]!ERR
Name \X: [0]!ERR
Name \X: [0]!ERR
Name \X: [0]!ERR
Name \X: [0]!ERR
Name \X: [0]!ERR
Name \X: [0]!ERR
Name \X: [0]!ERR
Name \X: [0]!ERR
Name \X: [0]!ERR
Name \X: [0]!ERR
Name \X: [0]!ERR
Name \X: [0]!ERR
Name \X: [0]!ERR
Name \X: [0]!ERR
Name \X: [0]!ERR
Name \X: [0]!ERR
Name \X: [0]!ERR
Name \X: [0]!ERR
Name \X: [0]!ERR
Name \X: [0]!ERR
Name \X: [0]!ERR
Name \X: [0]!ERR
Name \X: [0]!ERR
Name \X: [0]!ERR
Name \X: [0]!ERR
Name \X: [0]!ERR
Name \X: [0]!ERR
Name \X: [0]!ERR
Name \X: [0]!ERR
Name \X: [0]!ERR
Name \X: [0]!ERR
Name \X: [0]!ERR
Name \X: [0]!ERR
Name \X: [0]!ERR

Sheet INS
A1: CONSTRUCCION Y DOTACION REGIONAL SUR NEIVA SEGUNDA ETAPA
A2: INSUMOS | I2: ALQUILER
A3: CONCRETOS | N3: 2017
A4: CEMENTO GRIS | C4: KG | D4: 590
A5: CEMENTO BLANCO | C5: KG | D5: =ROUND((44900/40),0) -> 1123 | I5: MEZCLADORA 3BT | K5: DD | L5: 98600
A6: CONCRETO 4000 PSI GRAVA COMUN | C6: M3 | D6: =+[25]BASICOS.!H53 -> 415384 | E6: 435759 | I6: CARROTANQUE IRRIGADOR | K6: HR | L6: 35000
A7: CONCRETO 3000 PSI GRAVA COMUN | C7: M3 | D7: =+[25]BASICOS.!H17 -> 344623 | E7: 399590 | I7: COMPRESOR | K7: DD | L7: 30000
A8: CONCRETO 2500 PSI GRAVA COMUN | C8: M3 | D8: =+[25]BASICOS.!H72 -> 320023 | I8: COMPACTADOR DE LLANTA | K8: HR | L8: 75400
A9: CONCRETO 2000 PSI GRAVA COMUN | C9: M3 | D9: =+[25]BASICOS.!H92 -> 295349 | I9: VOLQUETA VIAJE 7 M3 CARGADO (RELLENO MATERIAL SELECCIONADO). | K9: VIAJE | L9: 126000
A10: CONCRETO 4000 PSI IMPERMEABLIZADO | C10: M3 | D10: =435759+30000 -> 465759 | I10: VIBROCOMPACTADOR GRANDE. | K10: HR | L10: 85000
A11: CONCRETO ASFALTICO MDC-2 | C11: M3 | D11: 278500
A12: MORTEROS
A13: MORTERO 1:3 | C13: M3 | D13: 348925 | E13: 349844 | I13: MATERIAL DE PRESTAMO TIPO SANGRE DE TORO | K13: M3 | L13: 8000
A14: MORTERO 1:4 | C14: M3 | D14: 302151 | E14: 300773 | I14: RETROEXCAVADORA | K14: HOR | L14: 87000
A15: MORTERO 1:5 | C15: M3 | D15: =+[25]BASICOS.!H148 -> 263517 | E15: 266181 | I15: VOLQUETA VIAJE 7 M3 DE RETIRO A ESCOMBRERA. | K15: VIAJE | L15: 120000 | M15: 140000
A16: MORTERO IMPERMEABILIZADO 1:3 | C16: M3 | D16: 528574
A18: AGREGADOS PETREOS | I18: VOLQUETA VIAJE 7 M3 DESDE FUENTE MATERIAL | K18: VIAJE | L18: 140000
A19: GRAVILLA | C19: M3 | D19: 98600 | I19: MOTONIVELADORA | K19: HOR | L19: 139200
A20: GRAVILLA FINA DE 1/2" | C20: M3 | D20: 78184 | I20: VOLQUETA ACARREO | K20: M3 | L20: 1250
A21: GRAVILLA TRITURADA DE 3/4" | C21: M3 | D21: =+ROUND(76038*1.16,0) -> 88204 | I21: MOTOSIERRA | K21: DIA | L21: 30392
A22: ARENA TRITURADA | C22: M3 | D22: =+ROUND(49590*1.16,0) -> 57524
A23: GRANITO MARMOL BLANCO N° 2 X 35 KG | C23: BT | D23: 31400 | E23: =98000*0.13 -> 12740
A24: ARENA FINA | C24: M3 | D24: 44080 | I24: VIBROCOMPACTADOR | K24: HR | L24: 108460
A25: ARENA DE PEÑA | C25: M3 | D25: 69600 | I25: CARROTANQUE AGUA | K25: DIA | L25: 285000
A26: ARENA DE RIO | C26: M3 | D26: 132472 | I26: VOLQUETA ACARREO | K26: M3 | L26: 1250
A27: ARENA LAVADA DE PEÑA | C27: M3 | D27: 61721 | I27: TERMINADORA | K27: HR | L27: 106000
A28: ARENA LAVADA DE RIO | C28: M3 | D28: 128000 | I28: RANA DIESEL | K28: DIA | L28: 37000
A29: BASE GRANULAR B 200 | C29: M3 | D29: 46168 | I29: FORMALETA METALICA | K29: DIA | L29: 1100
A30: BASE GRANULAR B 200 INVIAS | C30: M3 | D30: 73080 | I30: ESCALERA | K30: DIA | L30: 22000
A31: GRAVILLA DE RIO | C31: M3 | D31: 98600 | I31: MARTILLO DEMOLEDOR | K31: DIA | L31: 60000
A32: MIXTO | C32: M3 | D32: 34800 | I32: ANDAMIO TUBULAR | K32: DIA | L32: 2000 | N32: 2040 | O32: COTIZADO
A33: PIEDRA MEDIA ZONGA | C33: M3 | D33: 55680 | I33: VIBRADOR CONCRETO | K33: DIA | L33: 28000
A34: RAJON DE PIEDRA | C34: M3 | D34: 58334 | I34: BOMBA CONCRETO | K34: M3 | L34: 46400
A35: RECEBO COMUN | C35: M3 | D35: 32000 | I35: PULIDORA | K35: DIA | L35: 16000
A36: SUB BASE GRANULAR B 400 IDU | C36: M3 | D36: 15080 | I36: TALADRO | K36: DIA | L36: 10000
A37: SUB BASE GRANULAR INVIAS | C37: M3 | D37: 32500 | I37: ESTACION TOTAL | K37: DIA | L37: 55000
A38: AGUA | C38: LT | D38: 20 | I38: NIVEL DE PRECISION | K38: DIA | L38: 40000
A39: TIERRA NEGRA | C39: M3 | D39: 60000 | I39: FORMALETA EN MADERA | K39: M2 | L39: 25000
A40: MADERAS ASERRADAS | I40: CORTADORA DE LADRILLO | K40: DIA | L40: 33000
A41: TABLA BURRA 10 x 2,2 a 2,7 CM x 2,90 ORDINARIO | C41: UND | D41: 7540
A42: TABLA BURRA 15 x 2,2 a 2,7 CM x 2,90 ORDINARIO | C42: UND | D42: 9744 | F42: =INS!E1208900 -> #NAME?
A43: TABLA BURRA 20 x 2,2 a 2,7 CM x 2,90 ORDINARIO | C43: UND | D43: 12862
A44: TABLA BURRA 25 x 2,2 a 2,7 CM x 2,90 ORDINARIO | C44: UND | D44: 14153
A45: TABLA BURRA 30 x 2,2 a 2,7 CM x 2,90 ORDINARIO | C45: UND | D45: 19488
A46: TABLA CHAPA 10 x 1,8 A 2,0 CM x 2,90 ORDINARIO | C46: UND | D46: 5684
A47: TABLA CHAPA 15 x 1,8 A 2,0 CM x 2,90 ORDINARIO | C47: UND | D47: 8352
A48: TABLA CHAPA 20 x 1,8 A 2,0 CM x 2,90 ORDINARIO | C48: UND | D48: 9512
A49: TABLA CHAPA 25 x 1,8 A 2,0 CM x 2,90 ORDINARIO | C49: UND | D49: 11252
A50: TABLA CHAPA 30 x 1,8 A 2,0 CM x 2,90 ORDINARIO | C50: UND | D50: 14616
A51: REPISA 8 X 4 CM X 2,90 M ORDINARIO | C51: UND | D51: 9744
A52: DURMIENTE 4 X 4 CM X 2,90 M ORDINARIO | C52: UND | D52: 4872
A53: PLANCHON 18 X 4 CM X 2,90 M ORDINARIO | C53: UND | D53: 19488
A54: PLANCHON 23 X 4 CM X 2,90 M ORDINARIO | C54: UND | D54: 24360
A55: LISTON ORDINARIO 10X1,08X2,9 | C55: UND | D55: 10962
A56: MADERAS ROLLIZAS
A57: VARA CORREDOR DIAM 8 A 10 CM X 3,00 M EUCALIPTO | C57: UND | D57: 6577
A58: VARA DE CLAVO DIAM 6 A 8 CM X 3,00 M EUCALIPTO | C58: UND | D58: 6032
A59: ACEROS DE REFUERZO
A60: ALAMBRE NEGRO N° 17 | C60: KG | D60: 3900
A61: CHIPA 1/4" G-60 1/4" | C61: KG | D61: 250
A62: CHIPA CORRUGADA 1/4" | C62: KG | D62: 2504
A63: CHIPA CORRUGADA 1/4" G-60 | C63: KG | D63: 2504
A64: MALLA ELECTROSOLDADA XY-084 6,00 X 2,35 M | C64: KG | D64: 2494 | E64: 44100 | F64: 18.73 | H64: =+E64/F64 -> 2354.5115
A65: ACERO DE REFUERZO FY=60000 PSI | C65: KG | D65: 2504
A66: ACERO DE REFUERZO DE 5/8"A 1" FY=37000 PSI | C66: KG | D66: 2347
A67: GRAFIL 4,0MM - 8,0MM | C67: KG | D67: 2262
A68: LADRILLO
A69: BLOQUE N° 4 ESTANDAR P.H. 30X20X10 | C69: UND | D69: 969 | H69: =612/1.61 -> 380.12422
A70: BLOQUE N° 5 ESTANDAR P.H. 30X20X10 | C70: UND | D70: 992
A71: BLOQUE N° 5 TRADICIONAL ESTRIADO33X11,5X23 | C71: UND | D71: 1216
A72: LADRILLO PRENSADO LIVIANO 6 CM 24X12X6 | C72: UND | D72: 950
A73: LADRILLO MACIZO PRENSADO24X12X6 | C73: UND | D73: 720
A74: LADRILLO MACIZO 24X12X6 | C74: UND | D74: 783
A75: LADRILLO RECOCIDO | C75: UND | D75: 450
A76: CONSTRUCCION LIVIANA EN SECO
A77: ALAMBRE GALVANIZADO CAL 16 | C77: KG | D77: 5742
A78: ANGULO GALVANIZADO 0.2X0,25 CAL 26 X 2,44 M | C78: UN | D78: 1314
A79: CINTA MALLA SELLAPANEL 45 MM | C79: RL | D79: 2397
A80: LAMINA DE YESO REGULAR DE 1/2" | C80: UND | D80: 17000
A81: MASILLA SUPERMASTIK 5 GALONES | C81: GL | D81: 37567
A82: OMEGA CAL 26 X 2,44 M ROLLADO | C82: UND | D82: 2336
A83: TORNILLO DE 1" PUNTA DE BROCA | C83: UND | D83: 38
A84: TORNILLO DE 7/16" PUNTA DE BROCA | C84: UND | D84: 38
A85: VIGUETA BASE 4 CAL. 26 X 2,44 M | C85: UND | D85: 2336
A86: CANAL B 9 X 2,44 CAL. 26 | C86: UND | D86: 7800
A87: CARGA FUERTE + CLAVO 5/16" | C87: UND | D87: 380
A88: CINTA DE PAPEL SUPERCINTA 250 | C88: RL | D88: 10500
... A97: LAMINA SUPERBOARD 6 MM | C97: UND | D97: 33100
A99: ACABADOS DE PISO Y PARED
A100: BALDOSA PARED OCEANO CORONA | C100: m2 | D100: 25000
A101: BALDOSA PISO | C101: m2 | D101: 35000 | I101: =17900/5 -> 3580
A102: PEGACOR INTERIORES BLANCO | C102: kg | D102: 2900
A103: BOQUILLA | C103: kg | D103: 3580
A104: BALDOSIN GRANITO TIPO ALFA | C104: M2 | D104: 46900
A105: DILATACION PLASTICA | C105: ML | D105: 2500
A106: TABLON TRADICION ROJO 30X30 | C106: M2 | D106: 26900
A107: GUARDAESCOBA RECTO | C107: ML | D107: 12900
A108: WIN ALUMINIO BLANCO | C108: ML | D108: =ROUND(E108/3,0) -> 1967 | E108: 5900
A109: ADOQUIN TIPO IDU TRAFICO A-25 | C109: M2 | D109: 37600
A110: GRAMA NATURAL | C110: M2 | D110: 9000
...

Sheet INSUMOS
A2: EQUIPOS Y HERRAMIENTAS | F2: PERIODO
F3: 2006 | G3: 2007 | H3: 2008 | I3: 2009 | J3: 2010 | K3: 2011 | L3: 2012 | M3: 2013 | N3: 2014 | O3: 2015 | P3: 2017 | Q3: 2018 | R3: 2019 | S3: 2022
A4: CÓDIGO | B4: DESCRIPCIÓN | C4: UNIDAD | D4: VALOR $ | E4: FECHA | F4: 408000 | G4: 433700 | H4: 516500 | I4: 556218 | J4: 580400 | K4: 599200 | L4: 634500 | M4: 660000 | N4: 689090 | O4: 718304 | P4: 737717 | Q4: =ROUND(P4*1.07,0) -> 789357
A5: CAN | B5: Apisonador tipo canguro | C5: Dia | D5: =+Q5 -> 95693 | F5: 80000 | G5: 85100 | H5: 90000 | I5: 90000 | J5: 90000 | K5: 93600 | L5: 93600 | M5: 97812 | N5: 75000 | O5: =+N5*1.046 -> 78450 | P5: =+O5*1.14 -> 89433 | Q5: =ROUND(P5*1.07,0) -> 95693
A6: RANA | B6: Apisonador tipo rana | C6: Dia | D6: =+Q6 -> 63796 | F6: 34000 | G6: 37300 | H6: 40000 | I6: 40000 | J6: 40000 | K6: 41600 | L6: 41600 | M6: 43472 | N6: 50000 | O6: =+N6*1.046 -> 52300 | P6: =+O6*1.14 -> 59622 | Q6: =ROUND(P6*1.07,0) -> 63796
A7: CGR | B7: Camión grua | C7: Dia | D7: =+Q7 -> 318978 | F7: 100000 | G7: 106300 | H7: 115000 | I7: 130000 | J7: 130000 | K7: 135200 | L7: 135200 | M7: 141284 | N7: 250000 | O7: =+N7*1.046 -> 261500 | P7: =+O7*1.14 -> 298110 | Q7: =ROUND(P7*1.07,0) -> 318978
A8: CAM | B8: Camioneta transporte menor | C8: Viaje | D8: =+Q8 -> 31898 | F8: 10000 | G8: 10700 | H8: 15000 | I8: 20000 | J8: 20000 | K8: 20800 | L8: 20800 | M8: 21736 | N8: 25000 | O8: =+N8*1.046 -> 26150 | P8: =+O8*1.14 -> 29811 | Q8: =ROUND(P8*1.07,0) -> 31898
A9: COR | B9: Cortadora de disco diamante | C9: Día | D9: 65000 | F9: 14000 | G9: 16000 | H9: 20000 | I9: 20000 | J9: 3000 | K9: 20800 | L9: 3120 | M9: 3260.4 | N9: 5000 | O9: =+N9*1.046 -> 5230 | P9: 7289 | Q9: =ROUND(P9*1.07,0) -> 7799
A10: COM | B10: Equipo compresor 120 HP y martillo neumático | C10: Hora | D10: 95000 | F10: 40000 | G10: 42600 | H10: 45000 | I10: 50000 | J10: 60000 | K10: 52000 | L10: 62400 | M10: 65208 | N10: 70000 | O10: 75000 | P10: 75000 | Q10: 120000
A11: TOP | B11: Equipo de topografía. | C11: Día | D11: 160000 | F11: 40000 | G11: 53200 | H11: 70000 | I11: 80000 | J11: 80000 | K11: 83200 | L11: 83200 | M11: 86944 | N11: 90856.48 | O11: =+N11*1.046 -> 95035.878 | P11: =+O11*1.14 -> 108340.9 | Q11: =ROUND(P11*1.07,0) -> 115925
A12: DIF | B12: Equipo diferencial para 500kg | C12: Día | D12: =+Q12 -> 94189 | F12: 40000 | G12: 53200 | H12: 60000 | I12: 60000 | J12: 65000 | K12: 62400 | L12: 67600 | M12: 70642 | N12: 73820.89 | O12: =+N12*1.046 -> 77216.651 | P12: =+O12*1.14 -> 88026.982 | Q12: =ROUND(P12*1.07,0) -> 94189
A13: FORPZ | B13: Formaleta metálica para pozo | C13: Día | D13: 115000 | F13: 24000 | G13: 26600 | H13: 30000 | I13: 35000 | J13: 40000 | K13: 36400 | L13: 41600 | M13: 43472 | N13: 45428.24 | O13: =+N13*1.046 -> 47517.939 | P13: =+O13*1.14 -> 54170.451 | Q13: 80000
A14: FORPV | B14: Formaleta maestra para pavimentos | C14: Día | D14: 25000
A15: HM5 | B15: Herramienta Menor (5% de la mano de obra). | C15: % | D15: 0.05
A16: HM3 | B16: Herramienta Menor (3% de la mano de obra). | C16: % | D16: 0.03
A17: HM10 | B17: Herramienta Menor (10% de la mano de obra). | C17: % | D17: 0.1
A18: MEZ | B18: Mezcladora mecánica (1.0 bultos) | C18: Dia | D18: 80000 | F18: 40000 | G18: 42600 | H18: 45000 | I18: 50000 | J18: 60000 | K18: 52000 | L18: 62400 | M18: 65208 | N18: 68142.36 | O18: =+N18*1.046 -> 71276.909 | P18: 55000 | Q18: 55000
A19: MOT | B19: Motobomba 3" Autocebante Diesel | C19: Dia | D19: =+Q19 -> 41000 | O19: 50000 | P19: 50000 | Q19: 41000
A20: MOS | B20: Motosierra | C20: Dia | D20: =+Q20 -> 53000 | O20: 50000 | P20: 50000 | Q20: 53000
A21: RETROLL | B21: Retroexcavadora de llanta | C21: Hora | D21: 135000 | F21: 60000 | G21: 63800 | H21: 80000 | I21: 100000 | J21: 100000 | K21: 104000 | L21: 104000 | M21: 108680 | N21: 113570.6 | O21: =+N21*1.046 -> 118794.85 | P21: =+O21*1.14 -> 135426.13 | Q21: 130000
A22: RETROOR | B22: Retroexcavadora de oruga | C22: Hora | D22: 180000 | F22: 80000 | G22: 85100 | H22: 120000 | I22: 130000 | J22: 130000 | K22: 135200 | L22: 135200 | M22: 141284 | N22: 147641.78 | O22: =+N22*1.046 -> 154433.3 | P22: =+O22*1.14 -> 176053.96 | Q22: 180000
A23: VIB | B23: Vibrocompactador 10Ton | C23: Hora | D23: =+Q23 -> 110000 | F23: 40000 | G23: 53200 | H23: 60000 | I23: 70000 | J23: 70000 | K23: 72800 | L23: 72800 | M23: 76076 | N23: 79499.42 | O23: =+N23*1.046 -> 83156.393 | P23: =+O23*1.14 -> 94798.288 | Q23: 110000
A24: VOL | B24: Volqueta de 5M3 | C24: Hora | D24: =+Q24 -> 63000 | F24: 40000 | G24: 42600 | H24: 60000 | I24: 60000 | J24: 60000 | K24: 62400 | L24: 62400 | M24: 65208 | N24: 68142.36 | O24: =+N24*1.046 -> 71276.909 | P24: =+O24*1.14 -> 81255.676 | Q24: 63000
A25: MOTO | B25: Motoniveladora | C25: Hora | D25: =+Q25 -> 140000 | J25: 100000 | K25: 0 | L25: 104000 | M25: 108680 | N25: 113570.6 | O25: =+N25*1.046 -> 118794.85 | P25: =+O25*1.14 -> 135426.13 | Q25: 140000
A26: EPH | B26: Equipo Compresor para Prueba Hidrostática | C26: Día | D26: =+Q26 -> 695549 | J26: 480000 | K26: 480000 | L26: 499200 | M26: 521664 | N26: 545138.88 | O26: =+N26*1.046 -> 570215.27 | P26: =+O26*1.14 -> 650045.41 | Q26: =ROUND(P26*1.07,0) -> 695549
A27: CTI | B27: Carro tanque irrigador de emulsion asfaltica | C27: Hora | D27: 60000 | J27: 350000 | K27: 0 | L27: 364000 | M27: 380380 | N27: 397497.1 | O27: =+N27*1.046 -> 415781.97 | P27: =+O27*1.14 -> 473991.44 | Q27: =ROUND(P27*1.07,0) -> 507171
A28: TAL | B28: Taladro 1/2" Percutor Alámbrico (madera y metal) | C28: Día | D28: =+Q28 -> 28800 | Q28: =24000*1.2 -> 28800
A29: VIBRO | B29: Vibrador de mezcla | C29: Día | D29: 55000
A30: COMPP | B30: Equipo compresor (barrido y soplado) | C30: Día | D30: 80000
A31: SOL | B31: Equipo de soldadura | C31: Día | D31: 125000
A32: CTA | B32: Carrotanque de agua | C32: Viaje | D32: =+Q32 -> 362265 | J32: 250000 | K32: 0 | L32: 260000 | M32: 271700 | N32: 283926.5 | O32: =+N32*1.046 -> 296987.12 | P32: =+O32*1.14 -> 338565.32 | Q32: =ROUND(P32*1.07,0) -> 362265
A37: MATERIALES
A38: COD | B38: DESCRIPCION | C38: UNIDAD | D38: Vr. Sin IVA | E38: Vr. Con IVA | F38: TRANSPORTE
E39: 0.19 | F39: DIST/. (Km) | G39: TARIFA m3-ton/km
A40: MATERIAL DE PLAYA - PRESTAMO
A41: AGUA | B41: Agua | C41: Lt | E41: 20
A42: AF | B42: Arena fina de río. | C42: m3 | E42: 60000 | F42: 15 | G42: 1500
A43: AGR | B43: Arena triturada de planta, pasante 3/8" | C43: m3 | E43: 122570 | F43: 60.5 | G43: 1500
A44: AM | B44: Mixto (50% arena + 50% gravilla). | C44: m3 | E44: 115430 | F44: 60.5 | G44: 1500
A45: GRA1/2 | B45: Gravilla triturada de Ø1/2". | C45: m3 | E45: 138040 | F45: 60.5 | G45: 1500
A46: GRA3/4 | B46: Gravilla triturada de Ø3/4". | C46: m3 | E46: 135660 | F46: 60.5 | G46: 1500
A47: REC | B47: Recebo granular seleccionado IP<10%. | C47: m3 | E47: 102340 | F47: 60.5 | G47: 1500
A48: SBG | B48: Sub-base granular - IP<6% | C48: m3 | E48: 133280 | F48: 60.5 | G48: 1500
A49: BG | B49: Base granular IP<3%. Clase A | C49: m3 | E49: 173740 | F49: 60.5 | G49: 1500
A50: PIEDR | B50: Piedra Seleccionada Ø3" a Ø15" | C50: m3 | E50: 185640 | F50: 60.5 | G50: 1500
A53: VARIOS
A54: ESC | B54: Escombros | C54: m3 | F54: 2 | G54: 1500
A55: ACPM | B55: Combustible tipo ACPM | C55: gal | E55: 9580
A56: FE | B56: Acero de refuerzo de 60000 psi. | C56: kg | E56: 5200
A58: PRODUCCIÓN - CONCRETOS Y MORTEROS
A59: C1500 | B59: Concreto de 105 Kg/cm2 (1500 PSI) | C59: m3 | E59: =+BASICOS!H51 -> 644619
A60: C2000 | B60: Concreto de 140 Kg/cm2 (2000 PSI) | C60: m3 | E60: =+BASICOS!H108 -> 670945
A61: C2500 | B61: Concreto de 175 Kg/cm2 (2500 PSI) | C61: m3 | E61: =+BASICOS!H171 -> 692114
A62: C2500CI | B62: Concreto de 175 Kg/cm2 (2500 PSI) Ciclopeo | C62: m3 | E62: =+BASICOS!H230 -> 707993
A63: C3000 | B63: Concreto de 210 Kg/cm2 (3000 PSI) | C63: m3 | E63: =+BASICOS!H291 -> 719212
A64: C3000IMP | B64: Concreto de 210 Kg/cm2 (3000 PSI) Impermeabilizado | C64: m3 | E64: =+BASICOS!H348 -> 762896
A65: C3500 | B65: Concreto de 250 Kg/cm2 (3500 PSI) | C65: m3 | E65: =+BASICOS!H408 -> 752984
A66: C4000 | B66: Concreto de 280 Kg/cm2 (4000 PSI) | C66: m3 | E66: =+BASICOS!H476 -> 773984
A67: C4000IMP | B67: Concreto de 280 Kg/cm2 (4000 PSI) Impermeabilizado | C67: m3 | E67: =+BASICOS!H536 -> 837338
A68: MR38 | B68: Concreto hidráulico premezclado MR 38 | C68: m3 | E68: 534000 | F68: 40 | G68: 1500
A69: MR41 | B69: Concreto hidráulico premezclado MR 41 | C69: m3 | E69: 554300 | F69: 40 | G69: 1500
A70: M12 | B70: Mortero 1:2 | C70: m3 | E70: =+BASICOS!H601 -> 619487
A71: M13 | B71: Mortero 1:3 | C71: m3 | E71: =+BASICOS!H669 -> 519987
A72: M13I | B72: Mortero 1:3 - Impermeabilizado | C72: m3 | E72: =+BASICOS!H737 -> 792572
A73: M14 | B73: Mortero 1:4 | C73: m3 | E73: =+BASICOS!H805 -> 462362
A74: M14I | B74: Mortero 1:4 - Impermeabilizado | C74: m3 | E74: =+BASICOS!H873 -> 734947
A75: M15 | B75: Mortero 1:5 | C75: m3 | E75: =+BASICOS!H941 -> 421502
A76: M16 | B76: Mortero 1:6 | C76: m3 | E76: =+BASICOS!H1009 -> 392322
A79: ADITIVOS PARA EL CONCRETO
A80: ACEL | B80: Acelerante de fraguado | C80: kg | D80: 8500 | E80: =ROUND(D80*(1+$E$39),0) -> 10115
A81: IMP | B81: Impermeabilizante para morteros. | C81: kg | E81: 24710
A82: ADH | B82: Adhesivo Ramset Red | C82: fl oz | E82: 3950
A83: IMPER | B83: Impermeabilizante para concretos, plastocrete o silimar. | C83: kg | E83: 24962
A84: ANTI | B84: Antisol | C84: kg | E84: 5250
A85: SIKAR | B85: Sika ROD 6 mm | C85: m | E85: 780
A86: SELLA | B86: Sellador de poliuretano autonivelante | C86: gl | E86: 125000
A90: FERRETERÍA
A91: H60 | B91: Acero de refuerzo de 60.000psi | C91: Kg. | E91: 5200 | F91: 40 | G91: 1700
A92: HN | B92: Alambre cal. 18 | C92: Kg. | E92: 8500
A93: HN12 | B93: Alambre cal 12 | C93: Kg. | D93: 4500 | E93: =ROUND(D93*(1+$E$39),0) -> 5355
A94: A1 | B94: Angulo de 1" x 3/16" | C94: M | E94: 8384
A95: SG | B95: Segueta | C95: Und | E95: 3740
B96: Ángulo de 1 1/2" x 3/16" | C96: M | E96: 16340
A97: A15 | B97: Angulo de 1 1/2"x1 1/2"x1/4" | C97: ML | D97: 12000 | E97: 14641
B98: Angulo de 1 1/2"x1 1/2"x1/4" | E98: =ROUND(D98*(1+$E$39),0) -> 0
A99: A4 | B99: Ángulo de 4 1/4" | C99: ML | D99: 21640 | E99: =ROUND(D99*(1+$E$39),0) -> 25752
A100: A3 | B100: Ángulo de 3 1/4" | C100: ML | D100: 19362.642 | E100: =ROUND(D100*(1+$E$39),0) -> 23042
A101: CEM | B101: Cemento gris tipo Portland. | C101: Kg. | E101: 700
A102: CS | B102: Cinta señalización (Rollo por 500ml) | C102: UND | D102: 31380 | E102: =ROUND(D102*(1+$E$39),0) -> 37342
A103: CT | B103: Cinta teflón | C103: UND | D103: 1255.2 | E103: 8580
A104: SoLi | B104: Soldadura PVC y Limpiador PVC | C104: Glo | D104: 1710.1033 | E104: =ROUND(D104*(1+$E$39),0) -> 2035
A105: VARIOS | B105: Elementos menores varios | C105: Glo | D105: 20000 | E105: =ROUND(D105*(1+$E$39),0) -> 23800
A106: EASF | B106: Emulsión asfáltica/ Liga | C106: Gal | D106: 11970.723 | E106: =ROUND(D106*(1+$E$39),0) -> 14245
A107: MM | B107: Marca Metálica para Huella | C107: UND | D107: 28501.722 | E107: =ROUND(D107*(1+$E$39),0) -> 33917
B108: Madera medio cerco | C108: M | D108: 2333 | E108: =ROUND(D108*(1+$E$39),0) -> 2776
A109: FM | B109: Madera para formaleta | C109: M2 | D109: 25000 | E109: =ROUND(D109*(1+$E$39),0) -> 29750
A110: CODAL | B110: Codales en madera d=0.15 m | C110: m | D110: 1008 | E110: =ROUND(D110*(1+$E$39),0) -> 1200
A111: MALG | B111: Malla para gavión cal 12 tipo invias, 10 x 10 | C111: Unid | D111: 56000 | E111: =ROUND(D111*(1+$E$39),0) -> 66640
A112: MASF | B112: Mezcla asfáltica tipo MDC-2 | C112: M3 | D112: 396743.97 | E112: =ROUND(D112*(1+$E$39),0) -> 472125
A113: PASO | B113: Paso para escalera en hierro de 5/8" (Incluye anticorrosivo) | C113: UND | D113: 14250.861 | E113: =ROUND(D113*(1+$E$39),0) -> 16959
...

Sheet Mem_CALCULO
BL1: MANUAL | BN1: 0 | BP1: RELL. MME | BR1: 0.7095
A2: RED DE ALCANTARILLADO SANITARIO. EMPATE DE LOS COLECTORES EN LOS POZOS POR COTA BATEA | BL2: MECANICA | BN2: 0.8 | BP2: RELL. RECEBO | BR2: 0.2905
BL3: CONGLOMERADO | BN3: 0.17 | BR3: =SUM(BR1:BR2) -> 1
BL4: ROCA | BN4: 0.03
BN5: =SUM(BN1:BN4) -> 1
C7: 42.69
A8: TRAMO | C8: Lon. (m) | D8: ABSCISA (Km + m) | F8: COEFICIENTE DE RUGOSIDAD | G8: Q. Diseño (L/s) | H8: Q. Diseño (m3/s) | I8: PENDIENTE TERRENO | J8: PENDIENTE TUBERIA | K8: DIAMETRO TEORICO | M8: DIAMETRO NOMINAL | N8: DIAMETRO REAL EXTERNO | O8: DIAMETRO REAL INTERNO | P8: Qll (m3/s) | Q8: Vll (m/s) | R8: Q/Qll | S8: V/Vll | T8: d/D | U8: R/Ro | V8: V (m/s) | W8: V2/2g | X8: R (m) | Y8: d (m) | Z8: E (m) | AA8: H/D | AB8: H (m) | AC8: FUERZA TRACTIVA τ (N/m2) | AD8: NF | AE8: TIPO DE FLUJO | AF8: PERDIDAS | AK8: COTA RASANTE | AM8: COTA CLAVE | AO8: COTA BATEA | AQ8: COTA LÁMINA | AS8: COTA ENERGÍA | AU8: PROF. A CLAVE | AW8: PROF. A BATEA | AY8: DIFERENCIA DE BATEA | AZ8: OBSERVACIONES | BH8: REDES DE COLECTORES - EJES DE VIA | CS8: DOMICILIARIAS | DU8: POZOS DE INSPECCIÓN
A9: De | B9: A | D9: INICIAL | E9: FINAL | F9: n | I9: (%) | J9: (%) | K9: m | L9: pulg. | M9: pulg. | N9: m | O9: m | AG9: h. tran. (m) | AH9: Rc/D | AI9: h. Curv. (m) | AJ9: h. Total (m) | AK9: De | AL9: A | AM9: De | AN9: A | AO9: De | AP9: A | AQ9: De | AR9: A | AS9: De | AT9: A | AU9: De | AV9: A | AW9: De | AX9: A | AZ9: MATERIAL | BA9: ANÁLISIS DE CAPACIDAD | BB9: ANÁLISIS DE VELOCIDAD | BC9: ANÁLISIS DE CAPACIDAD DE ARRASTRE | BD9: ANÁLISIS DE PROFUNDIDAD DE EXCAVACIÓN | BF9: OBSERVACIONES Y RECOMENDACIONES | BH9: DIRECCIÓN TRAMO | BI9: DE: | BJ9: A: | BK9: LONG. Eje-Eje | BL9: LONG. Borde Ext. PZ | BM9: ø Tubería | BN9: L. Tubería Borde Int.PZ | BO9: ANCHO | BP9: PROF. BATEA 1 | BQ9: PROF. BATEA 2 | BR9: PROMEDIO+0.10 | BS9: Vol. Total Excav. RED | BT9: Entibado Tipo I (0-2 m) | BU9: Entibado Tipo II (0-4 m) | BV9: Entibado Tipo III (0-5 m) | BW9: Exca. Manual | BX9: Exc. Mecánica | BY9: Exc .Conglomerado | BZ9: Exc .Roca | CA9: - Vol. TUBO | CB9: Vía intervenida | CC9: Tipo de Pavimento | CD9: Reposición Pavimento Flexible | CE9: Reposición Pavimento Rígido | CF9: Espesor Placa | CG9: Volumen placa de pavimento | CH9: Espesor Base y Sub-base | CI9: Vol. Base | CJ9: Vol. Sub-base | CK9: RELLENO EXCEDENTE TOTAL | CL9: Espesor Cama de arena | CM9: Relleno Tipo I ARENA | CN9: Relleno Tipo II RECEBO | CO9: Relleno Tipo III M.M.E. | CP9: Retiro de Material sobrante | CS9: ø. TUBO | CU9: Total Domiciliarias por tramo | CV9: Long. Unit. Domiciliarias | CW9: Long. Total Dom. D:160 mm | CX9: Ancho. Exca. Domiciliarias | CY9: Prof. Prom. Domiciliarias | CZ9: Excavación Manual Domiciliarias | DA9: Entibado Tipo I (0-2 m) | DB9: Entibado Tipo II (0-4 m) | DC9: Entibado Tipo III (0-5 m) | DD9: - Vol. TUBO | DE9: Área total vía intervenida | DF9: Tipo de Pavimento | DG9: Reposición Pavimento Flexible | DH9: Reposición Pavimento Rígido | DI9: Espesor Placa | DJ9: Volumen placa de pavimento | DK9: Espesor Base y Sub-base | DL9: Vol. Base | DM9: Vol. Sub-base | DN9: RELLENO EXCEDENTE TOTAL | DO9: Espesor Cama de arena | DP9: Relleno Tipo I ARENA | DQ9: Relleno Tipo II RECEBO | DR9: Relleno Tipo III M.M.E. | DS9: Retiro de Material Sobrante | DU9: NOMBRE PZ | DV9: Profundidad | DW9: Diámetro Interno PZ | DX9: Diámetro Externo PZ | DY9: -Vol. POZO | DZ9: Ancho Lado 1 | EA9: Ancho Lado 2 | EB9: Vol. Excavación | EC9: Vol. Neto Excavación | ED9: Vol. Relleno Recebo Compactado (55%) | EE9: Vol. Relleno M.M.E. (45%) | EF9: Retiro de Material Sobrante
A10: [1] | B10: [2] | C10: [3] | D10: [4] | E10: [5] | F10: [6] | G10: [7] | H10: [8] | I10: [8-1] | J10: [9] | K10: [10] | L10: [11] | M10: [12] | N10: [13-1] | O10: [13] | P10: [14] | Q10: [15] | R10: [16] | S10: [17] | T10: [18] | U10: [19] | V10: [20] | W10: [21] | X10: [22] | Y10: [23] | Z10: [24] | AA10: [25] | AB10: [26] | AC10: [27] | AD10: [28] | AE10: [29] | AF10: --- | AG10: [30] | AH10: [31] | AI10: [32] | AJ10: [33] | AK10: [34] | AL10: [35] | AM10: [36] | AN10: [37] | AO10: [38] | AP10: [39] | AQ10: [40] | AR10: [41] | AS10: [42] | AT10: [43] | AU10: [44] | AV10: [45] | AW10: [46] | AX10: [47] | BD10: Inicial | BE10: Final | BF10: [48] | BL10: m | BO10: m | BP10: m | BQ10: m | BR10: m | BS10: m3 | BT10: m2 | BU10: m2 | BV10: m2 | BW10: m3 | BX10: m3 | BY10: m3 | BZ10: m3 | CA10: m3 | CB10: m2 | CC10: m2 | CD10: m2 | CE10: m2 | CG10: m3 | CH10: m | CI10: m3 | CJ10: m3 | CK10: m3 | CM10: m3 | CN10: m3 | CO10: m3 | CS10: inch | CT10: mm | CU10: Und. | DD10: m3 | DE10: m2 | DF10: m2 | DG10: m2 | DH10: m2 | DJ10: m3 | DK10: m | DL10: m3 | DM10: m3 | DN10: m3 | DO10: (m) | DP10: m3 | DQ10: m3 | DR10: m3 | DS10: m3 | DU10: Und. | DV10: (m) | DX10: (m) | DY10: (m2) | DZ10: (m) | EA10: (m) | EB10: (m3) | EC10: (m3) | ED10: (m3) | EE10: (m3) | EF10: (m3)
A11: VIA PRIPNCIPAL-TRAMO 1 | BH11: =A11 -> VIA PRIPNCIPAL-TRAMO 1 | BK11: =IF(C11="","",ROUND( C11,2)) | BL11: =IF(BK11="","",ROUND((BK11-1.2),2)) | BM11: =IF(M11="","",M11) | BN11: =IF(BK11="","",ROUND((BK11),2)) | BP11: =IF(BK11="","",ROUND((AK11-AO11),2)) | BQ11: =IF(BK11="","",ROUND((AL11-AP11),2)) | BR11: =IF(BK11="","",ROUND((BP11+BQ11)/2+0.1,2)) | BS11: =IF(BK11="","",ROUND( BR11*BO11*BL11,2)) | BW11: =IF(BK11="","",ROUND( BS11*$BN$1,2)) | BX11: =IF(BK11="","",ROUND(BS11*$BN$2,2)) | BY11: =IF(BK11="","",ROUND(BS11*$BN$3,2)) | CA11: =IF(BK11="","",ROUND( (PI()*((CS11*0.0254)^2)/4)*BL11,2)) | CB11: =IF(BK11="","",ROUND(BL11*BO11,2)) | CD11: =IF(BK11="","",ROUND(IF(CC11="F",CB11,0),2)) | CE11: =IF(BK11="","",ROUND(IF(CC11="R",CB11,0),2)) | CF11: =IF(CC11="","",IF(CC11="R",0.15,IF(CC11="F",0.07,IF(CC11="D",0)))) | CG11: =IF(BK11="","",ROUND(IF(CB11="","",CB11*CF11),2)) | CI11: =IF(BK11="","",ROUND(CB11*0.2,2)) | CJ11: =IF(BK11="","",ROUND(IF(CC11="F",(CH11*CB11),IF(CC11="R",0,0)),2)) | CK11: =IF(BK11="","",ROUND(BS11-(CA11+CG11+CI11+CJ11+CM11),2)) | CL11: =IF(BK11="","",0.1) | CM11: =IF(BK11="","",ROUND((BL11*BO11)*0.1,2)) | CN11: =IF(BK11="","",ROUND(CK11*$BR$2,2)) | CO11: =IF(BK11="","",ROUND(CK11*$BR$1,2)) | CP11: =IF(BK11="","",ROUND(BS11-(CA11+CO11),2)) | CY11: =IF(BK11="","",ROUND((1+BR11)/2,2)) | CZ11: =IF(BK11="","",ROUND(CV11*CX11*CY11*CU11,2)) | DA11: =IF(BK11="","",ROUND( IF(AND(CY11>=1.5, CY11<2),(CY11*CW11),0),2)) | DB11: =IF(BK11="","",ROUND(IF(AND(CY11>=2, CY11<4),(CY11*CW11),0),2)) | DC11: =IF(BK11="","",ROUND(IF(CY11>=4,(CY11*CW11),0),2)) | DD11: =IF(BK11="","",ROUND((PI()*((6*0.0254)^2)/4)*CW11,2)) | DE11: =IF(BK11="","",ROUND(CW11*CX11,2)) | DG11: =IF(BK11="","",ROUND(IF(DF11="F",DE11,0),2)) | DH11: =IF(BK11="","",ROUND( IF(DF11="R",DE11,0),2)) | DI11: =IF(DF11="","",IF(DF11="R",0.15,IF(DF11="F",0.07,IF(DF11="D",0)))) | DJ11: =IF(BK11="","",ROUND(IF(DE11="","",DE11*DI11),2)) | DL11: =IF(BK11="","",ROUND( DE11*DK11,2)) | DM11: =IF(BK11="","",ROUND(IF(DF11="F",(DK11*DE11),IF(DF11="R",0,0)),2)) | DN11: =IF(BK11="","",ROUND(CZ11-(DD11+DJ11+DL11+DM11+DP11),2)) | DO11: =IF(BK11="","",0.1) | DQ11: =IF(BK11="","",ROUND(DN11*$BR$2,2)) | DR11: =IF(BK11="","",ROUND(DN11*$BR$1,2)) | DS11: =IF(BK11="","",ROUND(CZ11-(DD11+DR11),2))
A12: PZ-1 | B12: PZ-2 | C12: 42.69 | D12: 0 | E12: 42.69 | F12: 0.015 | G12: 1.5 | H12: 0.0015 | I12: 0.10634809 | J12: 0.1065 | K12: 0.042580558 | L12: 1.6763999 | M12: 8 | N12: 0.2 | O12: 0.182 | P12: 0.072209639 | Q12: 2.7756295 | R12: 0.02 | S12: 0.362 | T12: 0.124 | U12: 0.315 | V12: 1.0047779 | W12: 0.051456606 | X12: 0.0143325 | Y12: 0.022568 | Z12: 0.074024606 | AA12: 0.067 | AB12: 0.012194 | AC12: 14.974094 | AD12: 2.9051093 | AE12: Supercrítico | AF12: 0 | AG12: 0 | AH12: 3.2967033 | AI12: 0.0012864152 | AJ12: 0.0012864152 | AK12: 948.92 | AL12: 944.38 | AM12: 947.72 | AN12: 943.17351 | AO12: 947.52 | AP12: 942.97351 | AQ12: 947.54257 | AR12: 942.99608 | AS12: 947.59402 | AT12: 943.04754 | AU12: 1.2 | AV12: 1.206485 | AW12: 1.4 | AX12: 1.406485 | AY12: 0.02 | AZ12: PVC | BA12: Suficiente | BB12: Velocidad NORMAL | BC12: Superior al rango | BD12: Normal | BE12: Normal | BI12: =A12 -> PZ-1 | BJ12: =B12 -> PZ-2 | BK12: =IF(C12="","",ROUND( C12,2)) -> 42.69 | BL12: =IF(BK12="","",ROUND((BK12-1.6),2)) -> 41.09 | BM12: =IF(M12="","",M12) -> 8 | BN12: =IF(BK12="","",ROUND((BK12-1.2),2)) -> 41.49 | BO12: =IF(M12=6,0.5,IF(M12=8,0.6,IF(M12=10,0.65,IF(M12=12,0.7,IF(M12=14,0.75,IF(M12=16,0.8,IF(M12=18,0.85,""))))))) -> 0.6 | BP12: =IF(BK12="","",ROUND((AK12-AO12),2)) -> 1.4 | BQ12: =IF(BK12="","",ROUND((AL12-AP12),2)) -> 1.41 | BR12: =IF(BK12="","",ROUND((BP12+BQ12)/2+0.1,2)) -> 1.51 | BS12: =IF(BK12="","",ROUND( BR12*BO12*BL12,2)) -> 37.23 | BT12: =IF(AND(BR12>=1.5, BR12<2),(BR12*BL12),0) -> 62.0459 | BU12: =IF(AND(BR12>=2, BR12<4),(BR12*BL12),0)*0.78 -> 0 | BV12: =IF(BR12>=4,(BR12*BL12),0) -> 0 | BW12: =IF(BK12="","",ROUND( BS12*$BN$1,2)) -> 0 | BX12: =IF(BK12="","",ROUND(BS12*$BN$2,2)) -> 29.78 | BY12: =IF(BK12="","",ROUND(BS12*$BN$3,2)) -> 6.33 | BZ12: =IF(BL12="","",ROUND(BS12*$BN$4,2)) -> 1.12 | CA12: =IF(BK12="","",ROUND( (PI()*((BM12*0.0254)^2)/4)*BL12,2)) -> 1.33 | CB12: =IF(BK12="","",ROUND(BL12*BO12,2)) -> 24.65 | CC12: D | CD12: =IF(BK12="","",ROUND(IF(CC12="F",CB12,0),2)) -> 0 | CE12: =IF(BK12="","",ROUND(IF(CC12="R",CB12,0),2)) -> 0 | CF12: =IF(CC12="","",IF(CC12="R",0.2,IF(CC12="F",0.07,IF(CC12="D",0)))) -> 0 | CG12: =IF(BK12="","",ROUND(IF(CB12="","",CB12*CF12),2)) -> 0 | CH12: 0.3 | CI12: =ROUND(IF(BK12="","",IF(OR(CC12="R",CC12="F"),(CH12*CB12),0)),2) -> 0 | CJ12: =IF(BK12="","",ROUND(IF(CC12="F",CB12*CH12,0),2)) -> 0 | CK12: =IF(BK12="","",ROUND(BS12-(CA12+CG12+CI12+CJ12+CM12),2)) -> 33.43 | CL12: =IF(BK12="","",0.1) -> 0.1 | CM12: =IF(BK12="","",ROUND((BL12*BO12)*0.1,2)) -> 2.47 | CN12: =IF(BK12="","",ROUND(CK12*$BR$2,2)) -> 9.71 | CO12: =IF(BK12="","",ROUND(CK12*$BR$1,2)) -> 23.72 | CP12: =IF(BK12="","",ROUND(BS12-(CO12),2)) -> 13.51 | CS12: =+M12 -> 8 | CT12: =IF(M12=6,160,IF(M12=8,200,IF(M12=10,250,IF(M12=12,315,IF(M12=14,350,IF(M12=16,400,IF(M12=18,450,""))))))) -> 200 | CU12: 2 | CV12: 17.35 | CW12: =+CV12*CU12 -> 34.7 | CX12: =+IF(CY12>=2,0.8,0.6) -> 0.6 | CY12: =IF(BK12="","",ROUND((1+BR12)/2,2)) -> 1.26 | CZ12: =IF(BK12="","",ROUND(CV12*CX12*CY12*CU12,2)) -> 26.23 | DA12: =IF(BK12="","",ROUND( IF(AND(CY12>=1.5, CY12<2),(CY12*CW12),0),2)) -> 0 | DB12: =IF(BK12="","",ROUND(IF(AND(CY12>=2, CY12<4),(CY12*CW12),0),2)) -> 0 | DC12: =IF(BK12="","",ROUND(IF(CY12>=4,(CY12*CW12),0),2)) -> 0 | DD12: =IF(BK12="","",ROUND((PI()*((6*0.0254)^2)/4)*CW12,2)) -> 0.63 | DE12: =IF(BK12="","",ROUND(CW12*CX12,2)) -> 20.82 | DF12: D | DG12: =IF(BK12="","",ROUND(IF(DF12="F",DE12,0),2)) -> 0 | DH12: =IF(BK12="","",ROUND( IF(DF12="R",DE12,0),2)) -> 0 | DI12: =IF(DF12="","",IF(DF12="R",0.2,IF(DF12="F",0.07,IF(DF12="D",0)))) -> 0 | DJ12: =IF(BK12="","",ROUND(IF(DE12="","",DE12*DI12),2)) -> 0 | DK12: 0.3 | DL12: =ROUND(IF(CO12="","",IF(OR(DF12="R",DF12="F"),(DK12*DE12),0)),2) -> 0 | DM12: =IF(CO12="","",ROUND(IF(DF12="F",DE12*DK12,0),2)) -> 0 | DN12: =IF(BK12="","",ROUND(CZ12-(DD12+DJ12+DL12+DM12+DP12),2)) -> 23.52 | DO12: =IF(BK12="","",0.1) -> 0.1 | DP12: =+DE12*DO12 -> 2.082 | DQ12: =IF(BK12="","",ROUND(DN12*0.2,2)) -> 4.7 | DR12: =IF(BK12="","",ROUND(DN12*0.8,2)) -> 18.82 | DS12: =IF(BK12="","",ROUND(CZ12-(DD12+DR12),2)) -> 6.78 | DU12: =+A12 -> PZ-1 | DV12: =+BP12+0.2 -> 1.6 | DW12: 1.2 | DX12: 1.6 | DY12: =+((PI()*DX12^2)/4)*DV12*-1 -> -3.2169909 | DZ12: 1.6 | EA12: 1.6 | EB12: =+(DZ12*EA12*DV12) -> 4.096 | EC12: =+EB12+DY12 -> 0.87900912 | ED12: =+EC12*0.55 -> 0.48345502 | EE12: =+EC12*0.45 -> 0.39555411 | EF12: =+ED12 -> 0.48345502
A13: PZ-2 | B13: PZ-3 | C13: 57.882 | D13: 42.69 | E13: 100.572 | F13: 0.015 | G13: 1.5 | H13: 0.0015 | I13: 0.071352061 | J13: 0.071 | K13: 0.045943964 | L13: 1.8088175 | M13: 8 | N13: 0.2 | O13: 0.182 | P13: 0.058958923 | Q13: 2.266292 | R13: 0.03 | S13: 0.4 | T13: 0.148 | U13: 0.37 | V13: 0.90651681 | W13: 0.041884441 | X13: 0.016835 | Y13: 0.026936 | Z13: 0.068820441 | AA13: 0.086 | AB13: 0.015652 | AC13: 11.725746 | AD13: 2.3134304 | AE13: Supercrítico | AF13: -0.0095721654 | AG13: 0.0019144331 | AH13: 3.2967033 | AI13: 0.0023335262 | AJ13: 0.0042479593 | AK13: 944.38 | AL13: 940.25 | AM13: 943.15351 | AN13: 939.04389 | AO13: 942.95351 | AP13: 938.84389 | AQ13: 942.98045 | AR13: 938.87083 | AS13: 943.04625 | AT13: 938.93663 | AU13: 1.226485 | AV13: 1.206107 | AW13: 1.426485 | AX13: 1.406107 | AY13: 0.203612 | AZ13: PVC | BA13: Suficiente | BB13: Velocidad NORMAL | BC13: Superior al rango | BD13: Normal | BE13: Normal | BI13: =A13 -> PZ-2 | BJ13: =B13 -> PZ-3 | BK13: =IF(C13="","",ROUND( C13,2)) -> 57.88 | BL13: =IF(BK13="","",ROUND((BK13-1.6),2)) -> 56.28 | BM13: =IF(M13="","",M13) -> 8 | BN13: =IF(BK13="","",ROUND((BK13-1.2),2)) -> 56.68 | BO13: =IF(M13=6,0.5,IF(M13=8,0.6,IF(M13=10,0.65,IF(M13=12,0.7,IF(M13=14,0.75,IF(M13=16,0.8,IF(M13=18,0.85,""))))))) -> 0.6 | BP13: =IF(BK13="","",ROUND((AK13-AO13),2)) -> 1.43 | BQ13: =IF(BK13="","",ROUND((AL13-AP13),2)) -> 1.41 | BR13: =IF(BK13="","",ROUND((BP13+BQ13)/2+0.1,2)) -> 1.52 | BS13: =IF(BK13="","",ROUND( BR13*BO13*BL13,2)) -> 51.33 | BT13: =IF(AND(BR13>=1.5, BR13<2),(BR13*BL13),0) -> 85.5456 | BU13: =IF(AND(BR13>=2, BR13<4),(BR13*BL13),0)*0.78 -> 0 | BV13: =IF(BR13>=4,(BR13*BL13),0) -> 0 | BW13: =IF(BK13="","",ROUND( BS13*$BN$1,2)) -> 0 | BX13: =IF(BK13="","",ROUND(BS13*$BN$2,2)) -> 41.06 | BY13: =IF(BK13="","",ROUND(BS13*$BN$3,2)) -> 8.73 | BZ13: =IF(BL13="","",ROUND(BS13*$BN$4,2)) -> 1.54 | CA13: =IF(BK13="","",ROUND( (PI()*((BM13*0.0254)^2)/4)*BL13,2)) -> 1.83 | CB13: =IF(BK13="","",ROUND(BL13*BO13,2)) -> 33.77 | CC13: D | CD13: =IF(BK13="","",ROUND(IF(CC13="F",CB13,0),2)) -> 0 | CE13: =IF(BK13="","",ROUND(IF(CC13="R",CB13,0),2)) -> 0 | CF13: =IF(CC13="","",IF(CC13="R",0.2,IF(CC13="F",0.07,IF(CC13="D",0)))) -> 0 | CG13: =IF(BK13="","",ROUND(IF(CB13="","",CB13*CF13),2)) -> 0 | CH13: 0.3 | CI13: =ROUND(IF(BK13="","",IF(OR(CC13="R",CC13="F"),(CH13*CB13),0)),2) -> 0 | CJ13: =IF(BK13="","",ROUND(IF(CC13="F",CB13*CH13,0),2)) -> 0 | CK13: =IF(BK13="","",ROUND(BS13-(CA13+CG13+CI13+CJ13+CM13),2)) -> 46.12 | CL13: =IF(BK13="","",0.1) -> 0.1 | CM13: =IF(BK13="","",ROUND((BL13*BO13)*0.1,2)) -> 3.38 | CN13: =IF(BK13="","",ROUND(CK13*$BR$2,2)) -> 13.4 | CO13: =IF(BK13="","",ROUND(CK13*$BR$1,2)) -> 32.72 | CP13: =IF(BK13="","",ROUND(BS13-(CO13),2)) -> 18.61 | CS13: =+M13 -> 8 | CT13: =IF(M13=6,160,IF(M13=8,200,IF(M13=10,250,IF(M13=12,315,IF(M13=14,350,IF(M13=16,400,IF(M13=18,450,""))))))) -> 200 | CU13: 2 | CV13: 8.35 | CW13: =+CV13*CU13 -> 16.7 | CX13: =+IF(CY13>=2,0.8,0.6) -> 0.6 | CY13: =IF(BK13="","",ROUND((1+BR13)/2,2)) -> 1.26 | CZ13: =IF(BK13="","",ROUND(CV13*CX13*CY13*CU13,2)) -> 12.63 | DA13: =IF(BK13="","",ROUND( IF(AND(CY13>=1.5, CY13<2),(CY13*CW13),0),2)) -> 0 | DB13: =IF(BK13="","",ROUND(IF(AND(CY13>=2, CY13<4),(CY13*CW13),0),2)) -> 0 | DC13: =IF(BK13="","",ROUND(IF(CY13>=4,(CY13*CW13),0),2)) -> 0 | DD13: =IF(BK13="","",ROUND((PI()*((6*0.0254)^2)/4)*CW13,2)) -> 0.3 | DE13: =IF(BK13="","",ROUND(CW13*CX13,2)) -> 10.02 | DF13: =+CC13 -> D | DG13: =IF(BK13="","",ROUND(IF(DF13="F",DE13,0),2)) -> 0 | DH13: =IF(BK13="","",ROUND( IF(DF13="R",DE13,0),2)) -> 0 | DI13: =IF(DF13="","",IF(DF13="R",0.2,IF(DF13="F",0.07,IF(DF13="D",0)))) -> 0 | DJ13: =IF(BK13="","",ROUND(IF(DE13="","",DE13*DI13),2)) -> 0 | DK13: 0.3 | DL13: =ROUND(IF(CO13="","",IF(OR(DF13="R",DF13="F"),(DK13*DE13),0)),2) -> 0 | DM13: =IF(CO13="","",ROUND(IF(DF13="F",DE13*DK13,0),2)) -> 0 | DN13: =IF(BK13="","",ROUND(CZ13-(DD13+DJ13+DL13+DM13+DP13),2)) -> 11.33 | DO13: =IF(BK13="","",0.1) -> 0.1 | DP13: =+DE13*DO13 -> 1.002 | DQ13: =IF(BK13="","",ROUND(DN13*0.2,2)) -> 2.27 | DR13: =IF(BK13="","",ROUND(DN13*0.8,2)) -> 9.06 | DS13: =IF(BK13="","",ROUND(CZ13-(DD13+DR13),2)) -> 3.27 | DU13: =+A13 -> PZ-2 | DV13: =+BP13+0.2 -> 1.63 | DW13: 1.2 | DX13: 1.6 | DY13: =+((PI()*DX13^2)/4)*DV13*-1 -> -3.2773095 | DZ13: 1.6 | EA13: 1.6 | EB13: =+(DZ13*EA13*DV13) -> 4.1728 | EC13: =+EB13+DY13 -> 0.89549054 | ED13: =+EC13*0.55 -> 0.4925198 | EE13: =+EC13*0.45 -> 0.40297074 | EF13: =+ED13 -> 0.4925198
A14: PZ-3 | B14: PZ-4 | C14: 23.552 | D14: 100.572 | E14: 124.124 | F14: 0.015 | G14: 8.1 | H14: 0.0081 | I14: 0.025475543 | J14: 0.018 | K14: 0.11184677 | L14: 4.4034163 | M14: 8 | N14: 0.2 | O14: 0.182 | P14: 0.029686338 | Q14: 1.141098 | R14: 0.27 | S14: 0.706 | T14: 0.4 | U14: 0.86 | V14: 0.8056152 | W14: 0.033079299 | X14: 0.03913 | Y14: 0.0728 | Z14: 0.1058793 | AA14: 0.3 | AB14: 0.0546 | AC14: 6.9095754 | AD14: 1.1007706 | AE14: Supercrítico | AF14: -0.0088051418 | AG14: 0.0017610284 | AH14: 3.2967033 | AI14: 0.0018740935 | AJ14: 0.0036351219 | AK14: 940.25 | AL14: 939.65 | AM14: 938.84028 | AN14: 938.41635 | AO14: 938.64028 | AP14: 938.21635 | AQ14: 938.71308 | AR14: 938.28915 | AS14: 938.93238 | AT14: 938.50845 | AU14: 1.409719 | AV14: 1.233655 | AW14: 1.609719 | AX14: 1.433655 | AY14: 0.0320685 | AZ14: PVC | BA14: Suficiente | BB14: Velocidad NORMAL | BC14: Superior al rango | BD14: Normal | BE14: Normal | BF14: Se conecta el TRAMO-2 y el TRAMO-3 | BI14: =A14 -> PZ-3 | BJ14: =B14 -> PZ-4 | BK14: =IF(C14="","",ROUND( C14,2)) -> 23.55 | BL14: =IF(BK14="","",ROUND((BK14-1.6),2)) -> 21.95 | BM14: =IF(M14="","",M14) -> 8 | BN14: =IF(BK14="","",ROUND((BK14-1.2),2)) -> 22.35 | BO14: =IF(M14=6,0.5,IF(M14=8,0.6,IF(M14=10,0.65,IF(M14=12,0.7,IF(M14=14,0.75,IF(M14=16,0.8,IF(M14=18,0.85,""))))))) -> 0.6 | BP14: =IF(BK14="","",ROUND((AK14-AO14),2)) -> 1.61 | BQ14: =IF(BK14="","",ROUND((AL14-AP14),2)) -> 1.43 | BR14: =IF(BK14="","",ROUND((BP14+BQ14)/2+0.1,2)) -> 1.62 | BS14: =IF(BK14="","",ROUND( BR14*BO14*BL14,2)) -> 21.34 | BT14: =IF(AND(BR14>=1.5, BR14<2),(BR14*BL14),0) -> 35.559 | BU14: =IF(AND(BR14>=2, BR14<4),(BR14*BL14),0)*0.78 -> 0 | BV14: =IF(BR14>=4,(BR14*BL14),0) -> 0 | BW14: =IF(BK14="","",ROUND( BS14*$BN$1,2)) -> 0 | BX14: =IF(BK14="","",ROUND(BS14*$BN$2,2)) -> 17.07 | BY14: =IF(BK14="","",ROUND(BS14*$BN$3,2)) -> 3.63 | BZ14: =IF(BL14="","",ROUND(BS14*$BN$4,2)) -> 0.64 | CA14: =IF(BK14="","",ROUND( (PI()*((BM14*0.0254)^2)/4)*BL14,2)) -> 0.71 | CB14: =IF(BK14="","",ROUND(BL14*BO14,2)) -> 13.17 | CC14: D | CD14: =IF(BK14="","",ROUND(IF(CC14="F",CB14,0),2)) -> 0 | CE14: =IF(BK14="","",ROUND(IF(CC14="R",CB14,0),2)) -> 0 | CF14: =IF(CC14="","",IF(CC14="R",0.2,IF(CC14="F",0.07,IF(CC14="D",0)))) -> 0 | CG14: =IF(BK14="","",ROUND(IF(CB14="","",CB14*CF14),2)) -> 0 | CH14: 0.3 | CI14: =ROUND(IF(BK14="","",IF(OR(CC14="R",CC14="F"),(CH14*CB14),0)),2) -> 0 | CJ14: =IF(BK14="","",ROUND(IF(CC14="F",CB14*CH14,0),2)) -> 0 | CK14: =IF(BK14="","",ROUND(BS14-(CA14+CG14+CI14+CJ14+CM14),2)) -> 19.31 | CL14: =IF(BK14="","",0.1) -> 0.1 | CM14: =IF(BK14="","",ROUND((BL14*BO14)*0.1,2)) -> 1.32 | CN14: =IF(BK14="","",ROUND(CK14*$BR$2,2)) -> 5.61 | CO14: =IF(BK14="","",ROUND(CK14*$BR$1,2)) -> 13.7 | CP14: =IF(BK14="","",ROUND(BS14-(CO14),2)) -> 7.64 | CS14: =+M14 -> 8 | CT14: =IF(M14=6,160,IF(M14=8,200,IF(M14=10,250,IF(M14=12,315,IF(M14=14,350,IF(M14=16,400,IF(M14=18,450,""))))))) -> 200 | CU14: 1 | CV14: 13.5 | CW14: =+CV14*CU14 -> 13.5 | CX14: =+IF(CY14>=2,0.8,0.6) -> 0.6 | CY14: =IF(BK14="","",ROUND((1+BR14)/2,2)) -> 1.31 | CZ14: =IF(BK14="","",ROUND(CV14*CX14*CY14*CU14,2)) -> 10.61 | DA14: =IF(BK14="","",ROUND( IF(AND(CY14>=1.5, CY14<2),(CY14*CW14),0),2)) -> 0 | DB14: =IF(BK14="","",ROUND(IF(AND(CY14>=2, CY14<4),(CY14*CW14),0),2)) -> 0 | DC14: =IF(BK14="","",ROUND(IF(CY14>=4,(CY14*CW14),0),2)) -> 0 | DD14: =IF(BK14="","",ROUND((PI()*((6*0.0254)^2)/4)*CW14,2)) -> 0.25 | DE14: =IF(BK14="","",ROUND(CW14*CX14,2)) -> 8.1 | DF14: =+CC14 -> D | DG14: =IF(BK14="","",ROUND(IF(DF14="F",DE14,0),2)) -> 0 | DH14: =IF(BK14="","",ROUND( IF(DF14="R",DE14,0),2)) -> 0 | DI14: =IF(DF14="","",IF(DF14="R",0.2,IF(DF14="F",0.07,IF(DF14="D",0)))) -> 0 | DJ14: =IF(BK14="","",ROUND(IF(DE14="","",DE14*DI14),2)) -> 0 | DK14: 0.3 | DL14: =ROUND(IF(CO14="","",IF(OR(DF14="R",DF14="F"),(DK14*DE14),0)),2) -> 0 | DM14: =IF(CO14="","",ROUND(IF(DF14="F",DE14*DK14,0),2)) -> 0 | DN14: =IF(BK14="","",ROUND(CZ14-(DD14+DJ14+DL14+DM14+DP14),2)) -> 9.55 | DO14: =IF(BK14="","",0.1) -> 0.1 | DP14: =+DE14*DO14 -> 0.81 | DQ14: =IF(BK14="","",ROUND(DN14*0.2,2)) -> 1.91 | DR14: =IF(BK14="","",ROUND(DN14*0.8,2)) -> 7.64 | DS14: =IF(BK14="","",ROUND(CZ14-(DD14+DR14),2)) -> 2.72 | DU14: =+A14 -> PZ-3 | DV14: =+BP14+0.2 -> 1.81 | DW14: 1.2 | DX14: 1.6 | DY14: =+((PI()*DX14^2)/4)*DV14*-1 -> -3.6392209 | DZ14: 1.6 | EA14: 1.6 | EB14: =+(DZ14*EA14*DV14) -> 4.6336 | EC14: =+EB14+DY14 -> 0.99437907 | ED14: =+EC14*0.55 -> 0.54690849 | EE14: =+EC14*0.45 -> 0.44747058 | EF14: =+ED14 -> 0.54690849
A15: PZ-4 | B15: PZ-5 | C15: 59.786 | D15: 124.124 | E15: 183.91 | F15: 0.015 | G15: 9.87 | H15: 0.00987 | I15: 0.030776436 | J15: 0.031 | K15: 0.10877868 | L15: 4.2826253 | M15: 8 | N15: 0.2 | O15: 0.182 | P15: 0.038958409 | Q15: 1.4975025 | R15: 0.25 | S15: 0.695 | T15: 0.386 | U15: 0.836 | V15: 1.0407642 | W15: 0.055208468 | X15: 0.038038 | Y15: 0.070252 | Z15: 0.12546047 | AA15: 0.287 | AB15: 0.052234 | AC15: 11.567736 | AD15: 1.4539223 | AE15: Supercrítico | AF15: 0.022129169 | AG15: 0.0022129169 | AH15: 3.2967033 | AI15: 0.0022071942 | AJ15: 0.004420111 | AK15: 939.65 | AL15: 937.81 | AM15: 938.38428 | AN15: 936.53091 | AO15: 938.18428 | AP15: 936.33091 | AQ15: 938.25453 | AR15: 936.40116 | AS15: 938.50481 | AT15: 936.65145 | AU15: 1.2657235 | AV15: 1.2790895 | AW15: 1.4657235 | AX15: 1.4790895 | AY15: 0.02 | AZ15: PVC | BA15: Suficiente | BB15: Velocidad NORMAL | BC15: Superior al rango | BD15: Normal | BE15: Normal | BF15: Se conecta el TRAMO-4 | BI15: =A15 -> PZ-4 | BJ15: =B15 -> PZ-5 | BK15: =IF(C15="","",ROUND( C15,2)) -> 59.79 | BL15: =IF(BK15="","",ROUND((BK15-1.6),2)) -> 58.19 | BM15: =IF(M15="","",M15) -> 8 | BN15: =IF(BK15="","",ROUND((BK15-1.2),2)) -> 58.59 | BO15: =IF(M15=6,0.5,IF(M15=8,0.6,IF(M15=10,0.65,IF(M15=12,0.7,IF(M15=14,0.75,IF(M15=16,0.8,IF(M15=18,0.85,""))))))) -> 0.6 | BP15: =IF(BK15="","",ROUND((AK15-AO15),2)) -> 1.47 | BQ15: =IF(BK15="","",ROUND((AL15-AP15),2)) -> 1.48 | BR15: =IF(BK15="","",ROUND((BP15+BQ15)/2+0.1,2)) -> 1.58 | BS15: =IF(BK15="","",ROUND( BR15*BO15*BL15,2)) -> 55.16 | BT15: =IF(AND(BR15>=1.5, BR15<2),(BR15*BL15),0) -> 91.9402 | BU15: =IF(AND(BR15>=2, BR15<4),(BR15*BL15),0)*0.78 -> 0 | BV15: =IF(BR15>=4,(BR15*BL15),0) -> 0 | BW15: =IF(BK15="","",ROUND( BS15*$BN$1,2)) -> 0 | BX15: =IF(BK15="","",ROUND(BS15*$BN$2,2)) -> 44.13 | BY15: =IF(BK15="","",ROUND(BS15*$BN$3,2)) -> 9.38 | BZ15: =IF(BL15="","",ROUND(BS15*$BN$4,2)) -> 1.65 | CA15: =IF(BK15="","",ROUND( (PI()*((BM15*0.0254)^2)/4)*BL15,2)) -> 1.89 | CB15: =IF(BK15="","",ROUND(BL15*BO15,2)) -> 34.91 | CC15: D | CD15: =IF(BK15="","",ROUND(IF(CC15="F",CB15,0),2)) -> 0 | CE15: =IF(BK15="","",ROUND(IF(CC15="R",CB15,0),2)) -> 0 | CF15: =IF(CC15="","",IF(CC15="R",0.2,IF(CC15="F",0.07,IF(CC15="D",0)))) -> 0 | CG15: =IF(BK15="","",ROUND(IF(CB15="","",CB15*CF15),2)) -> 0 | CH15: 0.3 | CI15: =ROUND(IF(BK15="","",IF(OR(CC15="R",CC15="F"),(CH15*CB15),0)),2) -> 0 | CJ15: =IF(BK15="","",ROUND(IF(CC15="F",CB15*CH15,0),2)) -> 0 | CK15: =IF(BK15="","",ROUND(BS15-(CA15+CG15+CI15+CJ15+CM15),2)) -> 49.78 | CL15: =IF(BK15="","",0.1) -> 0.1 | CM15: =IF(BK15="","",ROUND((BL15*BO15)*0.1,2)) -> 3.49 | CN15: =IF(BK15="","",ROUND(CK15*$BR$2,2)) -> 14.46 | CO15: =IF(BK15="","",ROUND(CK15*$BR$1,2)) -> 35.32 | CP15: =IF(BK15="","",ROUND(BS15-(CO15),2)) -> 19.84 | CS15: =+M15 -> 8 | CT15: =IF(M15=6,160,IF(M15=8,200,IF(M15=10,250,IF(M15=12,315,IF(M15=14,350,IF(M15=16,400,IF(M15=18,450,""))))))) -> 200 | CU15: 3 | CV15: 15.3 | CW15: =+CV15*CU15 -> 45.9 | CX15: =+IF(CY15>=2,0.8,0.6) -> 0.6 | CY15: =IF(BK15="","",ROUND((1+BR15)/2,2)) -> 1.29 | CZ15: =IF(BK15="","",ROUND(CV15*CX15*CY15*CU15,2)) -> 35.53 | DA15: =IF(BK15="","",ROUND( IF(AND(CY15>=1.5, CY15<2),(CY15*CW15),0),2)) -> 0 | DB15: =IF(BK15="","",ROUND(IF(AND(CY15>=2, CY15<4),(CY15*CW15),0),2)) -> 0 | DC15: =IF(BK15="","",ROUND(IF(CY15>=4,(CY15*CW15),0),2)) -> 0 | DD15: =IF(BK15="","",ROUND((PI()*((6*0.0254)^2)/4)*CW15,2)) -> 0.84 | DE15: =IF(BK15="","",ROUND(CW15*CX15,2)) -> 27.54 | DF15: =+CC15 -> D | DG15: =IF(BK15="","",ROUND(IF(DF15="F",DE15,0),2)) -> 0 | DH15: =IF(BK15="","",ROUND( IF(DF15="R",DE15,0),2)) -> 0 | DI15: =IF(DF15="","",IF(DF15="R",0.2,IF(DF15="F",0.07,IF(DF15="D",0)))) -> 0 | DJ15: =IF(BK15="","",ROUND(IF(DE15="","",DE15*DI15),2)) -> 0 | DK15: 0.3 | DL15: =ROUND(IF(CO15="","",IF(OR(DF15="R",DF15="F"),(DK15*DE15),0)),2) -> 0 | DM15: =IF(CO15="","",ROUND(IF(DF15="F",DE15*DK15,0),2)) -> 0 | DN15: =IF(BK15="","",ROUND(CZ15-(DD15+DJ15+DL15+DM15+DP15),2)) -> 31.94 | DO15: =IF(BK15="","",0.1) -> 0.1 | DP15: =+DE15*DO15 -> 2.754 | DQ15: =IF(BK15="","",ROUND(DN15*0.2,2)) -> 6.39 | DR15: =IF(BK15="","",ROUND(DN15*0.8,2)) -> 25.55 | DS15: =IF(BK15="","",ROUND(CZ15-(DD15+DR15),2)) -> 9.14 | DU15: =+A15 -> PZ-4 | DV15: =+BP15+0.2 -> 1.67 | DW15: 1.2 | DX15: 1.6 | DY15: =+((PI()*DX15^2)/4)*DV15*-1 -> -3.3577342 | DZ15: 1.6 | EA15: 1.6 | EB15: =+(DZ15*EA15*DV15) -> 4.2752 | EC15: =+EB15+DY15 -> 0.91746577 | ED15: =+EC15*0.55 -> 0.50460617 | EE15: =+EC15*0.45 -> 0.4128596 | EF15: =+ED15 -> 0.50460617
A16: PZ-5 | B16: PZ-6 | C16: 69.86 | D16: 183.91 | E16: 253.77 | F16: 0.015 | G16: 13.32 | H16: 0.01332 | I16: 0.054394503 | J16: 0.0535 | K16: 0.10988235 | L16: 4.3260767 | M16: 8 | N16: 0.2 | O16: 0.182 | P16: 0.051179644 | Q16: 1.9672683 | R16: 0.26 | S16: 0.7 | T16: 0.393 | U16: 0.848 | V16: 1.3770878 | W16: 0.096654984 | X16: 0.038584 | Y16: 0.071526 | Z16: 0.16818098 | AA16: 0.294 | AB16: 0.053508 | AC16: 20.250234 | AD16: 1.9007183 | AE16: Supercrítico | AF16: 0.041446516 | AG16: 0.0041446516 | AH16: 3.2967033 | AI16: 0.0037965863 | AJ16: 0.0079412379 | AK16: 937.81 | AL16: 934.01 | AM16: 936.51091 | AN16: 932.7734 | AO16: 936.31091 | AP16: 932.5734 | AQ16: 936.38244 | AR16: 932.64493 | AS16: 936.64703 | AT16: 932.90952 | AU16: 1.2990895 | AV16: 1.2365995 | AW16: 1.4990895 | AX16: 1.4365995 | AY16: 0.02 | AZ16: PVC | BA16: Suficiente | BB16: Velocidad NORMAL | BC16: Superior al rango | BD16: Normal | BE16: Normal | BF16: Se conecta el TRAMO-5 | BI16: =A16 -> PZ-5 | BJ16: =B16 -> PZ-6 | BK16: =IF(C16="","",ROUND( C16,2)) -> 69.86 | BL16: =IF(BK16="","",ROUND((BK16-1.6),2)) -> 68.26 | BM16: =IF(M16="","",M16) -> 8 | BN16: =IF(BK16="","",ROUND((BK16-1.2),2)) -> 68.66 | BO16: =IF(M16=6,0.5,IF(M16=8,0.6,IF(M16=10,0.65,IF(M16=12,0.7,IF(M16=14,0.75,IF(M16=16,0.8,IF(M16=18,0.85,""))))))) -> 0.6 | BP16: =IF(BK16="","",ROUND((AK16-AO16),2)) -> 1.5 | BQ16: =IF(BK16="","",ROUND((AL16-AP16),2)) -> 1.44 | BR16: =IF(BK16="","",ROUND((BP16+BQ16)/2+0.1,2)) -> 1.57 | BS16: =IF(BK16="","",ROUND( BR16*BO16*BL16,2)) -> 64.3 | BT16: =IF(AND(BR16>=1.5, BR16<2),(BR16*BL16),0) -> 107.1682 | BU16: =IF(AND(BR16>=2, BR16<4),(BR16*BL16),0)*0.78 -> 0 | BV16: =IF(BR16>=4,(BR16*BL16),0) -> 0 | BW16: =IF(BK16="","",ROUND( BS16*$BN$1,2)) -> 0 | BX16: =IF(BK16="","",ROUND(BS16*$BN$2,2)) -> 51.44 | BY16: =IF(BK16="","",ROUND(BS16*$BN$3,2)) -> 10.93 | BZ16: =IF(BL16="","",ROUND(BS16*$BN$4,2)) -> 1.93 | CA16: =IF(BK16="","",ROUND( (PI()*((BM16*0.0254)^2)/4)*BL16,2)) -> 2.21 | CB16: =IF(BK16="","",ROUND(BL16*BO16,2)) -> 40.96 | CC16: D | CD16: =IF(BK16="","",ROUND(IF(CC16="F",CB16,0),2)) -> 0 | CE16: =IF(BK16="","",ROUND(IF(CC16="R",CB16,0),2)) -> 0 | CF16: =IF(CC16="","",IF(CC16="R",0.2,IF(CC16="F",0.07,IF(CC16="D",0)))) -> 0 | CG16: =IF(BK16="","",ROUND(IF(CB16="","",CB16*CF16),2)) -> 0 | CH16: 0.3 | CI16: =ROUND(IF(BK16="","",IF(OR(CC16="R",CC16="F"),(CH16*CB16),0)),2) -> 0 | CJ16: =IF(BK16="","",ROUND(IF(CC16="F",CB16*CH16,0),2)) -> 0 | CK16: =IF(BK16="","",ROUND(BS16-(CA16+CG16+CI16+CJ16+CM16),2)) -> 57.99 | CL16: =IF(BK16="","",0.1) -> 0.1 | CM16: =IF(BK16="","",ROUND((BL16*BO16)*0.1,2)) -> 4.1 | CN16: =IF(BK16="","",ROUND(CK16*$BR$2,2)) -> 16.85 | CO16: =IF(BK16="","",ROUND(CK16*$BR$1,2)) -> 41.14 | CP16: =IF(BK16="","",ROUND(BS16-(CO16),2)) -> 23.16 | CS16: =+M16 -> 8 | CT16: =IF(M16=6,160,IF(M16=8,200,IF(M16=10,250,IF(M16=12,315,IF(M16=14,350,IF(M16=16,400,IF(M16=18,450,""))))))) -> 200 | CU16: 3 | CV16: 20 | CW16: =+CV16*CU16 -> 60 | CX16: =+IF(CY16>=2,0.8,0.6) -> 0.6 | CY16: =IF(BK16="","",ROUND((1+BR16)/2,2)) -> 1.29 | CZ16: =IF(BK16="","",ROUND(CV16*CX16*CY16*CU16,2)) -> 46.44 | DA16: =IF(BK16="","",ROUND( IF(AND(CY16>=1.5, CY16<2),(CY16*CW16),0),2)) -> 0 | DB16: =IF(BK16="","",ROUND(IF(AND(CY16>=2, CY16<4),(CY16*CW16),0),2)) -> 0 | DC16: =IF(BK16="","",ROUND(IF(CY16>=4,(CY16*CW16),0),2)) -> 0 | DD16: =IF(BK16="","",ROUND((PI()*((6*0.0254)^2)/4)*CW16,2)) -> 1.09 | DE16: =IF(BK16="","",ROUND(CW16*CX16,2)) -> 36 | DF16: =+CC16 -> D | DG16: =IF(BK16="","",ROUND(IF(DF16="F",DE16,0),2)) -> 0 | DH16: =IF(BK16="","",ROUND( IF(DF16="R",DE16,0),2)) -> 0 | DI16: =IF(DF16="","",IF(DF16="R",0.2,IF(DF16="F",0.07,IF(DF16="D",0)))) -> 0 | DJ16: =IF(BK16="","",ROUND(IF(DE16="","",DE16*DI16),2)) -> 0 | DK16: 0.3 | DL16: =ROUND(IF(CO16="","",IF(OR(DF16="R",DF16="F"),(DK16*DE16),0)),2) -> 0 | DM16: =IF(CO16="","",ROUND(IF(DF16="F",DE16*DK16,0),2)) -> 0 | DN16: =IF(BK16="","",ROUND(CZ16-(DD16+DJ16+DL16+DM16+DP16),2)) -> 41.75 | DO16: =IF(BK16="","",0.1) -> 0.1 | DP16: =+DE16*DO16 -> 3.6 | DQ16: =IF(BK16="","",ROUND(DN16*0.2,2)) -> 8.35 | DR16: =IF(BK16="","",ROUND(DN16*0.8,2)) -> 33.4 | DS16: =IF(BK16="","",ROUND(CZ16-(DD16+DR16),2)) -> 11.95 | DU16: =+A16 -> PZ-5 | DV16: =+BP16+0.2 -> 1.7 | DW16: 1.2 | DX16: 1.6 | DY16: =+((PI()*DX16^2)/4)*DV16*-1 -> -3.4180528 | DZ16: 1.6 | EA16: 1.6 | EB16: =+(DZ16*EA16*DV16) -> 4.352 | EC16: =+EB16+DY16 -> 0.93394719 | ED16: =+EC16*0.55 -> 0.51367096 | EE16: =+EC16*0.45 -> 0.42027624 | EF16: =+ED16 -> 0.51367096
A17: PZ-6 | B17: PZ-7 | C17: 78.357 | D17: 253.77 | E17: 332.127 | F17: 0.015 | G17: 13.48 | H17: 0.01348 | I17: 0.049899818 | J17: 0.05 | K17: 0.11178461 | L17: 4.4009689 | M17: 8 | N17: 0.2 | O17: 0.182 | P17: 0.049477229 | Q17: 1.90183 | R17: 0.27 | S17: 0.706 | T17: 0.4 | U17: 0.86 | V17: 1.342692 | W17: 0.091886942 | X17: 0.03913 | Y17: 0.0728 | Z17: 0.16468694 | AA17: 0.3 | AB17: 0.0546 | AC17: 19.193265 | AD17: 1.8346177 | AE17: Supercrítico | AF17: -0.0047680422 | AG17: 0.00095360843 | AH17: 3.2967033 | AI17: 0.0047135481 | AJ17: 0.0056671566 | AK17: 934.01 | AL17: 930.1 | AM17: 932.7534 | AN17: 928.83555 | AO17: 932.5534 | AP17: 928.63555 | AQ17: 932.6262 | AR17: 928.70835 | AS17: 932.90157 | AT17: 928.98372 | AU17: 1.2565995 | AV17: 1.2644495 | AW17: 1.4565995 | AX17: 1.4644495 | AY17: 0.02 | AZ17: PVC | BA17: Suficiente | BB17: Velocidad NORMAL | BC17: Superior al rango | BD17: Normal | BE17: Normal | BI17: =A17 -> PZ-6 | BJ17: =B17 -> PZ-7 | BK17: =IF(C17="","",ROUND( C17,2)) -> 78.36 | BL17: =IF(BK17="","",ROUND((BK17-1.6),2)) -> 76.76 | BM17: =IF(M17="","",M17) -> 8 | BN17: =IF(BK17="","",ROUND((BK17-1.2),2)) -> 77.16 | BO17: =IF(M17=6,0.5,IF(M17=8,0.6,IF(M17=10,0.65,IF(M17=12,0.7,IF(M17=14,0.75,IF(M17=16,0.8,IF(M17=18,0.85,""))))))) -> 0.6 | BP17: =IF(BK17="","",ROUND((AK17-AO17),2)) -> 1.46 | BQ17: =IF(BK17="","",ROUND((AL17-AP17),2)) -> 1.46 | BR17: =IF(BK17="","",ROUND((BP17+BQ17)/2+0.1,2)) -> 1.56 | BS17: =IF(BK17="","",ROUND( BR17*BO17*BL17,2)) -> 71.85 | BT17: =IF(AND(BR17>=1.5, BR17<2),(BR17*BL17),0) -> 119.7456 | BU17: =IF(AND(BR17>=2, BR17<4),(BR17*BL17),0)*0.78 -> 0 | BV17: =IF(BR17>=4,(BR17*BL17),0) -> 0 | BW17: =IF(BK17="","",ROUND( BS17*$BN$1,2)) -> 0 | BX17: =IF(BK17="","",ROUND(BS17*$BN$2,2)) -> 57.48 | BY17: =IF(BK17="","",ROUND(BS17*$BN$3,2)) -> 12.21 | BZ17: =IF(BL17="","",ROUND(BS17*$BN$4,2)) -> 2.16 | CA17: =IF(BK17="","",ROUND( (PI()*((BM17*0.0254)^2)/4)*BL17,2)) -> 2.49 | CB17: =IF(BK17="","",ROUND(BL17*BO17,2)) -> 46.06 | CC17: D | CD17: =IF(BK17="","",ROUND(IF(CC17="F",CB17,0),2)) -> 0 | CE17: =IF(BK17="","",ROUND(IF(CC17="R",CB17,0),2)) -> 0 | CF17: =IF(CC17="","",IF(CC17="R",0.2,IF(CC17="F",0.07,IF(CC17="D",0)))) -> 0 | CG17: =IF(BK17="","",ROUND(IF(CB17="","",CB17*CF17),2)) -> 0 | CH17: 0.3 | CI17: =ROUND(IF(BK17="","",IF(OR(CC17="R",CC17="F"),(CH17*CB17),0)),2) -> 0 | CJ17: =IF(BK17="","",ROUND(IF(CC17="F",CB17*CH17,0),2)) -> 0 | CK17: =IF(BK17="","",ROUND(BS17-(CA17+CG17+CI17+CJ17+CM17),2)) -> 64.75 | CL17: =IF(BK17="","",0.1) -> 0.1 | CM17: =IF(BK17="","",ROUND((BL17*BO17)*0.1,2)) -> 4.61 | CN17: =IF(BK17="","",ROUND(CK17*$BR$2,2)) -> 18.81 | CO17: =IF(BK17="","",ROUND(CK17*$BR$1,2)) -> 45.94 | CP17: =IF(BK17="","",ROUND(BS17-(CO17),2)) -> 25.91 | CS17: =+M17 -> 8 | CT17: =IF(M17=6,160,IF(M17=8,200,IF(M17=10,250,IF(M17=12,315,IF(M17=14,350,IF(M17=16,400,IF(M17=18,450,""))))))) -> 200 | CU17: 4 | CV17: 16.75 | CW17: =+CV17*CU17 -> 67 | CX17: =+IF(CY17>=2,0.8,0.6) -> 0.6 | CY17: =IF(BK17="","",ROUND((1+BR17)/2,2)) -> 1.28 | CZ17: =IF(BK17="","",ROUND(CV17*CX17*CY17*CU17,2)) -> 51.46 | DA17: =IF(BK17="","",ROUND( IF(AND(CY17>=1.5, CY17<2),(CY17*CW17),0),2)) -> 0 | DB17: =IF(BK17="","",ROUND(IF(AND(CY17>=2, CY17<4),(CY17*CW17),0),2)) -> 0 | DC17: =IF(BK17="","",ROUND(IF(CY17>=4,(CY17*CW17),0),2)) -> 0 | DD17: =IF(BK17="","",ROUND((PI()*((6*0.0254)^2)/4)*CW17,2)) -> 1.22 | DE17: =IF(BK17="","",ROUND(CW17*CX17,2)) -> 40.2 | DF17: =+CC17 -> D | DG17: =IF(BK17="","",ROUND(IF(DF17="F",DE17,0),2)) -> 0 | DH17: =IF(BK17="","",ROUND( IF(DF17="R",DE17,0),2)) -> 0 | DI17: =IF(DF17="","",IF(DF17="R",0.2,IF(DF17="F",0.07,IF(DF17="D",0)))) -> 0 | DJ17: =IF(BK17="","",ROUND(IF(DE17="","",DE17*DI17),2)) -> 0 | DK17: 0.3 | DL17: =ROUND(IF(CO17="","",IF(OR(DF17="R",DF17="F"),(DK17*DE17),0)),2) -> 0 | DM17: =IF(CO17="","",ROUND(IF(DF17="F",DE17*DK17,0),2)) -> 0 | DN17: =IF(BK17="","",ROUND(CZ17-(DD17+DJ17+DL17+DM17+DP17),2)) -> 46.22 | DO17: =IF(BK17="","",0.1) -> 0.1 | DP17: =+DE17*DO17 -> 4.02 | DQ17: =IF(BK17="","",ROUND(DN17*0.2,2)) -> 9.24 | DR17: =IF(BK17="","",ROUND(DN17*0.8,2)) -> 36.98 | DS17: =IF(BK17="","",ROUND(CZ17-(DD17+DR17),2)) -> 13.26 | DU17: =+A17 -> PZ-6 | DV17: =+BP17+0.2 -> 1.66 | DW17: 1.2 | DX17: 1.6 | DY17: =+((PI()*DX17^2)/4)*DV17*-1 -> -3.337628 | DZ17: 1.6 | EA17: 1.6 | EB17: =+(DZ17*EA17*DV17) -> 4.2496 | EC17: =+EB17+DY17 -> 0.91197196 | ED17: =+EC17*0.55 -> 0.50158458 | EE17: =+EC17*0.45 -> 0.41038738 | EF17: =+ED17 -> 0.50158458
A18: PZ-7 | B18: PZ-8 | C18: 57.856 | D18: 332.127 | E18: 389.983 | F18: 0.015 | G18: 13.72 | H18: 0.01372 | I18: 0.051334347 | J18: 0.05 | K18: 0.11252683 | L18: 4.4301903 | M18: 8 | N18: 0.2 | O18: 0.182 | P18: 0.049477229 | Q18: 1.90183 | R18: 0.28 | S18: 0.713 | T18: 0.409 | U18: 0.874 | V18: 1.3560048 | W18: 0.093718095 | X18: 0.039767 | Y18: 0.074438 | Z18: 0.1681561 | AA18: 0.307 | AB18: 0.055874 | AC18: 19.505713 | AD18: 1.8315629 | AE18: Supercrítico | AF18: 0.0018311538 | AG18: 0.00018311538 | AH18: 3.2967033 | AI18: 0.0046401259 | AJ18: 0.0048232413 | AK18: 930.1 | AL18: 927.13 | AM18: 928.81555 | AN18: 925.92275 | AO18: 928.61555 | AP18: 925.72275 | AQ18: 928.68999 | AR18: 925.79719 | AS18: 928.97806 | AT18: 926.08526 | AU18: 1.2844495 | AV18: 1.2072495 | AW18: 1.4844495 | AX18: 1.4072495 | AY18: 0.02 | AZ18: PVC | BA18: Suficiente | BB18: Velocidad NORMAL | BC18: Superior al rango | BD18: Normal | BE18: Normal | BI18: =A18 -> PZ-7 | BJ18: =B18 -> PZ-8 | BK18: =IF(C18="","",ROUND( C18,2)) -> 57.86 | BL18: =IF(BK18="","",ROUND((BK18-1.6),2)) -> 56.26 | BM18: =IF(M18="","",M18) -> 8 | BN18: =IF(BK18="","",ROUND((BK18-1.2),2)) -> 56.66 | BO18: =IF(M18=6,0.5,IF(M18=8,0.6,IF(M18=10,0.65,IF(M18=12,0.7,IF(M18=14,0.75,IF(M18=16,0.8,IF(M18=18,0.85,""))))))) -> 0.6 | BP18: =IF(BK18="","",ROUND((AK18-AO18),2)) -> 1.48 | BQ18: =IF(BK18="","",ROUND((AL18-AP18),2)) -> 1.41 | BR18: =IF(BK18="","",ROUND((BP18+BQ18)/2+0.1,2)) -> 1.55 | BS18: =IF(BK18="","",ROUND( BR18*BO18*BL18,2)) -> 52.32 | BT18: =IF(AND(BR18>=1.5, BR18<2),(BR18*BL18),0) -> 87.203 | BU18: =IF(AND(BR18>=2, BR18<4),(BR18*BL18),0)*0.78 -> 0 | BV18: =IF(BR18>=4,(BR18*BL18),0) -> 0 | BW18: =IF(BK18="","",ROUND( BS18*$BN$1,2)) -> 0 | BX18: =IF(BK18="","",ROUND(BS18*$BN$2,2)) -> 41.86 | BY18: =IF(BK18="","",ROUND(BS18*$BN$3,2)) -> 8.89 | BZ18: =IF(BL18="","",ROUND(BS18*$BN$4,2)) -> 1.57 | CA18: =IF(BK18="","",ROUND( (PI()*((BM18*0.0254)^2)/4)*BL18,2)) -> 1.82 | CB18: =IF(BK18="","",ROUND(BL18*BO18,2)) -> 33.76 | CC18: D | CD18: =IF(BK18="","",ROUND(IF(CC18="F",CB18,0),2)) -> 0 | CE18: =IF(BK18="","",ROUND(IF(CC18="R",CB18,0),2)) -> 0 | CF18: =IF(CC18="","",IF(CC18="R",0.2,IF(CC18="F",0.07,IF(CC18="D",0)))) -> 0 | CG18: =IF(BK18="","",ROUND(IF(CB18="","",CB18*CF18),2)) -> 0 | CH18: 0.3 | CI18: =ROUND(IF(BK18="","",IF(OR(CC18="R",CC18="F"),(CH18*CB18),0)),2) -> 0 | CJ18: =IF(BK18="","",ROUND(IF(CC18="F",CB18*CH18,0),2)) -> 0 | CK18: =IF(BK18="","",ROUND(BS18-(CA18+CG18+CI18+CJ18+CM18),2)) -> 47.12 | CL18: =IF(BK18="","",0.1) -> 0.1 | CM18: =IF(BK18="","",ROUND((BL18*BO18)*0.1,2)) -> 3.38 | CN18: =IF(BK18="","",ROUND(CK18*$BR$2,2)) -> 13.69 | CO18: =IF(BK18="","",ROUND(CK18*$BR$1,2)) -> 33.43 | CP18: =IF(BK18="","",ROUND(BS18-(CO18),2)) -> 18.89 | CS18: =+M18 -> 8 | CT18: =IF(M18=6,160,IF(M18=8,200,IF(M18=10,250,IF(M18=12,315,IF(M18=14,350,IF(M18=16,400,IF(M18=18,450,""))))))) -> 200 | CU18: 4 | CV18: 23.8 | CW18: =+CV18*CU18 -> 95.2 | CX18: =+IF(CY18>=2,0.8,0.6) -> 0.6 | CY18: =IF(BK18="","",ROUND((1+BR18)/2,2)) -> 1.28 | CZ18: =IF(BK18="","",ROUND(CV18*CX18*CY18*CU18,2)) -> 73.11 | DA18: =IF(BK18="","",ROUND( IF(AND(CY18>=1.5, CY18<2),(CY18*CW18),0),2)) -> 0 | DB18: =IF(BK18="","",ROUND(IF(AND(CY18>=2, CY18<4),(CY18*CW18),0),2)) -> 0 | DC18: =IF(BK18="","",ROUND(IF(CY18>=4,(CY18*CW18),0),2)) -> 0 | DD18: =IF(BK18="","",ROUND((PI()*((6*0.0254)^2)/4)*CW18,2)) -> 1.74 | DE18: =IF(BK18="","",ROUND(CW18*CX18,2)) -> 57.12 | DF18: =+CC18 -> D | DG18: =IF(BK18="","",ROUND(IF(DF18="F",DE18,0),2)) -> 0 | DH18: =IF(BK18="","",ROUND( IF(DF18="R",DE18,0),2)) -> 0 | DI18: =IF(DF18="","",IF(DF18="R",0.2,IF(DF18="F",0.07,IF(DF18="D",0)))) -> 0 | DJ18: =IF(BK18="","",ROUND(IF(DE18="","",DE18*DI18),2)) -> 0 | DK18: 0.3 | DL18: =ROUND(IF(CO18="","",IF(OR(DF18="R",DF18="F"),(DK18*DE18),0)),2) -> 0 | DM18: =IF(CO18="","",ROUND(IF(DF18="F",DE18*DK18,0),2)) -> 0 | DN18: =IF(BK18="","",ROUND(CZ18-(DD18+DJ18+DL18+DM18+DP18),2)) -> 65.66 | DO18: =IF(BK18="","",0.1) -> 0.1 | DP18: =+DE18*DO18 -> 5.712 | DQ18: =IF(BK18="","",ROUND(DN18*0.2,2)) -> 13.13 | DR18: =IF(BK18="","",ROUND(DN18*0.8,2)) -> 52.53 | DS18: =IF(BK18="","",ROUND(CZ18-(DD18+DR18),2)) -> 18.84 | DU18: =+A18 -> PZ-7 | DV18: =+BP18+0.2 -> 1.68 | DW18: 1.2 | DX18: 1.6 | DY18: =+((PI()*DX18^2)/4)*DV18*-1 -> -3.3778404 | DZ18: 1.6 | EA18: 1.6 | EB18: =+(DZ18*EA18*DV18) -> 4.3008 | EC18: =+EB18+DY18 -> 0.92295958 | ED18: =+EC18*0.55 -> 0.50762777 | EE18: =+EC18*0.45 -> 0.41533181 | EF18: =+ED18 -> 0.50762777
A19: PZ-8 | B19: PZ-9 | C19: 79.456 | D19: 389.983 | E19: 469.439 | F19: 0.015 | G19: 13.99 | H19: 0.01399 | I19: 0.03221909 | J19: 0.032 | K19: 0.12324554 | L19: 4.8521865 | M19: 8 | N19: 0.2 | O19: 0.182 | P19: 0.039581783 | Q19: 1.521464 | R19: 0.35 | S19: 0.76 | T19: 0.46 | U19: 0.95 | V19: 1.1563127 | W19: 0.068147755 | X19: 0.043225 | Y19: 0.08372 | Z19: 0.15186775 | AA19: 0.354 | AB19: 0.064428 | AC19: 13.569192 | AD19: 1.4544656 | AE19: Supercrítico | AF19: -0.025570341 | AG19: 0.0051140681 | AH19: 3.2967033 | AI19: 0.0040466463 | AJ19: 0.0091607144 | AK19: 927.13 | AL19: 924.57 | AM19: 925.90275 | AN19: 923.36016 | AO19: 925.70275 | AP19: 923.16016 | AQ19: 925.78647 | AR19: 923.24388 | AS19: 926.08043 | AT19: 923.53784 | AU19: 1.2272495 | AV19: 1.2098415 | AW19: 1.4272495 | AX19: 1.4098415 | AY19: 0.02 | AZ19: PVC | BA19: Suficiente | BB19: Velocidad NORMAL | BC19: Superior al rango | BD19: Normal | BE19: Normal | BI19: =A19 -> PZ-8 | BJ19: =B19 -> PZ-9 | BK19: =IF(C19="","",ROUND( C19,2)) -> 79.46 | BL19: =IF(BK19="","",ROUND((BK19-1.6),2)) -> 77.86 | BM19: =IF(M19="","",M19) -> 8 | BN19: =IF(BK19="","",ROUND((BK19-1.2),2)) -> 78.26 | BO19: =IF(M19=6,0.5,IF(M19=8,0.6,IF(M19=10,0.65,IF(M19=12,0.7,IF(M19=14,0.75,IF(M19=16,0.8,IF(M19=18,0.85,""))))))) -> 0.6 | BP19: =IF(BK19="","",ROUND((AK19-AO19),2)) -> 1.43 | BQ19: =IF(BK19="","",ROUND((AL19-AP19),2)) -> 1.41 | BR19: =IF(BK19="","",ROUND((BP19+BQ19)/2+0.1,2)) -> 1.52 | BS19: =IF(BK19="","",ROUND( BR19*BO19*BL19,2)) -> 71.01 | BT19: =IF(AND(BR19>=1.5, BR19<2),(BR19*BL19),0) -> 118.3472 | BU19: =IF(AND(BR19>=2, BR19<4),(BR19*BL19),0)*0.78 -> 0 | BV19: =IF(BR19>=4,(BR19*BL19),0) -> 0 | BW19: =IF(BK19="","",ROUND( BS19*$BN$1,2)) -> 0 | BX19: =IF(BK19="","",ROUND(BS19*$BN$2,2)) -> 56.81 | BY19: =IF(BK19="","",ROUND(BS19*$BN$3,2)) -> 12.07 | BZ19: =IF(BL19="","",ROUND(BS19*$BN$4,2)) -> 2.13 | CA19: =IF(BK19="","",ROUND( (PI()*((BM19*0.0254)^2)/4)*BL19,2)) -> 2.52 | CB19: =IF(BK19="","",ROUND(BL19*BO19,2)) -> 46.72 | CC19: D | CD19: =IF(BK19="","",ROUND(IF(CC19="F",CB19,0),2)) -> 0 | CE19: =IF(BK19="","",ROUND(IF(CC19="R",CB19,0),2)) -> 0 | CF19: =IF(CC19="","",IF(CC19="R",0.2,IF(CC19="F",0.07,IF(CC19="D",0)))) -> 0 | CG19: =IF(BK19="","",ROUND(IF(CB19="","",CB19*CF19),2)) -> 0 | CH19: 0.3 | CI19: =ROUND(IF(BK19="","",IF(OR(CC19="R",CC19="F"),(CH19*CB19),0)),2) -> 0 | CJ19: =IF(BK19="","",ROUND(IF(CC19="F",CB19*CH19,0),2)) -> 0 | CK19: =IF(BK19="","",ROUND(BS19-(CA19+CG19+CI19+CJ19+CM19),2)) -> 63.82 | CL19: =IF(BK19="","",0.1) -> 0.1 | CM19: =IF(BK19="","",ROUND((BL19*BO19)*0.1,2)) -> 4.67 | CN19: =IF(BK19="","",ROUND(CK19*$BR$2,2)) -> 18.54 | CO19: =IF(BK19="","",ROUND(CK19*$BR$1,2)) -> 45.28 | CP19: =IF(BK19="","",ROUND(BS19-(CO19),2)) -> 25.73 | CS19: =+M19 -> 8 | CT19: =IF(M19=6,160,IF(M19=8,200,IF(M19=10,250,IF(M19=12,315,IF(M19=14,350,IF(M19=16,400,IF(M19=18,450,""))))))) -> 200 | CU19: 5 | CV19: 23 | CW19: =+CV19*CU19 -> 115 | CX19: =+IF(CY19>=2,0.8,0.6) -> 0.6 | CY19: =IF(BK19="","",ROUND((1+BR19)/2,2)) -> 1.26 | CZ19: =IF(BK19="","",ROUND(CV19*CX19*CY19*CU19,2)) -> 86.94 | DA19: =IF(BK19="","",ROUND( IF(AND(CY19>=1.5, CY19<2),(CY19*CW19),0),2)) -> 0 | DB19: =IF(BK19="","",ROUND(IF(AND(CY19>=2, CY19<4),(CY19*CW19),0),2)) -> 0 | DC19: =IF(BK19="","",ROUND(IF(CY19>=4,(CY19*CW19),0),2)) -> 0 | DD19: =IF(BK19="","",ROUND((PI()*((6*0.0254)^2)/4)*CW19,2)) -> 2.1 | DE19: =IF(BK19="","",ROUND(CW19*CX19,2)) -> 69 | DF19: =+CC19 -> D | DG19: =IF(BK19="","",ROUND(IF(DF19="F",DE19,0),2)) -> 0 | DH19: =IF(BK19="","",ROUND( IF(DF19="R",DE19,0),2)) -> 0 | DI19: =IF(DF19="","",IF(DF19="R",0.2,IF(DF19="F",0.07,IF(DF19="D",0)))) -> 0 | DJ19: =IF(BK19="","",ROUND(IF(DE19="","",DE19*DI19),2)) -> 0 | DK19: 0.3 | DL19: =ROUND(IF(CO19="","",IF(OR(DF19="R",DF19="F"),(DK19*DE19),0)),2) -> 0 | DM19: =IF(CO19="","",ROUND(IF(DF19="F",DE19*DK19,0),2)) -> 0 | DN19: =IF(BK19="","",ROUND(CZ19-(DD19+DJ19+DL19+DM19+DP19),2)) -> 77.94 | DO19: =IF(BK19="","",0.1) -> 0.1 | DP19: =+DE19*DO19 -> 6.9 | DQ19: =IF(BK19="","",ROUND(DN19*0.2,2)) -> 15.59 | DR19: =IF(BK19="","",ROUND(DN19*0.8,2)) -> 62.35 | DS19: =IF(BK19="","",ROUND(CZ19-(DD19+DR19),2)) -> 22.49 | DU19: =+A19 -> PZ-8 | DV19: =+BP19+0.2 -> 1.63 | DW19: 1.2 | DX19: 1.6 | DY19: =+((PI()*DX19^2)/4)*DV19*-1 -> -3.2773095 | DZ19: 1.6 | EA19: 1.6 | EB19: =+(DZ19*EA19*DV19) -> 4.1728 | EC19: =+EB19+DY19 -> 0.89549054 | ED19: =+EC19*0.55 -> 0.4925198 | EE19: =+EC19*0.45 -> 0.40297074 | EF19: =+ED19 -> 0.4925198
A20: PZ-9 | B20: PZ-10 | C20: 66.872 | D20: 469.439 | E20: 536.311 | F20: 0.015 | G20: 14.19 | H20: 0.01419 | I20: 0.04112334 | J20: 0.041 | K20: 0.11827735 | L20: 4.6565888 | M20: 8 | N20: 0.2 | O20: 0.182 | P20: 0.044803537 | Q20: 1.7221803 | R20: 0.32 | S20: 0.74 | T20: 0.439 | U20: 0.919 | V20: 1.2744134 | W20: 0.082779288 | X20: 0.0418145 | Y20: 0.079898 | Z20: 0.16267729 | AA20: 0.334 | AB20: 0.060788 | AC20: 16.81821 | AD20: 1.6503153 | AE20: Supercrítico | AF20: 0.014631533 | AG20: 0.0014631533 | AH20: 3.2967033 | AI20: 0.0037731761 | AJ20: 0.0052363294 | AK20: 924.57 | AL20: 921.82 | AM20: 923.34016 | AN20: 920.59841 | AO20: 923.14016 | AP20: 920.39841 | AQ20: 923.22006 | AR20: 920.4783 | AS20: 923.52868 | AT20: 920.78693 | AU20: 1.2298415 | AV20: 1.2215935 | AW20: 1.4298415 | AX20: 1.4215935 | AY20: 0.7594245 | AZ20: PVC | BA20: Suficiente | BB20: Velocidad NORMAL | BC20: Superior al rango | BD20: Normal | BE20: Normal | BI20: =A20 -> PZ-9 | BJ20: =B20 -> PZ-10 | BK20: =IF(C20="","",ROUND( C20,2)) -> 66.87 | BL20: =IF(BK20="","",ROUND((BK20-1.6),2)) -> 65.27 | BM20: =IF(M20="","",M20) -> 8 | BN20: =IF(BK20="","",ROUND((BK20-1.2),2)) -> 65.67 | BO20: =IF(M20=6,0.5,IF(M20=8,0.6,IF(M20=10,0.65,IF(M20=12,0.7,IF(M20=14,0.75,IF(M20=16,0.8,IF(M20=18,0.85,""))))))) -> 0.6 | BP20: =IF(BK20="","",ROUND((AK20-AO20),2)) -> 1.43 | BQ20: =IF(BK20="","",ROUND((AL20-AP20),2)) -> 1.42 | BR20: =IF(BK20="","",ROUND((BP20+BQ20)/2+0.1,2)) -> 1.53 | BS20: =IF(BK20="","",ROUND( BR20*BO20*BL20,2)) -> 59.92 | BT20: =IF(AND(BR20>=1.5, BR20<2),(BR20*BL20),0) -> 99.8631 | BU20: =IF(AND(BR20>=2, BR20<4),(BR20*BL20),0)*0.78 -> 0 | BV20: =IF(BR20>=4,(BR20*BL20),0) -> 0 | BW20: =IF(BK20="","",ROUND( BS20*$BN$1,2)) -> 0 | BX20: =IF(BK20="","",ROUND(BS20*$BN$2,2)) -> 47.94 | BY20: =IF(BK20="","",ROUND(BS20*$BN$3,2)) -> 10.19 | BZ20: =IF(BL20="","",ROUND(BS20*$BN$4,2)) -> 1.8 | CA20: =IF(BK20="","",ROUND( (PI()*((BM20*0.0254)^2)/4)*BL20,2)) -> 2.12 | CB20: =IF(BK20="","",ROUND(BL20*BO20,2)) -> 39.16 | CC20: D | CD20: =IF(BK20="","",ROUND(IF(CC20="F",CB20,0),2)) -> 0 | CE20: =IF(BK20="","",ROUND(IF(CC20="R",CB20,0),2)) -> 0 | CF20: =IF(CC20="","",IF(CC20="R",0.2,IF(CC20="F",0.07,IF(CC20="D",0)))) -> 0 | CG20: =IF(BK20="","",ROUND(IF(CB20="","",CB20*CF20),2)) -> 0 | CH20: 0.3 | CI20: =ROUND(IF(BK20="","",IF(OR(CC20="R",CC20="F"),(CH20*CB20),0)),2) -> 0 | CJ20: =IF(BK20="","",ROUND(IF(CC20="F",CB20*CH20,0),2)) -> 0 | CK20: =IF(BK20="","",ROUND(BS20-(CA20+CG20+CI20+CJ20+CM20),2)) -> 53.88 | CL20: =IF(BK20="","",0.1) -> 0.1 | CM20: =IF(BK20="","",ROUND((BL20*BO20)*0.1,2)) -> 3.92 | CN20: =IF(BK20="","",ROUND(CK20*$BR$2,2)) -> 15.65 | CO20: =IF(BK20="","",ROUND(CK20*$BR$1,2)) -> 38.23 | CP20: =IF(BK20="","",ROUND(BS20-(CO20),2)) -> 21.69 | CS20: =+M20 -> 8 | CT20: =IF(M20=6,160,IF(M20=8,200,IF(M20=10,250,IF(M20=12,315,IF(M20=14,350,IF(M20=16,400,IF(M20=18,450,""))))))) -> 200 | CU20: 2 | CV20: 16.9 | CW20: =+CV20*CU20 -> 33.8 | CX20: =+IF(CY20>=2,0.8,0.6) -> 0.6 | CY20: =IF(BK20="","",ROUND((1+BR20)/2,2)) -> 1.27 | CZ20: =IF(BK20="","",ROUND(CV20*CX20*CY20*CU20,2)) -> 25.76 | DA20: =IF(BK20="","",ROUND( IF(AND(CY20>=1.5, CY20<2),(CY20*CW20),0),2)) -> 0 | DB20: =IF(BK20="","",ROUND(IF(AND(CY20>=2, CY20<4),(CY20*CW20),0),2)) -> 0 | DC20: =IF(BK20="","",ROUND(IF(CY20>=4,(CY20*CW20),0),2)) -> 0 | DD20: =IF(BK20="","",ROUND((PI()*((6*0.0254)^2)/4)*CW20,2)) -> 0.62 | DE20: =IF(BK20="","",ROUND(CW20*CX20,2)) -> 20.28 | DF20: =+CC20 -> D | DG20: =IF(BK20="","",ROUND(IF(DF20="F",DE20,0),2)) -> 0 | DH20: =IF(BK20="","",ROUND( IF(DF20="R",DE20,0),2)) -> 0 | DI20: =IF(DF20="","",IF(DF20="R",0.2,IF(DF20="F",0.07,IF(DF20="D",0)))) -> 0 | DJ20: =IF(BK20="","",ROUND(IF(DE20="","",DE20*DI20),2)) -> 0 | DK20: 0.3 | DL20: =ROUND(IF(CO20="","",IF(OR(DF20="R",DF20="F"),(DK20*DE20),0)),2) -> 0 | DM20: =IF(CO20="","",ROUND(IF(DF20="F",DE20*DK20,0),2)) -> 0 | DN20: =IF(BK20="","",ROUND(CZ20-(DD20+DJ20+DL20+DM20+DP20),2)) -> 23.11 | DO20: =IF(BK20="","",0.1) -> 0.1 | DP20: =+DE20*DO20 -> 2.028 | DQ20: =IF(BK20="","",ROUND(DN20*0.2,2)) -> 4.62 | DR20: =IF(BK20="","",ROUND(DN20*0.8,2)) -> 18.49 | DS20: =IF(BK20="","",ROUND(CZ20-(DD20+DR20),2)) -> 6.65 | DU20: =+A20 -> PZ-9 | DV20: =+BP20+0.2 -> 1.63 | DW20: 1.2 | DX20: 1.6 | DY20: =+((PI()*DX20^2)/4)*DV20*-1 -> -3.2773095 | DZ20: 1.6 | EA20: 1.6 | EB20: =+(DZ20*EA20*DV20) -> 4.1728 | EC20: =+EB20+DY20 -> 0.89549054 | ED20: =+EC20*0.55 -> 0.4925198 | EE20: =+EC20*0.45 -> 0.40297074 | EF20: =+ED20 -> 0.4925198
A21: PZ-10 | B21: PZ-11 | C21: 80.998 | D21: 536.311 | E21: 617.309 | F21: 0.015 | G21: 15.68 | H21: 0.01568 | I21: 0.043334403 | J21: 0.043 | K21: 0.12169833 | L21: 4.7912728 | M21: 8 | N21: 0.2 | O21: 0.182 | P21: 0.045883295 | Q21: 1.7636846 | R21: 0.34 | S21: 0.755 | T21: 0.452 | U21: 0.938 | V21: 1.3315819 | W21: 0.090372594 | X21: 0.042679 | Y21: 0.082264 | Z21: 0.17263659 | AA21: 0.348 | AB21: 0.063336 | AC21: 18.003283 | AD21: 1.689305 | AE21: Supercrítico | AF21: 0.0075933062 | AG21: 0.00075933062 | AH21: 3.2967033 | AI21: 0.0043287971 | AJ21: 0.0050881277 | AK21: 921.82 | AL21: 918.31 | AM21: 919.83898 | AN21: 916.35607 | AO21: 919.63898 | AP21: 916.15607 | AQ21: 919.72125 | AR21: 916.23833 | AS21: 920.78169 | AT21: 917.29878 | AU21: 1.981018 | AV21: 1.953932 | AW21: 2.181018 | AX21: 2.153932 | AY21: 0.1128145 | AZ21: PVC | BA21: Suficiente | BB21: Velocidad NORMAL | BC21: Superior al rango | BD21: Normal | BE21: Normal | BF21: Se conecta el TRAMO-6 | BI21: =A21 -> PZ-10 | BJ21: =B21 -> PZ-11 | BK21: =IF(C21="","",ROUND( C21,2)) -> 81 | BL21: =IF(BK21="","",ROUND((BK21-1.6),2)) -> 79.4 | BM21: =IF(M21="","",M21) -> 8 | BN21: =IF(BK21="","",ROUND((BK21-1.2),2)) -> 79.8 | BO21: =IF(M21=6,0.5,IF(M21=8,0.6,IF(M21=10,0.65,IF(M21=12,0.7,IF(M21=14,0.75,IF(M21=16,0.8,IF(M21=18,0.85,""))))))) -> 0.6 | BP21: =IF(BK21="","",ROUND((AK21-AO21),2)) -> 2.18 | BQ21: =IF(BK21="","",ROUND((AL21-AP21),2)) -> 2.15 | BR21: =IF(BK21="","",ROUND((BP21+BQ21)/2+0.1,2)) -> 2.27 | BS21: =IF(BK21="","",ROUND( BR21*BO21*BL21,2)) -> 108.14 | BT21: =IF(AND(BR21>=1.5, BR21<2),(BR21*BL21),0) -> 0 | BU21: =IF(AND(BR21>=2, BR21<4),(BR21*BL21),0)*0.78 -> 140.58564 | BV21: =IF(BR21>=4,(BR21*BL21),0) -> 0 | BW21: =IF(BK21="","",ROUND( BS21*$BN$1,2)) -> 0 | BX21: =IF(BK21="","",ROUND(BS21*$BN$2,2)) -> 86.51 | BY21: =IF(BK21="","",ROUND(BS21*$BN$3,2)) -> 18.38 | BZ21: =IF(BL21="","",ROUND(BS21*$BN$4,2)) -> 3.24 | CA21: =IF(BK21="","",ROUND( (PI()*((BM21*0.0254)^2)/4)*BL21,2)) -> 2.57 | CB21: =IF(BK21="","",ROUND(BL21*BO21,2)) -> 47.64 | CC21: D | CD21: =IF(BK21="","",ROUND(IF(CC21="F",CB21,0),2)) -> 0 | CE21: =IF(BK21="","",ROUND(IF(CC21="R",CB21,0),2)) -> 0 | CF21: =IF(CC21="","",IF(CC21="R",0.2,IF(CC21="F",0.07,IF(CC21="D",0)))) -> 0 | CG21: =IF(BK21="","",ROUND(IF(CB21="","",CB21*CF21),2)) -> 0 | CH21: 0.3 | CI21: =ROUND(IF(BK21="","",IF(OR(CC21="R",CC21="F"),(CH21*CB21),0)),2) -> 0 | CJ21: =IF(BK21="","",ROUND(IF(CC21="F",CB21*CH21,0),2)) -> 0 | CK21: =IF(BK21="","",ROUND(BS21-(CA21+CG21+CI21+CJ21+CM21),2)) -> 100.81 | CL21: =IF(BK21="","",0.1) -> 0.1 | CM21: =IF(BK21="","",ROUND((BL21*BO21)*0.1,2)) -> 4.76 | CN21: =IF(BK21="","",ROUND(CK21*$BR$2,2)) -> 29.29 | CO21: =IF(BK21="","",ROUND(CK21*$BR$1,2)) -> 71.52 | CP21: =IF(BK21="","",ROUND(BS21-(CO21),2)) -> 36.62 | CS21: =+M21 -> 8 | CT21: =IF(M21=6,160,IF(M21=8,200,IF(M21=10,250,IF(M21=12,315,IF(M21=14,350,IF(M21=16,400,IF(M21=18,450,""))))))) -> 200 | CU21: 3 | CV21: 22.65 | CW21: =+CV21*CU21 -> 67.95 | CX21: =+IF(CY21>=2,0.8,0.6) -> 0.6 | CY21: =IF(BK21="","",ROUND((1+BR21)/2,2)) -> 1.64 | CZ21: =IF(BK21="","",ROUND(CV21*CX21*CY21*CU21,2)) -> 66.86 | DA21: =IF(BK21="","",ROUND( IF(AND(CY21>=1.5, CY21<2),(CY21*CW21),0),2)) -> 111.44 | DB21: =IF(BK21="","",ROUND(IF(AND(CY21>=2, CY21<4),(CY21*CW21),0),2)) -> 0 | DC21: =IF(BK21="","",ROUND(IF(CY21>=4,(CY21*CW21),0),2)) -> 0 | DD21: =IF(BK21="","",ROUND((PI()*((6*0.0254)^2)/4)*CW21,2)) -> 1.24 | DE21: =IF(BK21="","",ROUND(CW21*CX21,2)) -> 40.77 | DF21: =+CC21 -> D | DG21: =IF(BK21="","",ROUND(IF(DF21="F",DE21,0),2)) -> 0 | DH21: =IF(BK21="","",ROUND( IF(DF21="R",DE21,0),2)) -> 0 | DI21: =IF(DF21="","",IF(DF21="R",0.2,IF(DF21="F",0.07,IF(DF21="D",0)))) -> 0 | DJ21: =IF(BK21="","",ROUND(IF(DE21="","",DE21*DI21),2)) -> 0 | DK21: 0.3 | DL21: =ROUND(IF(CO21="","",IF(OR(DF21="R",DF21="F"),(DK21*DE21),0)),2) -> 0 | DM21: =IF(CO21="","",ROUND(IF(DF21="F",DE21*DK21,0),2)) -> 0 | DN21: =IF(BK21="","",ROUND(CZ21-(DD21+DJ21+DL21+DM21+DP21),2)) -> 61.54 | DO21: =IF(BK21="","",0.1) -> 0.1 | DP21: =+DE21*DO21 -> 4.077 | DQ21: =IF(BK21="","",ROUND(DN21*0.2,2)) -> 12.31 | DR21: =IF(BK21="","",ROUND(DN21*0.8,2)) -> 49.23 | DS21: =IF(BK21="","",ROUND(CZ21-(DD21+DR21),2)) -> 16.39 | DU21: =+A21 -> PZ-10 | DV21: =+BP21+0.2 -> 2.38 | DW21: 1.2 | DX21: 1.6 | DY21: =+((PI()*DX21^2)/4)*DV21*-1 -> -4.7852739 | DZ21: 1.6 | EA21: 1.6 | EB21: =+(DZ21*EA21*DV21) -> 6.0928 | EC21: =+EB21+DY21 -> 1.3075261 | ED21: =+EC21*0.55 -> 0.71913934 | EE21: =+EC21*0.45 -> 0.58838673 | EF21: =+ED21 -> 0.71913934
A22: PZ-11 | B22: PZ-12 | C22: 85.262 | D22: 617.309 | E22: 702.571 | F22: 0.015 | G22: 27.67 | H22: 0.02767 | I22: 0.0021111398 | J22: 0.005 | K22: 0.22542482 | L22: 8.874993 | M22: 12 | N22: 0.315 | O22: 0.284 | P22: 0.051254332 | Q22: 0.80910149 | R22: 0.54 | S22: 0.87 | T22: 0.588 | U22: 1.107 | V22: 0.7039183 | W22: 0.025254891 | X22: 0.078597 | Y22: 0.166992 | Z22: 0.19224689 | AA22: 0.487 | AB22: 0.138308 | AC22: 3.8551828 | AD22: 0.60431601 | AE22: F. Subcrítico | AF22: -0.065117703 | AG22: 0.013023541 | AH22: 2.1126761 | AI22: 0.011562749 | AJ22: 0.024586289 | AK22: 918.31 | AL22: 918.13 | AM22: 916.35825 | AN22: 915.93194 | AO22: 916.04325 | AP22: 915.61694 | AQ22: 916.21025 | AR22: 915.78394 | AS22: 917.29369 | AT22: 916.86738 | AU22: 1.9517465 | AV22: 2.1980565 | AW22: 2.2667465 | AX22: 2.5130565 | AY22: 0.02 | AZ22: PVC | BA22: Suficiente | BB22: Velocidad NORMAL | BC22: Buena | BD22: Normal | BE22: Normal | BF22: Se conecta el TRAMO-7 | BI22: =A22 -> PZ-11 | BJ22: =B22 -> PZ-12 | BK22: =IF(C22="","",ROUND( C22,2)) -> 85.26 | BL22: =IF(BK22="","",ROUND((BK22-1.6),2)) -> 83.66 | BM22: =IF(M22="","",M22) -> 12 | BN22: =IF(BK22="","",ROUND((BK22-1.2),2)) -> 84.06 | BO22: =IF(M22=6,0.5,IF(M22=8,0.6,IF(M22=10,0.65,IF(M22=12,0.7,IF(M22=14,0.75,IF(M22=16,0.8,IF(M22=18,0.85,""))))))) -> 0.7 | BP22: =IF(BK22="","",ROUND((AK22-AO22),2)) -> 2.27 | BQ22: =IF(BK22="","",ROUND((AL22-AP22),2)) -> 2.51 | BR22: =IF(BK22="","",ROUND((BP22+BQ22)/2+0.1,2)) -> 2.49 | BS22: =IF(BK22="","",ROUND( BR22*BO22*BL22,2)) -> 145.82 | BT22: =IF(AND(BR22>=1.5, BR22<2),(BR22*BL22),0) -> 0 | BU22: =IF(AND(BR22>=2, BR22<4),(BR22*BL22),0)*0.78 -> 162.48445 | BV22: =IF(BR22>=4,(BR22*BL22),0) -> 0 | BW22: =IF(BK22="","",ROUND( BS22*$BN$1,2)) -> 0 | BX22: =IF(BK22="","",ROUND(BS22*$BN$2,2)) -> 116.66 | BY22: =IF(BK22="","",ROUND(BS22*$BN$3,2)) -> 24.79 | BZ22: =IF(BL22="","",ROUND(BS22*$BN$4,2)) -> 4.37 | CA22: =IF(BK22="","",ROUND( (PI()*((BM22*0.0254)^2)/4)*BL22,2)) -> 6.1 | CB22: =IF(BK22="","",ROUND(BL22*BO22,2)) -> 58.56 | CC22: D | CD22: =IF(BK22="","",ROUND(IF(CC22="F",CB22,0),2)) -> 0 | CE22: =IF(BK22="","",ROUND(IF(CC22="R",CB22,0),2)) -> 0 | CF22: =IF(CC22="","",IF(CC22="R",0.2,IF(CC22="F",0.07,IF(CC22="D",0)))) -> 0 | CG22: =IF(BK22="","",ROUND(IF(CB22="","",CB22*CF22),2)) -> 0 | CH22: 0.3 | CI22: =ROUND(IF(BK22="","",IF(OR(CC22="R",CC22="F"),(CH22*CB22),0)),2) -> 0 | CJ22: =IF(BK22="","",ROUND(IF(CC22="F",CB22*CH22,0),2)) -> 0 | CK22: =IF(BK22="","",ROUND(BS22-(CA22+CG22+CI22+CJ22+CM22),2)) -> 133.86 | CL22: =IF(BK22="","",0.1) -> 0.1 | CM22: =IF(BK22="","",ROUND((BL22*BO22)*0.1,2)) -> 5.86 | CN22: =IF(BK22="","",ROUND(CK22*$BR$2,2)) -> 38.89 | CO22: =IF(BK22="","",ROUND(CK22*$BR$1,2)) -> 94.97 | CP22: =IF(BK22="","",ROUND(BS22-(CO22),2)) -> 50.85 | CS22: =+M22 -> 12 | CT22: =IF(M22=6,160,IF(M22=8,200,IF(M22=10,250,IF(M22=12,315,IF(M22=14,350,IF(M22=16,400,IF(M22=18,450,""))))))) -> 315 | CU22: 5 | CV22: 28.75 | CW22: =+CV22*CU22 -> 143.75 | CX22: =+IF(CY22>=2,0.8,0.6) -> 0.6 | CY22: =IF(BK22="","",ROUND((1+BR22)/2,2)) -> 1.75 | CZ22: =IF(BK22="","",ROUND(CV22*CX22*CY22*CU22,2)) -> 150.94 | DA22: =IF(BK22="","",ROUND( IF(AND(CY22>=1.5, CY22<2),(CY22*CW22),0),2)) -> 251.56 | DB22: =IF(BK22="","",ROUND(IF(AND(CY22>=2, CY22<4),(CY22*CW22),0),2)) -> 0 | DC22: =IF(BK22="","",ROUND(IF(CY22>=4,(CY22*CW22),0),2)) -> 0 | DD22: =IF(BK22="","",ROUND((PI()*((6*0.0254)^2)/4)*CW22,2)) -> 2.62 | DE22: =IF(BK22="","",ROUND(CW22*CX22,2)) -> 86.25 | DF22: =+CC22 -> D | DG22: =IF(BK22="","",ROUND(IF(DF22="F",DE22,0),2)) -> 0 | DH22: =IF(BK22="","",ROUND( IF(DF22="R",DE22,0),2)) -> 0 | DI22: =IF(DF22="","",IF(DF22="R",0.2,IF(DF22="F",0.07,IF(DF22="D",0)))) -> 0 | DJ22: =IF(BK22="","",ROUND(IF(DE22="","",DE22*DI22),2)) -> 0 | DK22: 0.3 | DL22: =ROUND(IF(CO22="","",IF(OR(DF22="R",DF22="F"),(DK22*DE22),0)),2) -> 0 | DM22: =IF(CO22="","",ROUND(IF(DF22="F",DE22*DK22,0),2)) -> 0 | DN22: =IF(BK22="","",ROUND(CZ22-(DD22+DJ22+DL22+DM22+DP22),2)) -> 139.7 | DO22: =IF(BK22="","",0.1) -> 0.1 | DP22: =+DE22*DO22 -> 8.625 | DQ22: =IF(BK22="","",ROUND(DN22*0.2,2)) -> 27.94 | DR22: =IF(BK22="","",ROUND(DN22*0.8,2)) -> 111.76 | DS22: =IF(BK22="","",ROUND(CZ22-(DD22+DR22),2)) -> 36.56 | DU22: =+A22 -> PZ-11 | DV22: =+BP22+0.2 -> 2.47 | DW22: 1.2 | DX22: 1.6 | DY22: =+((PI()*DX22^2)/4)*DV22*-1 -> -4.9662297 | DZ22: 1.6 | EA22: 1.6 | EB22: =+(DZ22*EA22*DV22) -> 6.3232 | EC22: =+EB22+DY22 -> 1.3569703 | ED22: =+EC22*0.55 -> 0.74633368 | EE22: =+EC22*0.45 -> 0.61063665 | EF22: =+ED22 -> 0.74633368
A23: PZ-12 | B23: PZ-13 | C23: 73.096 | D23: 702.571 | E23: 775.667 | F23: 0.015 | G23: 28.24 | H23: 0.02824 | I23: 0.014911897 | J23: 0.005 | K23: 0.22715514 | L23: 8.9431156 | M23: 12 | N23: 0.315 | O23: 0.284 | P23: 0.051254332 | Q23: 0.80910149 | R23: 0.55 | S23: 0.875 | T23: 0.594 | U23: 1.113 | V23: 0.7079638 | W23: 0.025546012 | X23: 0.079023 | Y23: 0.168696 | Z23: 0.19424201 | AA23: 0.494 | AB23: 0.140296 | AC23: 3.8760782 | AD23: 0.60346753 | AE23: F. Subcrítico | AF23: 0.00029112026 | AG23: 2.9112026e-05 | AH23: 2.1126761 | AI23: 0.0050800903 | AJ23: 0.0051092023 | AK23: 918.13 | AL23: 917.04 | AM23: 915.91194 | AN23: 915.54646 | AO23: 915.59694 | AP23: 915.23146 | AQ23: 915.76564 | AR23: 915.40016 | AS23: 916.84279 | AT23: 916.47731 | AU23: 2.2180565 | AV23: 1.4935365 | AW23: 2.5330565 | AX23: 1.8085365 | AY23: 0.02 | AZ23: PVC | BA23: Suficiente | BB23: Velocidad NORMAL | BC23: Buena | BD23: Normal | BE23: Normal | BI23: =A23 -> PZ-12 | BJ23: =B23 -> PZ-13 | BK23: =IF(C23="","",ROUND( C23,2)) -> 73.1 | BL23: =IF(BK23="","",ROUND((BK23-1.6),2)) -> 71.5 | BM23: =IF(M23="","",M23) -> 12 | BN23: =IF(BK23="","",ROUND((BK23-1.2),2)) -> 71.9 | BO23: =IF(M23=6,0.5,IF(M23=8,0.6,IF(M23=10,0.65,IF(M23=12,0.7,IF(M23=14,0.75,IF(M23=16,0.8,IF(M23=18,0.85,""))))))) -> 0.7 | BP23: =IF(BK23="","",ROUND((AK23-AO23),2)) -> 2.53 | BQ23: =IF(BK23="","",ROUND((AL23-AP23),2)) -> 1.81 | BR23: =IF(BK23="","",ROUND((BP23+BQ23)/2+0.1,2)) -> 2.27 | BS23: =IF(BK23="","",ROUND( BR23*BO23*BL23,2)) -> 113.61 | BT23: =IF(AND(BR23>=1.5, BR23<2),(BR23*BL23),0) -> 0 | BU23: =IF(AND(BR23>=2, BR23<4),(BR23*BL23),0)*0.78 -> 126.5979 | BV23: =IF(BR23>=4,(BR23*BL23),0) -> 0 | BW23: =IF(BK23="","",ROUND( BS23*$BN$1,2)) -> 0 | BX23: =IF(BK23="","",ROUND(BS23*$BN$2,2)) -> 90.89 | BY23: =IF(BK23="","",ROUND(BS23*$BN$3,2)) -> 19.31 | BZ23: =IF(BL23="","",ROUND(BS23*$BN$4,2)) -> 3.41 | CA23: =IF(BK23="","",ROUND( (PI()*((BM23*0.0254)^2)/4)*BL23,2)) -> 5.22 | CB23: =IF(BK23="","",ROUND(BL23*BO23,2)) -> 50.05 | CC23: D | CD23: =IF(BK23="","",ROUND(IF(CC23="F",CB23,0),2)) -> 0 | CE23: =IF(BK23="","",ROUND(IF(CC23="R",CB23,0),2)) -> 0 | CF23: =IF(CC23="","",IF(CC23="R",0.2,IF(CC23="F",0.07,IF(CC23="D",0)))) -> 0 | CG23: =IF(BK23="","",ROUND(IF(CB23="","",CB23*CF23),2)) -> 0 | CH23: 0.3 | CI23: =ROUND(IF(BK23="","",IF(OR(CC23="R",CC23="F"),(CH23*CB23),0)),2) -> 0 | CJ23: =IF(BK23="","",ROUND(IF(CC23="F",CB23*CH23,0),2)) -> 0 | CK23: =IF(BK23="","",ROUND(BS23-(CA23+CG23+CI23+CJ23+CM23),2)) -> 103.38 | CL23: =IF(BK23="","",0.1) -> 0.1 | CM23: =IF(BK23="","",ROUND((BL23*BO23)*0.1,2)) -> 5.01 | CN23: =IF(BK23="","",ROUND(CK23*$BR$2,2)) -> 30.03 | CO23: =IF(BK23="","",ROUND(CK23*$BR$1,2)) -> 73.35 | CP23: =IF(BK23="","",ROUND(BS23-(CO23),2)) -> 40.26 | CS23: =+M23 -> 12 | CT23: =IF(M23=6,160,IF(M23=8,200,IF(M23=10,250,IF(M23=12,315,IF(M23=14,350,IF(M23=16,400,IF(M23=18,450,""))))))) -> 315 | CU23: 2 | CV23: 19.85 | CW23: =+CV23*CU23 -> 39.7 | CX23: =+IF(CY23>=2,0.8,0.6) -> 0.6 | CY23: =IF(BK23="","",ROUND((1+BR23)/2,2)) -> 1.64 | CZ23: =IF(BK23="","",ROUND(CV23*CX23*CY23*CU23,2)) -> 39.06 | DA23: =IF(BK23="","",ROUND( IF(AND(CY23>=1.5, CY23<2),(CY23*CW23),0),2)) -> 65.11 | DB23: =IF(BK23="","",ROUND(IF(AND(CY23>=2, CY23<4),(CY23*CW23),0),2)) -> 0 | DC23: =IF(BK23="","",ROUND(IF(CY23>=4,(CY23*CW23),0),2)) -> 0 | DD23: =IF(BK23="","",ROUND((PI()*((6*0.0254)^2)/4)*CW23,2)) -> 0.72 | DE23: =IF(BK23="","",ROUND(CW23*CX23,2)) -> 23.82 | DF23: =+CC23 -> D | DG23: =IF(BK23="","",ROUND(IF(DF23="F",DE23,0),2)) -> 0 | DH23: =IF(BK23="","",ROUND( IF(DF23="R",DE23,0),2)) -> 0 | DI23: =IF(DF23="","",IF(DF23="R",0.2,IF(DF23="F",0.07,IF(DF23="D",0)))) -> 0 | DJ23: =IF(BK23="","",ROUND(IF(DE23="","",DE23*DI23),2)) -> 0 | DK23: 0.3 | DL23: =ROUND(IF(CO23="","",IF(OR(DF23="R",DF23="F"),(DK23*DE23),0)),2) -> 0 | DM23: =IF(CO23="","",ROUND(IF(DF23="F",DE23*DK23,0),2)) -> 0 | DN23: =IF(BK23="","",ROUND(CZ23-(DD23+DJ23+DL23+DM23+DP23),2)) -> 35.96 | DO23: =IF(BK23="","",0.1) -> 0.1 | DP23: =+DE23*DO23 -> 2.382 | DQ23: =IF(BK23="","",ROUND(DN23*0.2,2)) -> 7.19 | DR23: =IF(BK23="","",ROUND(DN23*0.8,2)) -> 28.77 | DS23: =IF(BK23="","",ROUND(CZ23-(DD23+DR23),2)) -> 9.57 | DU23: =+A23 -> PZ-12 | DV23: =+BP23+0.2 -> 2.73 | DW23: 1.2 | DX23: 1.6 | DY23: =+((PI()*DX23^2)/4)*DV23*-1 -> -5.4889907 | DZ23: 1.6 | EA23: 1.6 | EB23: =+(DZ23*EA23*DV23) -> 6.9888 | EC23: =+EB23+DY23 -> 1.4998093 | ED23: =+EC23*0.55 -> 0.82489512 | EE23: =+EC23*0.45 -> 0.67491419 | EF23: =+ED23 -> 0.82489512
A24: PZ-13 | B24: PZ-14 | C24: 76.937 | D24: 775.667 | E24: 852.604 | F24: 0.015 | G24: 28.45 | H24: 0.02845 | I24: 0.012867671 | J24: 0.0105 | K24: 0.19820428 | L24: 7.8033183 | M24: 12 | N24: 0.315 | O24: 0.284 | P24: 0.074274583 | Q24: 1.1724994 | R24: 0.38 | S24: 0.781 | T24: 0.482 | U24: 0.983 | V24: 0.91572207 | W24: 0.042739394 | X24: 0.069793 | Y24: 0.136888 | Z24: 0.17962739 | AA24: 0.374 | AB24: 0.106216 | AC24: 7.189028 | AD24: 0.89708626 | AE24: F. Subcrítico | AF24: 0.017193382 | AG24: 0.0017193382 | AH24: 2.1126761 | AI24: 0.0068285405 | AJ24: 0.0085478788 | AK24: 917.04 | AL24: 916.05 | AM24: 915.52646 | AN24: 914.71862 | AO24: 915.21146 | AP24: 914.40362 | AQ24: 915.34835 | AR24: 914.54051 | AS24: 916.47221 | AT24: 915.66437 | AU24: 1.5135365 | AV24: 1.331375 | AW24: 1.8285365 | AX24: 1.646375 | AY24: 0.02 | AZ24: PVC | BA24: Suficiente | BB24: Velocidad NORMAL | BC24: Superior al rango | BD24: Normal | BE24: Normal | BI24: =A24 -> PZ-13 | BJ24: =B24 -> PZ-14 | BK24: =IF(C24="","",ROUND( C24,2)) -> 76.94 | BL24: =IF(BK24="","",ROUND((BK24-1.6),2)) -> 75.34 | BM24: =IF(M24="","",M24) -> 12 | BN24: =IF(BK24="","",ROUND((BK24-1.2),2)) -> 75.74 | BO24: =IF(M24=6,0.5,IF(M24=8,0.6,IF(M24=10,0.65,IF(M24=12,0.7,IF(M24=14,0.75,IF(M24=16,0.8,IF(M24=18,0.85,""))))))) -> 0.7 | BP24: =IF(BK24="","",ROUND((AK24-AO24),2)) -> 1.83 | BQ24: =IF(BK24="","",ROUND((AL24-AP24),2)) -> 1.65 | BR24: =IF(BK24="","",ROUND((BP24+BQ24)/2+0.1,2)) -> 1.84 | BS24: =IF(BK24="","",ROUND( BR24*BO24*BL24,2)) -> 97.04 | BT24: =IF(AND(BR24>=1.5, BR24<2),(BR24*BL24),0) -> 138.6256 | BU24: =IF(AND(BR24>=2, BR24<4),(BR24*BL24),0)*0.78 -> 0 | BV24: =IF(BR24>=4,(BR24*BL24),0) -> 0 | BW24: =IF(BK24="","",ROUND( BS24*$BN$1,2)) -> 0 | BX24: =IF(BK24="","",ROUND(BS24*$BN$2,2)) -> 77.63 | BY24: =IF(BK24="","",ROUND(BS24*$BN$3,2)) -> 16.5 | BZ24: =IF(BL24="","",ROUND(BS24*$BN$4,2)) -> 2.91 | CA24: =IF(BK24="","",ROUND( (PI()*((BM24*0.0254)^2)/4)*BL24,2)) -> 5.5 | CB24: =IF(BK24="","",ROUND(BL24*BO24,2)) -> 52.74 | CC24: D | CD24: =IF(BK24="","",ROUND(IF(CC24="F",CB24,0),2)) -> 0 | CE24: =IF(BK24="","",ROUND(IF(CC24="R",CB24,0),2)) -> 0 | CF24: =IF(CC24="","",IF(CC24="R",0.2,IF(CC24="F",0.07,IF(CC24="D",0)))) -> 0 | CG24: =IF(BK24="","",ROUND(IF(CB24="","",CB24*CF24),2)) -> 0 | CH24: 0.3 | CI24: =ROUND(IF(BK24="","",IF(OR(CC24="R",CC24="F"),(CH24*CB24),0)),2) -> 0 | CJ24: =IF(BK24="","",ROUND(IF(CC24="F",CB24*CH24,0),2)) -> 0 | CK24: =IF(BK24="","",ROUND(BS24-(CA24+CG24+CI24+CJ24+CM24),2)) -> 86.27 | CL24: =IF(BK24="","",0.1) -> 0.1 | CM24: =IF(BK24="","",ROUND((BL24*BO24)*0.1,2)) -> 5.27 | CN24: =IF(BK24="","",ROUND(CK24*$BR$2,2)) -> 25.06 | CO24: =IF(BK24="","",ROUND(CK24*$BR$1,2)) -> 61.21 | CP24: =IF(BK24="","",ROUND(BS24-(CO24),2)) -> 35.83 | CS24: =+M24 -> 12 | CT24: =IF(M24=6,160,IF(M24=8,200,IF(M24=10,250,IF(M24=12,315,IF(M24=14,350,IF(M24=16,400,IF(M24=18,450,""))))))) -> 315 | CU24: 2 | CV24: 11.35 | CW24: =+CV24*CU24 -> 22.7 | CX24: =+IF(CY24>=2,0.8,0.6) -> 0.6 | CY24: =IF(BK24="","",ROUND((1+BR24)/2,2)) -> 1.42 | CZ24: =IF(BK24="","",ROUND(CV24*CX24*CY24*CU24,2)) -> 19.34 | DA24: =IF(BK24="","",ROUND( IF(AND(CY24>=1.5, CY24<2),(CY24*CW24),0),2)) -> 0 | DB24: =IF(BK24="","",ROUND(IF(AND(CY24>=2, CY24<4),(CY24*CW24),0),2)) -> 0 | DC24: =IF(BK24="","",ROUND(IF(CY24>=4,(CY24*CW24),0),2)) -> 0 | DD24: =IF(BK24="","",ROUND((PI()*((6*0.0254)^2)/4)*CW24,2)) -> 0.41 | DE24: =IF(BK24="","",ROUND(CW24*CX24,2)) -> 13.62 | DF24: =+CC24 -> D | DG24: =IF(BK24="","",ROUND(IF(DF24="F",DE24,0),2)) -> 0 | DH24: =IF(BK24="","",ROUND( IF(DF24="R",DE24,0),2)) -> 0 | DI24: =IF(DF24="","",IF(DF24="R",0.2,IF(DF24="F",0.07,IF(DF24="D",0)))) -> 0 | DJ24: =IF(BK24="","",ROUND(IF(DE24="","",DE24*DI24),2)) -> 0 | DK24: 0.3 | DL24: =ROUND(IF(CO24="","",IF(OR(DF24="R",DF24="F"),(DK24*DE24),0)),2) -> 0 | DM24: =IF(CO24="","",ROUND(IF(DF24="F",DE24*DK24,0),2)) -> 0 | DN24: =IF(BK24="","",ROUND(CZ24-(DD24+DJ24+DL24+DM24+DP24),2)) -> 17.57 | DO24: =IF(BK24="","",0.1) -> 0.1 | DP24: =+DE24*DO24 -> 1.362 | DQ24: =IF(BK24="","",ROUND(DN24*0.2,2)) -> 3.51 | DR24: =IF(BK24="","",ROUND(DN24*0.8,2)) -> 14.06 | DS24: =IF(BK24="","",ROUND(CZ24-(DD24+DR24),2)) -> 4.87 | DU24: =+A24 -> PZ-13 | DV24: =+BP24+0.2 -> 2.03 | DW24: 1.2 | DX24: 1.6 | DY24: =+((PI()*DX24^2)/4)*DV24*-1 -> -4.0815572 | DZ24: 1.6 | EA24: 1.6 | EB24: =+(DZ24*EA24*DV24) -> 5.1968 | EC24: =+EB24+DY24 -> 1.1152428 | ED24: =+EC24*0.55 -> 0.61338355 | EE24: =+EC24*0.45 -> 0.50185927 | EF24: =+ED24 -> 0.61338355
A25: PZ-14 | B25: PZ-15 | C25: 30.874 | D25: 852.604 | E25: 883.478 | F25: 0.015 | G25: 28.54 | H25: 0.02854 | I25: 0.061540455 | J25: 0.005 | K25: 0.22805707 | L25: 8.9786248 | M25: 12 | N25: 0.315 | O25: 0.284 | P25: 0.051254332 | Q25: 0.80910149 | R25: 0.56 | S25: 0.88 | T25: 0.601 | U25: 1.121 | V25: 0.71200931 | W25: 0.0258388 | X25: 0.079591 | Y25: 0.170684 | Z25: 0.1965228 | AA25: 0.505 | AB25: 0.14342 | AC25: 3.9039386 | AD25: 0.60026954 | AE25: F. Subcrítico | AF25: -0.016900594 | AG25: 0.0033801188 | AH25: 2.1126761 | AI25: 0.0068578194 | AJ25: 0.010237938 | AK25: 916.05 | AL25: 914.15 | AM25: 914.69862 | AN25: 914.54426 | AO25: 914.38362 | AP25: 914.22925 | AQ25: 914.55431 | AR25: 914.39994 | AS25: 915.65582 | AT25: 915.50145 | AU25: 1.351375 | AV25: -0.394255 | AW25: 1.666375 | AX25: -0.079255 | AY25: 0.02 | AZ25: PVC | BA25: Suficiente | BB25: Velocidad NORMAL | BC25: Buena | BD25: Normal | BE25: Superficial | BF25: Encofrar tubería últimos L: 5.0 m | BI25: =A25 -> PZ-14 | BJ25: =B25 -> PZ-15 | BK25: =IF(C25="","",ROUND( C25,2)) -> 30.87 | BL25: =IF(BK25="","",ROUND((BK25-1.6),2)) -> 29.27 | BM25: =IF(M25="","",M25) -> 12 | BN25: =IF(BK25="","",ROUND((BK25-1.2),2)) -> 29.67 | BO25: =IF(M25=6,0.5,IF(M25=8,0.6,IF(M25=10,0.65,IF(M25=12,0.7,IF(M25=14,0.75,IF(M25=16,0.8,IF(M25=18,0.85,""))))))) -> 0.7 | BP25: =IF(BK25="","",ROUND((AK25-AO25),2)) -> 1.67 | BQ25: =IF(BK25="","",ROUND((AL25-AP25),2)) -> -0.08 | BR25: =IF(BK25="","",ROUND((BP25+BQ25)/2+0.1,2)) -> 0.9 | BS25: =IF(BK25="","",ROUND( BR25*BO25*BL25,2)) -> 18.44 | BT25: =IF(AND(BR25>=1.5, BR25<2),(BR25*BL25),0) -> 0 | BU25: =IF(AND(BR25>=2, BR25<4),(BR25*BL25),0)*0.78 -> 0 | BV25: =IF(BR25>=4,(BR25*BL25),0) -> 0 | BW25: =IF(BK25="","",ROUND( BS25*$BN$1,2)) -> 0 | BX25: =IF(BK25="","",ROUND(BS25*$BN$2,2)) -> 14.75 | BY25: =IF(BK25="","",ROUND(BS25*$BN$3,2)) -> 3.13 | BZ25: =IF(BL25="","",ROUND(BS25*$BN$4,2)) -> 0.55 | CA25: =IF(BK25="","",ROUND( (PI()*((BM25*0.0254)^2)/4)*BL25,2)) -> 2.14 | CB25: =IF(BK25="","",ROUND(BL25*BO25,2)) -> 20.49 | CC25: D | CD25: =IF(BK25="","",ROUND(IF(CC25="F",CB25,0),2)) -> 0 | CE25: =IF(BK25="","",ROUND(IF(CC25="R",CB25,0),2)) -> 0 | CF25: =IF(CC25="","",IF(CC25="R",0.2,IF(CC25="F",0.07,IF(CC25="D",0)))) -> 0 | CG25: =IF(BK25="","",ROUND(IF(CB25="","",CB25*CF25),2)) -> 0 | CH25: 0.3 | CI25: =ROUND(IF(BK25="","",IF(OR(CC25="R",CC25="F"),(CH25*CB25),0)),2) -> 0 | CJ25: =IF(BK25="","",ROUND(IF(CC25="F",CB25*CH25,0),2)) -> 0 | CK25: =IF(BK25="","",ROUND(BS25-(CA25+CG25+CI25+CJ25+CM25),2)) -> 14.25 | CL25: =IF(BK25="","",0.1) -> 0.1 | CM25: =IF(BK25="","",ROUND((BL25*BO25)*0.1,2)) -> 2.05 | CN25: =IF(BK25="","",ROUND(CK25*$BR$2,2)) -> 4.14 | CO25: =IF(BK25="","",ROUND(CK25*$BR$1,2)) -> 10.11 | CP25: =IF(BK25="","",ROUND(BS25-(CO25),2)) -> 8.33 | CS25: =+M25 -> 12 | CT25: =IF(M25=6,160,IF(M25=8,200,IF(M25=10,250,IF(M25=12,315,IF(M25=14,350,IF(M25=16,400,IF(M25=18,450,""))))))) -> 315 | CU25: 2 | CV25: 14.05 | CW25: =+CV25*CU25 -> 28.1 | CX25: =+IF(CY25>=2,0.8,0.6) -> 0.6 | CY25: =IF(BK25="","",ROUND((1+BR25)/2,2)) -> 0.95 | CZ25: =IF(BK25="","",ROUND(CV25*CX25*CY25*CU25,2)) -> 16.02 | DA25: =IF(BK25="","",ROUND( IF(AND(CY25>=1.5, CY25<2),(CY25*CW25),0),2)) -> 0 | DB25: =IF(BK25="","",ROUND(IF(AND(CY25>=2, CY25<4),(CY25*CW25),0),2)) -> 0 | DC25: =IF(BK25="","",ROUND(IF(CY25>=4,(CY25*CW25),0),2)) -> 0 | DD25: =IF(BK25="","",ROUND((PI()*((6*0.0254)^2)/4)*CW25,2)) -> 0.51 | DE25: =IF(BK25="","",ROUND(CW25*CX25,2)) -> 16.86 | DF25: =+CC25 -> D | DG25: =IF(BK25="","",ROUND(IF(DF25="F",DE25,0),2)) -> 0 | DH25: =IF(BK25="","",ROUND( IF(DF25="R",DE25,0),2)) -> 0 | DI25: =IF(DF25="","",IF(DF25="R",0.2,IF(DF25="F",0.07,IF(DF25="D",0)))) -> 0 | DJ25: =IF(BK25="","",ROUND(IF(DE25="","",DE25*DI25),2)) -> 0 | DK25: 0.3 | DL25: =ROUND(IF(CO25="","",IF(OR(DF25="R",DF25="F"),(DK25*DE25),0)),2) -> 0 | DM25: =IF(CO25="","",ROUND(IF(DF25="F",DE25*DK25,0),2)) -> 0 | DN25: =IF(BK25="","",ROUND(CZ25-(DD25+DJ25+DL25+DM25+DP25),2)) -> 13.82 | DO25: =IF(BK25="","",0.1) -> 0.1 | DP25: =+DE25*DO25 -> 1.686 | DQ25: =IF(BK25="","",ROUND(DN25*0.2,2)) -> 2.76 | DR25: =IF(BK25="","",ROUND(DN25*0.8,2)) -> 11.06 | DS25: =IF(BK25="","",ROUND(CZ25-(DD25+DR25),2)) -> 4.45 | DU25: =+A25 -> PZ-14 | DV25: 1.85 | DW25: 1.2 | DX25: 1.6 | DY25: =+((PI()*DX25^2)/4)*DV25*-1 -> -3.7196457 | DZ25: 1.6 | EA25: 1.6 | EB25: =+(DZ25*EA25*DV25) -> 4.736 | EC25: =+EB25+DY25 -> 1.0163543 | ED25: =+EC25*0.55 -> 0.55899486 | EE25: =+EC25*0.45 -> 0.45735943 | EF25: =+ED25 -> 0.55899486
A26: PZ-15 | B26: PZ-16 | C26: 25.037 | D26: 883.478 | E26: 908.515 | F26: 0.015 | G26: 28.6 | H26: 0.0286 | I26: 0.018772217 | J26: 0.005 | K26: 0.22823675 | L26: 8.9856986 | M26: 12 | N26: 0.315 | O26: 0.284 | P26: 0.051254332 | Q26: 0.80910149 | R26: 0.56 | S26: 0.88 | T26: 0.601 | U26: 1.121 | V26: 0.71200931 | W26: 0.0258388 | X26: 0.079591 | Y26: 0.170684 | Z26: 0.1965228 | AA26: 0.505 | AB26: 0.14342 | AC26: 3.9039386 | AD26: 0.60026954 | AE26: F. Subcrítico | AF26: 0 | AG26: 0 | AH26: 2.1126761 | AI26: 0.00516776 | AJ26: 0.00516776 | AK26: 914.15 | AL26: 913.68 | AM26: 914.52426 | AN26: 914.39907 | AO26: 914.20925 | AP26: 914.08407 | AQ26: 914.37994 | AR26: 914.25475 | AS26: 915.49121 | AT26: 915.36603 | AU26: -0.374255 | AV26: -0.71907 | AW26: -0.059255 | AX26: -0.40407 | AY26: 0.02 | AZ26: PVC | BA26: Suficiente | BB26: Velocidad NORMAL | BC26: Buena | BD26: Superficial | BE26: Superficial | BF26: Viaducto L: 22.50 m para tubería de Ø 12" | BI26: =A26 -> PZ-15 | BJ26: =B26 -> PZ-16 | BK26: =IF(C26="","",ROUND( C26,2)) -> 25.04 | BL26: =IF(BK26="","",ROUND((BK26-1.6),2)) -> 23.44 | BM26: =IF(M26="","",M26) -> 12 | BN26: =IF(BK26="","",ROUND((BK26-1.2),2)) -> 23.84 | BO26: =IF(M26=6,0.5,IF(M26=8,0.6,IF(M26=10,0.65,IF(M26=12,0.7,IF(M26=14,0.75,IF(M26=16,0.8,IF(M26=18,0.85,""))))))) -> 0.7 | BU26: =IF(AND(BR26>=2, BR26<4),(BR26*BL26),0)*0.78 -> 0 | BW26: =IF(BK26="","",ROUND( BS26*$BN$1,2)) -> 0 | BX26: =IF(BK26="","",ROUND(BS26*$BN$2,2)) -> 0 | BY26: =IF(BK26="","",ROUND(BS26*$BN$3,2)) -> 0 | BZ26: =IF(BL26="","",ROUND(BS26*$BN$4,2)) -> 0 | CN26: =IF(BK26="","",ROUND(CK26*$BR$2,2)) -> 0 | CO26: =IF(BK26="","",ROUND(CK26*$BR$1,2)) -> 0 | CS26: =+M26 -> 12 | CT26: =IF(M26=6,160,IF(M26=8,200,IF(M26=10,250,IF(M26=12,315,IF(M26=14,350,IF(M26=16,400,IF(M26=18,450,""))))))) -> 315 | CU26: 0 | DO26: =IF(BK26="","",0.1) -> 0.1 | DQ26: =IF(BK26="","",ROUND(DN26*0.2,2)) -> 0 | DR26: =IF(BK26="","",ROUND(DN26*0.8,2)) -> 0 | DU26: =+A26 -> PZ-15 | DV26: 1.85 | DW26: 1.2 | DX26: 1.6 | DY26: =+((PI()*DX26^2)/4)*DV26*-1 -> -3.7196457 | DZ26: 1.6 | EA26: 1.6 | EB26: =+(DZ26*EA26*DV26) -> 4.736 | EC26: =+EB26+DY26 -> 1.0163543 | ED26: =+EC26*0.55 -> 0.55899486 | EE26: =+EC26*0.45 -> 0.45735943 | EF26: =+ED26 -> 0.55899486
A27: PZ-16 | B27: PZ-17 | C27: 25.389 | D27: 908.515 | E27: 933.904 | F27: 0.015 | G27: 28.66 | H27: 0.02866 | I27: -0.077592658 | J27: 0.005 | K27: 0.22841618 | L27: 8.9927632 | M27: 12 | N27: 0.315 | O27: 0.284 | P27: 0.051254332 | Q27: 0.80910149 | R27: 0.56 | S27: 0.88 | T27: 0.601 | U27: 1.121 | V27: 0.71200931 | W27: 0.0258388 | X27: 0.079591 | Y27: 0.170684 | Z27: 0.1965228 | AA27: 0.505 | AB27: 0.14342 | AC27: 3.9039386 | AD27: 0.60026954 | AE27: F. Subcrítico | AF27: 0 | AG27: 0 | AH27: 2.1126761 | AI27: 0.00516776 | AJ27: 0.00516776 | AK27: 913.68 | AL27: 915.65 | AM27: 914.37907 | AN27: 914.25213 | AO27: 914.06407 | AP27: 913.93713 | AQ27: 914.23475 | AR27: 914.10781 | AS27: 915.36086 | AT27: 915.23391 | AU27: -0.69907 | AV27: 1.397875 | AW27: -0.38407 | AX27: 1.712875 | AY27: 0.02 | AZ27: PVC | BA27: Suficiente | BB27: Velocidad NORMAL | BC27: Buena | BD27: Superficial | BE27: Normal | BF27: Encofrar tubería primeros L: 5.0 m | BI27: =A27 -> PZ-16 | BJ27: =B27 -> PZ-17 | BK27: =IF(C27="","",ROUND( C27,2)) -> 25.39 | BL27: =IF(BK27="","",ROUND((BK27-1.6),2)) -> 23.79 | BM27: =IF(M27="","",M27) -> 12 | BN27: =IF(BK27="","",ROUND((BK27-1.2),2)) -> 24.19 | BO27: =IF(M27=6,0.5,IF(M27=8,0.6,IF(M27=10,0.65,IF(M27=12,0.7,IF(M27=14,0.75,IF(M27=16,0.8,IF(M27=18,0.85,""))))))) -> 0.7 | BP27: =IF(BK27="","",ROUND((AK27-AO27),2)) -> -0.38 | BQ27: =IF(BK27="","",ROUND((AL27-AP27),2)) -> 1.71 | BR27: =IF(BK27="","",ROUND((BP27+BQ27)/2+0.1,2)) -> 0.77 | BS27: =IF(BK27="","",ROUND( BR27*BO27*BL27,2)) -> 12.82 | BT27: =IF(AND(BR27>=1.5, BR27<2),(BR27*BL27),0) -> 0 | BU27: =IF(AND(BR27>=2, BR27<4),(BR27*BL27),0)*0.78 -> 0 | BV27: =IF(BR27>=4,(BR27*BL27),0) -> 0 | BW27: =IF(BK27="","",ROUND( BS27*$BN$1,2)) -> 0 | BX27: =IF(BK27="","",ROUND(BS27*$BN$2,2)) -> 10.26 | BY27: =IF(BK27="","",ROUND(BS27*$BN$3,2)) -> 2.18 | BZ27: =IF(BL27="","",ROUND(BS27*$BN$4,2)) -> 0.38 | CA27: =IF(BK27="","",ROUND( (PI()*((BM27*0.0254)^2)/4)*BL27,2)) -> 1.74 | CB27: =IF(BK27="","",ROUND(BL27*BO27,2)) -> 16.65 | CC27: D | CD27: =IF(BK27="","",ROUND(IF(CC27="F",CB27,0),2)) -> 0 | CE27: =IF(BK27="","",ROUND(IF(CC27="R",CB27,0),2)) -> 0 | CF27: =IF(CC27="","",IF(CC27="R",0.2,IF(CC27="F",0.07,IF(CC27="D",0)))) -> 0 | CG27: =IF(BK27="","",ROUND(IF(CB27="","",CB27*CF27),2)) -> 0 | CH27: 0.3 | CI27: =ROUND(IF(BK27="","",IF(OR(CC27="R",CC27="F"),(CH27*CB27),0)),2) -> 0 | CJ27: =IF(BK27="","",ROUND(IF(CC27="F",CB27*CH27,0),2)) -> 0 | CK27: =IF(BK27="","",ROUND(BS27-(CA27+CG27+CI27+CJ27+CM27),2)) -> 9.41 | CL27: =IF(BK27="","",0.1) -> 0.1 | CM27: =IF(BK27="","",ROUND((BL27*BO27)*0.1,2)) -> 1.67 | CN27: =IF(BK27="","",ROUND(CK27*$BR$2,2)) -> 2.73 | CO27: =IF(BK27="","",ROUND(CK27*$BR$1,2)) -> 6.68 | CP27: =IF(BK27="","",ROUND(BS27-(CO27),2)) -> 6.14 | CS27: =+M27 -> 12 | CT27: =IF(M27=6,160,IF(M27=8,200,IF(M27=10,250,IF(M27=12,315,IF(M27=14,350,IF(M27=16,400,IF(M27=18,450,""))))))) -> 315 | CU27: 0 | CV27: 0 | CW27: =+CV27*CU27 -> 0 | CX27: =+IF(CY27>=2,0.8,0.6) -> 0.6 | CY27: =IF(BK27="","",ROUND((1+BR27)/2,2)) -> 0.89 | CZ27: =IF(BK27="","",ROUND(CV27*CX27*CY27*CU27,2)) -> 0 | DA27: =IF(BK27="","",ROUND( IF(AND(CY27>=1.5, CY27<2),(CY27*CW27),0),2)) -> 0 | DB27: =IF(BK27="","",ROUND(IF(AND(CY27>=2, CY27<4),(CY27*CW27),0),2)) -> 0 | DC27: =IF(BK27="","",ROUND(IF(CY27>=4,(CY27*CW27),0),2)) -> 0 | DD27: =IF(BK27="","",ROUND((PI()*((6*0.0254)^2)/4)*CW27,2)) -> 0 | DE27: =IF(BK27="","",ROUND(CW27*CX27,2)) -> 0 | DF27: =+CC27 -> D | DG27: =IF(BK27="","",ROUND(IF(DF27="F",DE27,0),2)) -> 0 | DH27: =IF(BK27="","",ROUND( IF(DF27="R",DE27,0),2)) -> 0 | DI27: =IF(DF27="","",IF(DF27="R",0.2,IF(DF27="F",0.07,IF(DF27="D",0)))) -> 0 | DJ27: =IF(BK27="","",ROUND(IF(DE27="","",DE27*DI27),2)) -> 0 | DK27: 0.3 | DL27: =ROUND(IF(CO27="","",IF(OR(DF27="R",DF27="F"),(DK27*DE27),0)),2) -> 0 | DM27: =IF(CO27="","",ROUND(IF(DF27="F",DE27*DK27,0),2)) -> 0 | DN27: =IF(BK27="","",ROUND(CZ27-(DD27+DJ27+DL27+DM27+DP27),2)) -> 0 | DO27: =IF(BK27="","",0.1) -> 0.1 | DP27: =+DE27*DO27 -> 0 | DQ27: =IF(BK27="","",ROUND(DN27*0.2,2)) -> 0 | DR27: =IF(BK27="","",ROUND(DN27*0.8,2)) -> 0 | DS27: =IF(BK27="","",ROUND(CZ27-(DD27+DR27),2)) -> 0 | DU27: =+A27 -> PZ-16 | DV27: =1.64+0.2 -> 1.84 | DW27: 1.2 | DX27: 1.6 | DY27: =+((PI()*DX27^2)/4)*DV27*-1 -> -3.6995395 | DZ27: 1.6 | EA27: 1.6 | EB27: =+(DZ27*EA27*DV27) -> 4.7104 | EC27: =+EB27+DY27 -> 1.0108605 | ED27: =+EC27*0.55 -> 0.55597327 | EE27: =+EC27*0.45 -> 0.45488722 | EF27: =+ED27 -> 0.55597327
A28: PZ-17 | B28: PZ-18 | C28: 87.568 | D28: 933.904 | E28: 1021.472 | F28: 0.015 | G28: 28.92 | H28: 0.02892 | I28: 0.024552348 | J28: 0.0235 | K28: 0.17146651 | L28: 6.7506501 | M28: 12 | N28: 0.315 | O28: 0.284 | P28: 0.11111674 | Q28: 1.7540902 | R28: 0.26 | S28: 0.7 | T28: 0.393 | U28: 0.848 | V28: 1.2278632 | W28: 0.076842403 | X28: 0.060208 | Y28: 0.111612 | Z28: 0.1884544 | AA28: 0.294 | AB28: 0.083496 | AC28: 13.880051 | AD28: 1.3566963 | AE28: Supercrítico | AF28: 0.051003603 | AG28: 0.0051003603 | AH28: 2.1126761 | AI28: 0.01026812 | AJ28: 0.015368481 | AK28: 915.65 | AL28: 913.5 | AM28: 914.23213 | AN28: 912.17428 | AO28: 913.91713 | AP28: 911.85928 | AQ28: 914.02874 | AR28: 911.97089 | AS28: 915.22875 | AT28: 913.1709 | AU28: 1.417875 | AV28: 1.325723 | AW28: 1.732875 | AX28: 1.640723 | AY28: 0.0048145 | AZ28: PVC | BA28: Suficiente | BB28: Velocidad NORMAL | BC28: Superior al rango | BD28: Normal | BE28: Normal | BI28: =A28 -> PZ-17 | BJ28: =B28 -> PZ-18 | BK28: =IF(C28="","",ROUND( C28,2)) -> 87.57 | BL28: =IF(BK28="","",ROUND((BK28-1.6),2)) -> 85.97 | BM28: =IF(M28="","",M28) -> 12 | BN28: =IF(BK28="","",ROUND((BK28-1.2),2)) -> 86.37 | BO28: =IF(M28=6,0.5,IF(M28=8,0.6,IF(M28=10,0.65,IF(M28=12,0.7,IF(M28=14,0.75,IF(M28=16,0.8,IF(M28=18,0.85,""))))))) -> 0.7 | BP28: =IF(BK28="","",ROUND((AK28-AO28),2)) -> 1.73 | BQ28: =IF(BK28="","",ROUND((AL28-AP28),2)) -> 1.64 | BR28: =IF(BK28="","",ROUND((BP28+BQ28)/2+0.1,2)) -> 1.79 | BS28: =IF(BK28="","",ROUND( BR28*BO28*BL28,2)) -> 107.72 | BT28: =IF(AND(BR28>=1.5, BR28<2),(BR28*BL28),0) -> 153.8863 | BU28: =IF(AND(BR28>=2, BR28<4),(BR28*BL28),0)*0.78 -> 0 | BV28: =IF(BR28>=4,(BR28*BL28),0) -> 0 | BW28: =IF(BK28="","",ROUND( BS28*$BN$1,2)) -> 0 | BX28: =IF(BK28="","",ROUND(BS28*$BN$2,2)) -> 86.18 | BY28: =IF(BK28="","",ROUND(BS28*$BN$3,2)) -> 18.31 | BZ28: =IF(BL28="","",ROUND(BS28*$BN$4,2)) -> 3.23 | CA28: =IF(BK28="","",ROUND( (PI()*((BM28*0.0254)^2)/4)*BL28,2)) -> 6.27 | CB28: =IF(BK28="","",ROUND(BL28*BO28,2)) -> 60.18 | CC28: D | CD28: =IF(BK28="","",ROUND(IF(CC28="F",CB28,0),2)) -> 0 | CE28: =IF(BK28="","",ROUND(IF(CC28="R",CB28,0),2)) -> 0 | CF28: =IF(CC28="","",IF(CC28="R",0.2,IF(CC28="F",0.07,IF(CC28="D",0)))) -> 0 | CG28: =IF(BK28="","",ROUND(IF(CB28="","",CB28*CF28),2)) -> 0 | CH28: 0.3 | CI28: =ROUND(IF(BK28="","",IF(OR(CC28="R",CC28="F"),(CH28*CB28),0)),2) -> 0 | CJ28: =IF(BK28="","",ROUND(IF(CC28="F",CB28*CH28,0),2)) -> 0 | CK28: =IF(BK28="","",ROUND(BS28-(CA28+CG28+CI28+CJ28+CM28),2)) -> 95.43 | CL28: =IF(BK28="","",0.1) -> 0.1 | CM28: =IF(BK28="","",ROUND((BL28*BO28)*0.1,2)) -> 6.02 | CN28: =IF(BK28="","",ROUND(CK28*$BR$2,2)) -> 27.72 | CO28: =IF(BK28="","",ROUND(CK28*$BR$1,2)) -> 67.71 | CP28: =IF(BK28="","",ROUND(BS28-(CO28),2)) -> 40.01 | CS28: =+M28 -> 12 | CT28: =IF(M28=6,160,IF(M28=8,200,IF(M28=10,250,IF(M28=12,315,IF(M28=14,350,IF(M28=16,400,IF(M28=18,450,""))))))) -> 315 | CU28: 4 | CV28: 19.25 | CW28: =+CV28*CU28 -> 77 | CX28: =+IF(CY28>=2,0.8,0.6) -> 0.6 | CY28: =IF(BK28="","",ROUND((1+BR28)/2,2)) -> 1.4 | CZ28: =IF(BK28="","",ROUND(CV28*CX28*CY28*CU28,2)) -> 64.68 | DA28: =IF(BK28="","",ROUND( IF(AND(CY28>=1.5, CY28<2),(CY28*CW28),0),2)) -> 0 | DB28: =IF(BK28="","",ROUND(IF(AND(CY28>=2, CY28<4),(CY28*CW28),0),2)) -> 0 | DC28: =IF(BK28="","",ROUND(IF(CY28>=4,(CY28*CW28),0),2)) -> 0 | DD28: =IF(BK28="","",ROUND((PI()*((6*0.0254)^2)/4)*CW28,2)) -> 1.4 | DE28: =IF(BK28="","",ROUND(CW28*CX28,2)) -> 46.2 | DF28: =+CC28 -> D | DG28: =IF(BK28="","",ROUND(IF(DF28="F",DE28,0),2)) -> 0 | DH28: =IF(BK28="","",ROUND( IF(DF28="R",DE28,0),2)) -> 0 | DI28: =IF(DF28="","",IF(DF28="R",0.2,IF(DF28="F",0.07,IF(DF28="D",0)))) -> 0 | DJ28: =IF(BK28="","",ROUND(IF(DE28="","",DE28*DI28),2)) -> 0 | DK28: 0.3 | DL28: =ROUND(IF(CO28="","",IF(OR(DF28="R",DF28="F"),(DK28*DE28),0)),2) -> 0 | DM28: =IF(CO28="","",ROUND(IF(DF28="F",DE28*DK28,0),2)) -> 0 | DN28: =IF(BK28="","",ROUND(CZ28-(DD28+DJ28+DL28+DM28+DP28),2)) -> 58.66 | DO28: =IF(BK28="","",0.1) -> 0.1 | DP28: =+DE28*DO28 -> 4.62 | DQ28: =IF(BK28="","",ROUND(DN28*0.2,2)) -> 11.73 | DR28: =IF(BK28="","",ROUND(DN28*0.8,2)) -> 46.93 | DS28: =IF(BK28="","",ROUND(CZ28-(DD28+DR28),2)) -> 16.35 | DU28: =+A28 -> PZ-17 | DV28: =+BP28+0.2 -> 1.93 | DW28: 1.2 | DX28: 1.6 | DY28: =+((PI()*DX28^2)/4)*DV28*-1 -> -3.8804952 | DZ28: 1.6 | EA28: 1.6 | EB28: =+(DZ28*EA28*DV28) -> 4.9408 | EC28: =+EB28+DY28 -> 1.0603048 | ED28: =+EC28*0.55 -> 0.58316761 | EE28: =+EC28*0.45 -> 0.47713714 | EF28: =+ED28 -> 0.58316761
A29: PZ-18 | B29: PZ-19 | C29: 70.424 | D29: 1021.472 | E29: 1091.896 | F29: 0.015 | G29: 30.88 | H29: 0.03088 | I29: -0.0045439055 | J29: 0.005 | K29: 0.2348969 | L29: 9.2479095 | M29: 12 | N29: 0.315 | O29: 0.284 | P29: 0.051254332 | Q29: 0.80910149 | R29: 0.6 | S29: 0.9 | T29: 0.626 | U29: 1.136 | V29: 0.72819134 | W29: 0.027026637 | X29: 0.080656 | Y29: 0.177784 | Z29: 0.20481064 | AA29: 0.334 | AB29: 0.094856 | AC29: 3.9561768 | AD29: 0.75488119 | AE29: F. Subcrítico | AF29: -0.049815765 | AG29: 0.009963153 | AH29: 2.1126761 | AI29: 0.010386904 | AJ29: 0.020350057 | AK29: 913.5 | AL29: 913.82 | AM29: 912.16946 | AN29: 911.81734 | AO29: 911.85446 | AP29: 911.50234 | AQ29: 912.03225 | AR29: 911.68013 | AS29: 913.15553 | AT29: 912.80341 | AU29: 1.3305375 | AV29: 2.0026575 | AW29: 1.6455375 | AX29: 2.3176575 | AY29: 0.02 | AZ29: PVC | BA29: Suficiente | BB29: Velocidad NORMAL | BC29: Buena | BD29: Normal | BE29: Normal | BI29: =A29 -> PZ-18 | BJ29: =B29 -> PZ-19 | BK29: =IF(C29="","",ROUND( C29,2)) -> 70.42 | BL29: =IF(BK29="","",ROUND((BK29-1.6),2)) -> 68.82 | BM29: =IF(M29="","",M29) -> 12 | BN29: =IF(BK29="","",ROUND((BK29-1.2),2)) -> 69.22 | BO29: =IF(M29=6,0.5,IF(M29=8,0.6,IF(M29=10,0.65,IF(M29=12,0.7,IF(M29=14,0.75,IF(M29=16,0.8,IF(M29=18,0.85,""))))))) -> 0.7 | BP29: =IF(BK29="","",ROUND((AK29-AO29),2)) -> 1.65 | BQ29: =IF(BK29="","",ROUND((AL29-AP29),2)) -> 2.32 | BR29: =IF(BK29="","",ROUND((BP29+BQ29)/2+0.1,2)) -> 2.09 | BS29: =IF(BK29="","",ROUND( BR29*BO29*BL29,2)) -> 100.68 | BT29: =IF(AND(BR29>=1.5, BR29<2),(BR29*BL29),0) -> 0 | BU29: =IF(AND(BR29>=2, BR29<4),(BR29*BL29),0)*0.78 -> 112.19036 | BV29: =IF(BR29>=4,(BR29*BL29),0) -> 0 | BW29: =IF(BK29="","",ROUND( BS29*$BN$1,2)) -> 0 | BX29: =IF(BK29="","",ROUND(BS29*$BN$2,2)) -> 80.54 | BY29: =IF(BK29="","",ROUND(BS29*$BN$3,2)) -> 17.12 | BZ29: =IF(BL29="","",ROUND(BS29*$BN$4,2)) -> 3.02 | CA29: =IF(BK29="","",ROUND( (PI()*((BM29*0.0254)^2)/4)*BL29,2)) -> 5.02 | CB29: =IF(BK29="","",ROUND(BL29*BO29,2)) -> 48.17 | CC29: D | CD29: =IF(BK29="","",ROUND(IF(CC29="F",CB29,0),2)) -> 0 | CE29: =IF(BK29="","",ROUND(IF(CC29="R",CB29,0),2)) -> 0 | CF29: =IF(CC29="","",IF(CC29="R",0.2,IF(CC29="F",0.07,IF(CC29="D",0)))) -> 0 | CG29: =IF(BK29="","",ROUND(IF(CB29="","",CB29*CF29),2)) -> 0 | CH29: 0.3 | CI29: =ROUND(IF(BK29="","",IF(OR(CC29="R",CC29="F"),(CH29*CB29),0)),2) -> 0 | CJ29: =IF(BK29="","",ROUND(IF(CC29="F",CB29*CH29,0),2)) -> 0 | CK29: =IF(BK29="","",ROUND(BS29-(CA29+CG29+CI29+CJ29+CM29),2)) -> 90.84 | CL29: =IF(BK29="","",0.1) -> 0.1 | CM29: =IF(BK29="","",ROUND((BL29*BO29)*0.1,2)) -> 4.82 | CN29: =IF(BK29="","",ROUND(CK29*$BR$2,2)) -> 26.39 | CO29: =IF(BK29="","",ROUND(CK29*$BR$1,2)) -> 64.45 | CP29: =IF(BK29="","",ROUND(BS29-(CO29),2)) -> 36.23 | CS29: =+M29 -> 12 | CT29: =IF(M29=6,160,IF(M29=8,200,IF(M29=10,250,IF(M29=12,315,IF(M29=14,350,IF(M29=16,400,IF(M29=18,450,""))))))) -> 315 | CU29: 0 | CV29: 0 | CW29: =+CV29*CU29 -> 0 | CX29: =+IF(CY29>=2,0.8,0.6) -> 0.6 | CY29: =IF(BK29="","",ROUND((1+BR29)/2,2)) -> 1.55 | CZ29: =IF(BK29="","",ROUND(CV29*CX29*CY29*CU29,2)) -> 0 | DA29: =IF(BK29="","",ROUND( IF(AND(CY29>=1.5, CY29<2),(CY29*CW29),0),2)) -> 0 | DB29: =IF(BK29="","",ROUND(IF(AND(CY29>=2, CY29<4),(CY29*CW29),0),2)) -> 0 | DC29: =IF(BK29="","",ROUND(IF(CY29>=4,(CY29*CW29),0),2)) -> 0 | DD29: =IF(BK29="","",ROUND((PI()*((6*0.0254)^2)/4)*CW29,2)) -> 0 | DE29: =IF(BK29="","",ROUND(CW29*CX29,2)) -> 0 | DF29: =+CC29 -> D | DG29: =IF(BK29="","",ROUND(IF(DF29="F",DE29,0),2)) -> 0 | DH29: =IF(BK29="","",ROUND( IF(DF29="R",DE29,0),2)) -> 0 | DI29: =IF(DF29="","",IF(DF29="R",0.2,IF(DF29="F",0.07,IF(DF29="D",0)))) -> 0 | DJ29: =IF(BK29="","",ROUND(IF(DE29="","",DE29*DI29),2)) -> 0 | DK29: 0.3 | DL29: =ROUND(IF(CO29="","",IF(OR(DF29="R",DF29="F"),(DK29*DE29),0)),2) -> 0 | DM29: =IF(CO29="","",ROUND(IF(DF29="F",DE29*DK29,0),2)) -> 0 | DN29: =IF(BK29="","",ROUND(CZ29-(DD29+DJ29+DL29+DM29+DP29),2)) -> 0 | DO29: =IF(BK29="","",0.1) -> 0.1 | DP29: =+DE29*DO29 -> 0 | DQ29: =IF(BK29="","",ROUND(DN29*0.2,2)) -> 0 | DR29: =IF(BK29="","",ROUND(DN29*0.8,2)) -> 0 | DS29: =IF(BK29="","",ROUND(CZ29-(DD29+DR29),2)) -> 0 | DU29: =+A29 -> PZ-18 | DV29: =+BP29+0.2 -> 1.85 | DW29: 1.2 | DX29: 1.6 | DY29: =+((PI()*DX29^2)/4)*DV29*-1 -> -3.7196457 | DZ29: 1.6 | EA29: 1.6 | EB29: =+(DZ29*EA29*DV29) -> 4.736 | EC29: =+EB29+DY29 -> 1.0163543 | ED29: =+EC29*0.55 -> 0.55899486 | EE29: =+EC29*0.45 -> 0.45735943 | EF29: =+ED29 -> 0.55899486
A30: PZ-19 | B30: PZ-20 | C30: 105.109 | D30: 1091.896 | E30: 1197.005 | F30: 0.015 | G30: 31.23 | H30: 0.03123 | I30: 0.0052326632 | J30: 0.005 | K30: 0.23589177 | L30: 9.2870777 | M30: 12 | N30: 0.315 | O30: 0.284 | P30: 0.051254332 | Q30: 0.80910149 | R30: 0.61 | S30: 0.903 | T30: 0.632 | U30: 1.139 | V30: 0.73061864 | W30: 0.027207115 | X30: 0.080869 | Y30: 0.179488 | Z30: 0.20669512 | AA30: 0.542 | AB30: 0.153928 | AC30: 3.9666245 | AD30: 0.59456239 | AE30: F. Subcrítico | AF30: 0.00018047788 | AG30: 1.8047788e-05 | AH30: 2.1126761 | AI30: 0.0054233753 | AJ30: 0.0054414231 | AK30: 913.82 | AL30: 913.27 | AM30: 911.79734 | AN30: 911.2718 | AO30: 911.48234 | AP30: 910.9568 | AQ30: 911.66183 | AR30: 911.13629 | AS30: 912.78306 | AT30: 912.25751 | AU30: 2.0226575 | AV30: 1.9982025 | AW30: 2.3376575 | AX30: 2.3132025 | AY30: 0.02 | AZ30: PVC | BA30: Suficiente | BB30: Velocidad NORMAL | BC30: Buena | BD30: Normal | BE30: Normal | BI30: =A30 -> PZ-19 | BJ30: =B30 -> PZ-20 | BK30: =IF(C30="","",ROUND( C30,2)) -> 105.11 | BL30: =IF(BK30="","",ROUND((BK30-1.6),2)) -> 103.51 | BM30: =IF(M30="","",M30) -> 12 | BN30: =IF(BK30="","",ROUND((BK30-1.2),2)) -> 103.91 | BO30: =IF(M30=6,0.5,IF(M30=8,0.6,IF(M30=10,0.65,IF(M30=12,0.7,IF(M30=14,0.75,IF(M30=16,0.8,IF(M30=18,0.85,""))))))) -> 0.7 | BP30: =IF(BK30="","",ROUND((AK30-AO30),2)) -> 2.34 | BQ30: =IF(BK30="","",ROUND((AL30-AP30),2)) -> 2.31 | BR30: =IF(BK30="","",ROUND((BP30+BQ30)/2+0.1,2)) -> 2.43 | BS30: =IF(BK30="","",ROUND( BR30*BO30*BL30,2)) -> 176.07 | BT30: =IF(AND(BR30>=1.5, BR30<2),(BR30*BL30),0) -> 0 | BU30: =IF(AND(BR30>=2, BR30<4),(BR30*BL30),0)*0.78 -> 196.19285 | BV30: =IF(BR30>=4,(BR30*BL30),0) -> 0 | BW30: =IF(BK30="","",ROUND( BS30*$BN$1,2)) -> 0 | BX30: =IF(BK30="","",ROUND(BS30*$BN$2,2)) -> 140.86 | BY30: =IF(BK30="","",ROUND(BS30*$BN$3,2)) -> 29.93 | BZ30: =IF(BL30="","",ROUND(BS30*$BN$4,2)) -> 5.28 | CA30: =IF(BK30="","",ROUND( (PI()*((BM30*0.0254)^2)/4)*BL30,2)) -> 7.55 | CB30: =IF(BK30="","",ROUND(BL30*BO30,2)) -> 72.46 | CC30: D | CD30: =IF(BK30="","",ROUND(IF(CC30="F",CB30,0),2)) -> 0 | CE30: =IF(BK30="","",ROUND(IF(CC30="R",CB30,0),2)) -> 0 | CF30: =IF(CC30="","",IF(CC30="R",0.2,IF(CC30="F",0.07,IF(CC30="D",0)))) -> 0 | CG30: =IF(BK30="","",ROUND(IF(CB30="","",CB30*CF30),2)) -> 0 | CH30: 0.3 | CI30: =ROUND(IF(BK30="","",IF(OR(CC30="R",CC30="F"),(CH30*CB30),0)),2) -> 0 | CJ30: =IF(BK30="","",ROUND(IF(CC30="F",CB30*CH30,0),2)) -> 0 | CK30: =IF(BK30="","",ROUND(BS30-(CA30+CG30+CI30+CJ30+CM30),2)) -> 161.27 | CL30: =IF(BK30="","",0.1) -> 0.1 | CM30: =IF(BK30="","",ROUND((BL30*BO30)*0.1,2)) -> 7.25 | CN30: =IF(BK30="","",ROUND(CK30*$BR$2,2)) -> 46.85 | CO30: =IF(BK30="","",ROUND(CK30*$BR$1,2)) -> 114.42 | CP30: =IF(BK30="","",ROUND(BS30-(CO30),2)) -> 61.65 | CS30: =+M30 -> 12 | CT30: =IF(M30=6,160,IF(M30=8,200,IF(M30=10,250,IF(M30=12,315,IF(M30=14,350,IF(M30=16,400,IF(M30=18,450,""))))))) -> 315 | CU30: 2 | CV30: 13 | CW30: =+CV30*CU30 -> 26 | CX30: =+IF(CY30>=2,0.8,0.6) -> 0.6 | CY30: =IF(BK30="","",ROUND((1+BR30)/2,2)) -> 1.72 | CZ30: =IF(BK30="","",ROUND(CV30*CX30*CY30*CU30,2)) -> 26.83 | DA30: =IF(BK30="","",ROUND( IF(AND(CY30>=1.5, CY30<2),(CY30*CW30),0),2)) -> 44.72 | DB30: =IF(BK30="","",ROUND(IF(AND(CY30>=2, CY30<4),(CY30*CW30),0),2)) -> 0 | DC30: =IF(BK30="","",ROUND(IF(CY30>=4,(CY30*CW30),0),2)) -> 0 | DD30: =IF(BK30="","",ROUND((PI()*((6*0.0254)^2)/4)*CW30,2)) -> 0.47 | DE30: =IF(BK30="","",ROUND(CW30*CX30,2)) -> 15.6 | DF30: =+CC30 -> D | DG30: =IF(BK30="","",ROUND(IF(DF30="F",DE30,0),2)) -> 0 | DH30: =IF(BK30="","",ROUND( IF(DF30="R",DE30,0),2)) -> 0 | DI30: =IF(DF30="","",IF(DF30="R",0.2,IF(DF30="F",0.07,IF(DF30="D",0)))) -> 0 | DJ30: =IF(BK30="","",ROUND(IF(DE30="","",DE30*DI30),2)) -> 0 | DK30: 0.3 | DL30: =ROUND(IF(CO30="","",IF(OR(DF30="R",DF30="F"),(DK30*DE30),0)),2) -> 0 | DM30: =IF(CO30="","",ROUND(IF(DF30="F",DE30*DK30,0),2)) -> 0 | DN30: =IF(BK30="","",ROUND(CZ30-(DD30+DJ30+DL30+DM30+DP30),2)) -> 24.8 | DO30: =IF(BK30="","",0.1) -> 0.1 | DP30: =+DE30*DO30 -> 1.56 | DQ30: =IF(BK30="","",ROUND(DN30*0.2,2)) -> 4.96 | DR30: =IF(BK30="","",ROUND(DN30*0.8,2)) -> 19.84 | DS30: =IF(BK30="","",ROUND(CZ30-(DD30+DR30),2)) -> 6.52 | DU30: =+A30 -> PZ-19 | DV30: =+BP30+0.2 -> 2.54 | DW30: 1.2 | DX30: 1.6 | DY30: =+((PI()*DX30^2)/4)*DV30*-1 -> -5.106973 | DZ30: 1.6 | EA30: 1.6 | EB30: =+(DZ30*EA30*DV30) -> 6.5024 | EC30: =+EB30+DY30 -> 1.395427 | ED30: =+EC30*0.55 -> 0.76748484 | EE30: =+EC30*0.45 -> 0.62794214 | EF30: =+ED30 -> 0.76748484
A31: PZ-20 | B31: PZ-21 | C31: 72.199 | D31: 1197.005 | E31: 1269.204 | F31: 0.015 | G31: 31.45 | H31: 0.03145 | I31: 0.011218992 | J31: 0.005 | K31: 0.23651356 | L31: 9.3115575 | M31: 12 | N31: 0.315 | O31: 0.284 | P31: 0.051254332 | Q31: 0.80910149 | R31: 0.61 | S31: 0.903 | T31: 0.632 | U31: 1.139 | V31: 0.73061864 | W31: 0.027207115 | X31: 0.080869 | Y31: 0.179488 | Z31: 0.20669512 | AA31: 0.542 | AB31: 0.153928 | AC31: 3.9666245 | AD31: 0.59456239 | AE31: F. Subcrítico | AF31: 0 | AG31: 0 | AH31: 2.1126761 | AI31: 0.0054414231 | AJ31: 0.0054414231 | AK31: 913.27 | AL31: 912.46 | AM31: 911.2518 | AN31: 910.8908 | AO31: 910.9368 | AP31: 910.5758 | AQ31: 911.11629 | AR31: 910.75529 | AS31: 912.25207 | AT31: 911.89108 | AU31: 2.0182025 | AV31: 1.5691975 | AW31: 2.3332025 | AX31: 1.8841975 | AY31: 0.05 | AZ31: PVC | BA31: Suficiente | BB31: Velocidad NORMAL | BC31: Buena | BD31: Normal | BE31: Normal | BI31: =A31 -> PZ-20 | BJ31: =B31 -> PZ-21 | BK31: =IF(C31="","",ROUND( C31,2)) -> 72.2 | BL31: =IF(BK31="","",ROUND((BK31-1.6),2)) -> 70.6 | BM31: =IF(M31="","",M31) -> 12 | BN31: =IF(BK31="","",ROUND((BK31-1.2),2)) -> 71 | BO31: =IF(M31=6,0.5,IF(M31=8,0.6,IF(M31=10,0.65,IF(M31=12,0.7,IF(M31=14,0.75,IF(M31=16,0.8,IF(M31=18,0.85,""))))))) -> 0.7 | BP31: =IF(BK31="","",ROUND((AK31-AO31),2)) -> 2.33 | BQ31: =IF(BK31="","",ROUND((AL31-AP31),2)) -> 1.88 | BR31: =IF(BK31="","",ROUND((BP31+BQ31)/2+0.1,2)) -> 2.21 | BS31: =IF(BK31="","",ROUND( BR31*BO31*BL31,2)) -> 109.22 | BT31: =IF(AND(BR31>=1.5, BR31<2),(BR31*BL31),0) -> 0 | BU31: =IF(AND(BR31>=2, BR31<4),(BR31*BL31),0)*0.78 -> 121.70028 | BV31: =IF(BR31>=4,(BR31*BL31),0) -> 0 | BW31: =IF(BK31="","",ROUND( BS31*$BN$1,2)) -> 0 | BX31: =IF(BK31="","",ROUND(BS31*$BN$2,2)) -> 87.38 | BY31: =IF(BK31="","",ROUND(BS31*$BN$3,2)) -> 18.57 | BZ31: =IF(BL31="","",ROUND(BS31*$BN$4,2)) -> 3.28 | CA31: =IF(BK31="","",ROUND( (PI()*((BM31*0.0254)^2)/4)*BL31,2)) -> 5.15 | CB31: =IF(BK31="","",ROUND(BL31*BO31,2)) -> 49.42 | CC31: D | CD31: =IF(BK31="","",ROUND(IF(CC31="F",CB31,0),2)) -> 0 | CE31: =IF(BK31="","",ROUND(IF(CC31="R",CB31,0),2)) -> 0 | CF31: =IF(CC31="","",IF(CC31="R",0.2,IF(CC31="F",0.07,IF(CC31="D",0)))) -> 0 | CG31: =IF(BK31="","",ROUND(IF(CB31="","",CB31*CF31),2)) -> 0 | CH31: 0.3 | CI31: =ROUND(IF(BK31="","",IF(OR(CC31="R",CC31="F"),(CH31*CB31),0)),2) -> 0 | CJ31: =IF(BK31="","",ROUND(IF(CC31="F",CB31*CH31,0),2)) -> 0 | CK31: =IF(BK31="","",ROUND(BS31-(CA31+CG31+CI31+CJ31+CM31),2)) -> 99.13 | CL31: =IF(BK31="","",0.1) -> 0.1 | CM31: =IF(BK31="","",ROUND((BL31*BO31)*0.1,2)) -> 4.94 | CN31: =IF(BK31="","",ROUND(CK31*$BR$2,2)) -> 28.8 | CO31: =IF(BK31="","",ROUND(CK31*$BR$1,2)) -> 70.33 | CP31: =IF(BK31="","",ROUND(BS31-(CO31),2)) -> 38.89 | CS31: =+M31 -> 12 | CT31: =IF(M31=6,160,IF(M31=8,200,IF(M31=10,250,IF(M31=12,315,IF(M31=14,350,IF(M31=16,400,IF(M31=18,450,""))))))) -> 315 | CU31: 0 | CV31: 0 | CW31: =+CV31*CU31 -> 0 | CX31: =+IF(CY31>=2,0.8,0.6) -> 0.6 | CY31: =IF(BK31="","",ROUND((1+BR31)/2,2)) -> 1.61 | CZ31: =IF(BK31="","",ROUND(CV31*CX31*CY31*CU31,2)) -> 0 | DA31: =IF(BK31="","",ROUND( IF(AND(CY31>=1.5, CY31<2),(CY31*CW31),0),2)) -> 0 | DB31: =IF(BK31="","",ROUND(IF(AND(CY31>=2, CY31<4),(CY31*CW31),0),2)) -> 0 | DC31: =IF(BK31="","",ROUND(IF(CY31>=4,(CY31*CW31),0),2)) -> 0 | DD31: =IF(BK31="","",ROUND((PI()*((6*0.0254)^2)/4)*CW31,2)) -> 0 | DE31: =IF(BK31="","",ROUND(CW31*CX31,2)) -> 0 | DF31: =+CC31 -> D | DG31: =IF(BK31="","",ROUND(IF(DF31="F",DE31,0),2)) -> 0 | DH31: =IF(BK31="","",ROUND( IF(DF31="R",DE31,0),2)) -> 0 | DI31: =IF(DF31="","",IF(DF31="R",0.2,IF(DF31="F",0.07,IF(DF31="D",0)))) -> 0 | DJ31: =IF(BK31="","",ROUND(IF(DE31="","",DE31*DI31),2)) -> 0 | DK31: 0.3 | DL31: =ROUND(IF(CO31="","",IF(OR(DF31="R",DF31="F"),(DK31*DE31),0)),2) -> 0 | DM31: =IF(CO31="","",ROUND(IF(DF31="F",DE31*DK31,0),2)) -> 0 | DN31: =IF(BK31="","",ROUND(CZ31-(DD31+DJ31+DL31+DM31+DP31),2)) -> 0 | DO31: =IF(BK31="","",0.1) -> 0.1 | DP31: =+DE31*DO31 -> 0 | DQ31: =IF(BK31="","",ROUND(DN31*0.2,2)) -> 0 | DR31: =IF(BK31="","",ROUND(DN31*0.8,2)) -> 0 | DS31: =IF(BK31="","",ROUND(CZ31-(DD31+DR31),2)) -> 0 | DU31: =+A31 -> PZ-20 | DV31: =+BP31+0.2 -> 2.53 | DW31: 1.2 | DX31: 1.6 | DY31: =+((PI()*DX31^2)/4)*DV31*-1 -> -5.0868668 | DZ31: 1.6 | EA31: 1.6 | EB31: =+(DZ31*EA31*DV31) -> 6.4768 | EC31: =+EB31+DY31 -> 1.3899332 | ED31: =+EC31*0.55 -> 0.76446325 | EE31: =+EC31*0.45 -> 0.62546993 | EF31: =+ED31 -> 0.76446325
A32: PZ-21 | B32: PZ-22 | C32: 105.898 | D32: 1269.204 | E32: 1375.102 | F32: 0.015 | G32: 31.67 | H32: 0.03167 | I32: 0.019452681 | J32: 0.003 | K32: 0.26096843 | L32: 10.274347 | M32: 14 | N32: 0.355 | O32: 0.327 | P32: 0.057820872 | Q32: 0.68849095 | R32: 0.55 | S32: 0.875 | T32: 0.594 | U32: 1.113 | V32: 0.60242958 | W32: 0.018497523 | X32: 0.09098775 | Y32: 0.194238 | Z32: 0.21273552 | AA32: 0.494 | AB32: 0.161538 | AC32: 2.6777695 | AD32: 0.47855784 | AE32: F. Subcrítico | AF32: -0.0087095926 | AG32: 0.0017419185 | AH32: 1.8348624 | AI32: 0.0045704638 | AJ32: 0.0063123823 | AK32: 912.46 | AL32: 910.4 | AM32: 910.8808 | AN32: 910.56311 | AO32: 910.5258 | AP32: 910.20811 | AQ32: 910.72004 | AR32: 910.40235 | AS32: 911.88564 | AT32: 911.56794 | AU32: 1.5791975 | AV32: -0.1631085 | AW32: 1.9341975 | AX32: 0.1918915 | AY32: 0.02 | AZ32: PVC | BA32: Suficiente | BB32: Velocidad NORMAL | BC32: Buena | BD32: Normal | BE32: Superficial | BF32: Encofrar tubería | BI32: =A32 -> PZ-21 | BJ32: =B32 -> PZ-22 | BK32: =IF(C32="","",ROUND( C32,2)) -> 105.9 | BL32: =IF(BK32="","",ROUND((BK32-1.6),2)) -> 104.3 | BM32: =IF(M32="","",M32) -> 14 | BN32: =IF(BK32="","",ROUND((BK32-1.2),2)) -> 104.7 | BO32: =IF(M32=6,0.5,IF(M32=8,0.6,IF(M32=10,0.65,IF(M32=12,0.7,IF(M32=14,0.75,IF(M32=16,0.8,IF(M32=18,0.85,""))))))) -> 0.75 | BP32: =IF(BK32="","",ROUND((AK32-AO32),2)) -> 1.93 | BQ32: =IF(BK32="","",ROUND((AL32-AP32),2)) -> 0.19 | BR32: =IF(BK32="","",ROUND((BP32+BQ32)/2+0.1,2)) -> 1.16 | BS32: =IF(BK32="","",ROUND( BR32*BO32*BL32,2)) -> 90.74 | BT32: =IF(AND(BR32>=1.5, BR32<2),(BR32*BL32),0) -> 0 | BU32: =IF(AND(BR32>=2, BR32<4),(BR32*BL32),0)*0.78 -> 0 | BV32: =IF(BR32>=4,(BR32*BL32),0) -> 0 | BW32: =IF(BK32="","",ROUND( BS32*$BN$1,2)) -> 0 | BX32: =IF(BK32="","",ROUND(BS32*$BN$2,2)) -> 72.59 | BY32: =IF(BK32="","",ROUND(BS32*$BN$3,2)) -> 15.43 | BZ32: =IF(BL32="","",ROUND(BS32*$BN$4,2)) -> 2.72 | CA32: =IF(BK32="","",ROUND( (PI()*((BM32*0.0254)^2)/4)*BL32,2)) -> 10.36 | CB32: =IF(BK32="","",ROUND(BL32*BO32,2)) -> 78.23 | CC32: D | CD32: =IF(BK32="","",ROUND(IF(CC32="F",CB32,0),2)) -> 0 | CE32: =IF(BK32="","",ROUND(IF(CC32="R",CB32,0),2)) -> 0 | CF32: =IF(CC32="","",IF(CC32="R",0.2,IF(CC32="F",0.07,IF(CC32="D",0)))) -> 0 | CG32: =IF(BK32="","",ROUND(IF(CB32="","",CB32*CF32),2)) -> 0 | CH32: 0.3 | CI32: =ROUND(IF(BK32="","",IF(OR(CC32="R",CC32="F"),(CH32*CB32),0)),2) -> 0 | CJ32: =IF(BK32="","",ROUND(IF(CC32="F",CB32*CH32,0),2)) -> 0 | CK32: =IF(BK32="","",ROUND(BS32-(CA32+CG32+CI32+CJ32+CM32),2)) -> 72.56 | CL32: =IF(BK32="","",0.1) -> 0.1 | CM32: =IF(BK32="","",ROUND((BL32*BO32)*0.1,2)) -> 7.82 | CN32: =IF(BK32="","",ROUND(CK32*$BR$2,2)) -> 21.08 | CO32: =IF(BK32="","",ROUND(CK32*$BR$1,2)) -> 51.48 | CP32: =IF(BK32="","",ROUND(BS32-(CO32),2)) -> 39.26 | CS32: =+M32 -> 14 | CT32: =IF(M32=6,160,IF(M32=8,200,IF(M32=10,250,IF(M32=12,315,IF(M32=14,350,IF(M32=16,400,IF(M32=18,450,""))))))) -> 350 | CU32: 0 | CV32: 0 | CW32: =+CV32*CU32 -> 0 | CX32: =+IF(CY32>=2,0.8,0.6) -> 0.6 | CY32: =IF(BK32="","",ROUND((1+BR32)/2,2)) -> 1.08 | CZ32: =IF(BK32="","",ROUND(CV32*CX32*CY32*CU32,2)) -> 0 | DA32: =IF(BK32="","",ROUND( IF(AND(CY32>=1.5, CY32<2),(CY32*CW32),0),2)) -> 0 | DB32: =IF(BK32="","",ROUND(IF(AND(CY32>=2, CY32<4),(CY32*CW32),0),2)) -> 0 | DC32: =IF(BK32="","",ROUND(IF(CY32>=4,(CY32*CW32),0),2)) -> 0 | DD32: =IF(BK32="","",ROUND((PI()*((6*0.0254)^2)/4)*CW32,2)) -> 0 | DE32: =IF(BK32="","",ROUND(CW32*CX32,2)) -> 0 | DF32: =+CC32 -> D | DG32: =IF(BK32="","",ROUND(IF(DF32="F",DE32,0),2)) -> 0 | DH32: =IF(BK32="","",ROUND( IF(DF32="R",DE32,0),2)) -> 0 | DI32: =IF(DF32="","",IF(DF32="R",0.2,IF(DF32="F",0.07,IF(DF32="D",0)))) -> 0 | DJ32: =IF(BK32="","",ROUND(IF(DE32="","",DE32*DI32),2)) -> 0 | DK32: 0.3 | DL32: =ROUND(IF(CO32="","",IF(OR(DF32="R",DF32="F"),(DK32*DE32),0)),2) -> 0 | DM32: =IF(CO32="","",ROUND(IF(DF32="F",DE32*DK32,0),2)) -> 0 | DN32: =IF(BK32="","",ROUND(CZ32-(DD32+DJ32+DL32+DM32+DP32),2)) -> 0 | DO32: =IF(BK32="","",0.1) -> 0.1 | DP32: =+DE32*DO32 -> 0 | DQ32: =IF(BK32="","",ROUND(DN32*0.2,2)) -> 0 | DR32: =IF(BK32="","",ROUND(DN32*0.8,2)) -> 0 | DS32: =IF(BK32="","",ROUND(CZ32-(DD32+DR32),2)) -> 0 | DU32: =+A32 -> PZ-21 | DV32: =+BP32+0.2 -> 2.13 | DW32: 1.2 | DX32: 1.6 | DY32: =+((PI()*DX32^2)/4)*DV32*-1 -> -4.2826191 | DZ32: 1.6 | EA32: 1.6 | EB32: =+(DZ32*EA32*DV32) -> 5.4528 | EC32: =+EB32+DY32 -> 1.1701809 | ED32: =+EC32*0.55 -> 0.64359949 | EE32: =+EC32*0.45 -> 0.5265814 | EF32: =+ED32 -> 0.64359949
A33: PZ-22 | B33: PZ-23 | C33: 98.026 | D33: 1375.102 | E33: 1473.128 | F33: 0.015 | G33: 31.88 | H33: 0.03188 | I33: 0.0035704813 | J33: 0.003 | K33: 0.26161601 | L33: 10.299843 | M33: 14 | N33: 0.355 | O33: 0.327 | P33: 0.057820872 | Q33: 0.68849095 | R33: 0.55 | S33: 0.875 | T33: 0.594 | U33: 1.113 | V33: 0.60242958 | W33: 0.018497523 | X33: 0.09098775 | Y33: 0.194238 | Z33: 0.21273552 | AA33: 0.494 | AB33: 0.161538 | AC33: 2.6777695 | AD33: 0.47855784 | AE33: F. Subcrítico | AF33: 0 | AG33: 0 | AH33: 1.8348624 | AI33: 0.0036995046 | AJ33: 0.0036995046 | AK33: 910.4 | AL33: 910.05 | AM33: 910.54311 | AN33: 910.24903 | AO33: 910.18811 | AP33: 909.89403 | AQ33: 910.38235 | AR33: 910.08827 | AS33: 911.56163 | AT33: 911.26755 | AU33: -0.1431085 | AV33: -0.1990305 | AW33: 0.2118915 | AX33: 0.1559695 | AY33: 0.02 | AZ33: PVC | BA33: Suficiente | BB33: Velocidad NORMAL | BC33: Buena | BD33: Superficial | BE33: Superficial | BF33: Encofrar tubería | BI33: =A33 -> PZ-22 | BJ33: =B33 -> PZ-23 | BK33: =IF(C33="","",ROUND( C33,2)) -> 98.03 | BL33: =IF(BK33="","",ROUND((BK33-1.6),2)) -> 96.43 | BM33: =IF(M33="","",M33) -> 14 | BN33: =IF(BK33="","",ROUND((BK33-1.2),2)) -> 96.83 | BO33: =IF(M33=6,0.5,IF(M33=8,0.6,IF(M33=10,0.65,IF(M33=12,0.7,IF(M33=14,0.75,IF(M33=16,0.8,IF(M33=18,0.85,""))))))) -> 0.75 | BP33: =IF(BK33="","",ROUND((AK33-AO33),2)) -> 0.21 | BQ33: =IF(BK33="","",ROUND((AL33-AP33),2)) -> 0.16 | BR33: =IF(BK33="","",ROUND((BP33+BQ33)/2+0.1,2)) -> 0.29 | BS33: =IF(BK33="","",ROUND( BR33*BO33*BL33,2)) -> 20.97 | BT33: =IF(AND(BR33>=1.5, BR33<2),(BR33*BL33),0) -> 0 | BU33: =IF(AND(BR33>=2, BR33<4),(BR33*BL33),0)*0.78 -> 0 | BV33: =IF(BR33>=4,(BR33*BL33),0) -> 0 | BW33: =IF(BK33="","",ROUND( BS33*$BN$1,2)) -> 0 | BX33: =IF(BK33="","",ROUND(BS33*$BN$2,2)) -> 16.78 | BY33: =IF(BK33="","",ROUND(BS33*$BN$3,2)) -> 3.56 | BZ33: =IF(BL33="","",ROUND(BS33*$BN$4,2)) -> 0.63 | CA33: =IF(BK33="","",ROUND( (PI()*((BM33*0.0254)^2)/4)*BL33,2)) -> 9.58 | CB33: =IF(BK33="","",ROUND(BL33*BO33,2)) -> 72.32 | CC33: D | CD33: =IF(BK33="","",ROUND(IF(CC33="F",CB33,0),2)) -> 0 | CE33: =IF(BK33="","",ROUND(IF(CC33="R",CB33,0),2)) -> 0 | CF33: =IF(CC33="","",IF(CC33="R",0.2,IF(CC33="F",0.07,IF(CC33="D",0)))) -> 0 | CG33: =IF(BK33="","",ROUND(IF(CB33="","",CB33*CF33),2)) -> 0 | CH33: 0.3 | CI33: =ROUND(IF(BK33="","",IF(OR(CC33="R",CC33="F"),(CH33*CB33),0)),2) -> 0 | CJ33: =IF(BK33="","",ROUND(IF(CC33="F",CB33*CH33,0),2)) -> 0 | CK33: =IF(BK33="","",ROUND(BS33-(CA33+CG33+CI33+CJ33+CM33),2)) -> 4.16 | CL33: =IF(BK33="","",0.1) -> 0.1 | CM33: =IF(BK33="","",ROUND((BL33*BO33)*0.1,2)) -> 7.23 | CN33: =IF(BK33="","",ROUND(CK33*$BR$2,2)) -> 1.21 | CO33: =IF(BK33="","",ROUND(CK33*$BR$1,2)) -> 2.95 | CP33: =IF(BK33="","",ROUND(BS33-(CO33),2)) -> 18.02 | CS33: =+M33 -> 14 | CT33: =IF(M33=6,160,IF(M33=8,200,IF(M33=10,250,IF(M33=12,315,IF(M33=14,350,IF(M33=16,400,IF(M33=18,450,""))))))) -> 350 | CU33: 0 | CV33: 0 | CW33: =+CV33*CU33 -> 0 | CX33: =+IF(CY33>=2,0.8,0.6) -> 0.6 | CY33: =IF(BK33="","",ROUND((1+BR33)/2,2)) -> 0.65 | CZ33: =IF(BK33="","",ROUND(CV33*CX33*CY33*CU33,2)) -> 0 | DA33: =IF(BK33="","",ROUND( IF(AND(CY33>=1.5, CY33<2),(CY33*CW33),0),2)) -> 0 | DB33: =IF(BK33="","",ROUND(IF(AND(CY33>=2, CY33<4),(CY33*CW33),0),2)) -> 0 | DC33: =IF(BK33="","",ROUND(IF(CY33>=4,(CY33*CW33),0),2)) -> 0 | DD33: =IF(BK33="","",ROUND((PI()*((6*0.0254)^2)/4)*CW33,2)) -> 0 | DE33: =IF(BK33="","",ROUND(CW33*CX33,2)) -> 0 | DF33: =+CC33 -> D | DG33: =IF(BK33="","",ROUND(IF(DF33="F",DE33,0),2)) -> 0 | DH33: =IF(BK33="","",ROUND( IF(DF33="R",DE33,0),2)) -> 0 | DI33: =IF(DF33="","",IF(DF33="R",0.2,IF(DF33="F",0.07,IF(DF33="D",0)))) -> 0 | DJ33: =IF(BK33="","",ROUND(IF(DE33="","",DE33*DI33),2)) -> 0 | DK33: 0.3 | DL33: =ROUND(IF(CO33="","",IF(OR(DF33="R",DF33="F"),(DK33*DE33),0)),2) -> 0 | DM33: =IF(CO33="","",ROUND(IF(DF33="F",DE33*DK33,0),2)) -> 0 | DN33: =IF(BK33="","",ROUND(CZ33-(DD33+DJ33+DL33+DM33+DP33),2)) -> 0 | DO33: =IF(BK33="","",0.1) -> 0.1 | DP33: =+DE33*DO33 -> 0 | DQ33: =IF(BK33="","",ROUND(DN33*0.2,2)) -> 0 | DR33: =IF(BK33="","",ROUND(DN33*0.8,2)) -> 0 | DS33: =IF(BK33="","",ROUND(CZ33-(DD33+DR33),2)) -> 0 | DU33: =+A33 -> PZ-22 | DV33: 1.85 | DW33: 1.2 | DX33: 1.6 | DY33: =+((PI()*DX33^2)/4)*DV33*-1 -> -3.7196457 | DZ33: 1.6 | EA33: 1.6 | EB33: =+(DZ33*EA33*DV33) -> 4.736 | EC33: =+EB33+DY33 -> 1.0163543 | ED33: =+EC33*0.55 -> 0.55899486 | EE33: =+EC33*0.45 -> 0.45735943 | EF33: =+ED33 -> 0.55899486
BW34: =IF(BK34="","",ROUND( BS34*$BN$1,2)) | BX34: =IF(BK34="","",ROUND(BS34*$BN$2,2)) | BY34: =IF(BK34="","",ROUND(BS34*$BN$3,2)) | BZ34: =IF(BL34="","",ROUND(BS34*$BN$4,2)) | CN34: =IF(BK34="","",ROUND(CK34*$BR$2,2)) | CO34: =IF(BK34="","",ROUND(CK34*$BR$1,2)) | DQ34: =IF(BK34="","",ROUND(DN34*0.2,2)) | DR34: =IF(BK34="","",ROUND(DN34*0.8,2))
BW35: =IF(BK35="","",ROUND( BS35*$BN$1,2)) | BX35: =IF(BK35="","",ROUND(BS35*$BN$2,2)) | BY35: =IF(BK35="","",ROUND(BS35*$BN$3,2)) | BZ35: =IF(BL35="","",ROUND(BS35*$BN$4,2)) | CN35: =IF(BK35="","",ROUND(CK35*$BR$2,2)) | CO35: =IF(BK35="","",ROUND(CK35*$BR$1,2)) | DQ35: =IF(BK35="","",ROUND(DN35*0.2,2)) | DR35: =IF(BK35="","",ROUND(DN35*0.8,2))
A36: TRAMO 2 | BI36: =A36 -> TRAMO 2 | BK36: =IF(C36="","",ROUND( C36,2)) | BL36: =IF(BK36="","",ROUND((BK36-1.6),2)) | BM36: =IF(M36="","",M36) | BN36: =IF(BK36="","",ROUND((BK36-1.2),2)) | BO36: =IF(M36=6,0.5,IF(M36=8,0.6,IF(M36=10,0.65,IF(M36=12,0.7,IF(M36=14,0.75,IF(M36=16,0.8,IF(M36=18,0.85,""))))))) | BP36: =IF(BK36="","",ROUND((AK36-AO36),2)) | BQ36: =IF(BK36="","",ROUND((AL36-AP36),2)) | BR36: =IF(BK36="","",ROUND((BP36+BQ36)/2+0.1,2)) | BS36: =IF(BK36="","",ROUND( BR36*BO36*BL36,2)) | BU36: =IF(AND(BR36>=2, BR36<4),(BR36*BL36),0)*0.78 -> 0 | BW36: =IF(BK36="","",ROUND( BS36*$BN$1,2)) | BX36: =IF(BK36="","",ROUND(BS36*$BN$2,2)) | BY36: =IF(BK36="","",ROUND(BS36*$BN$3,2)) | BZ36: =IF(BL36="","",ROUND(BS36*$BN$4,2)) | CN36: =IF(BK36="","",ROUND(CK36*$BR$2,2)) | CO36: =IF(BK36="","",ROUND(CK36*$BR$1,2)) | DO36: =IF(BK36="","",0.1) | DQ36: =IF(BK36="","",ROUND(DN36*0.2,2)) | DR36: =IF(BK36="","",ROUND(DN36*0.8,2))
A37: PZ-26 | B37: PZ-27 | C37: 57.836 | D37: 0 | E37: 57.836 | F37: 0.015 | G37: 1.5 | H37: 0.0015 | I37: 0.044608894 | J37: 0.045 | K37: 0.050045157 | L37: 1.9702818 | M37: 8 | N37: 0.2 | O37: 0.182 | P37: 0.046938221 | Q37: 1.8042344 | R37: 0.03 | S37: 0.4 | T37: 0.148 | U37: 0.37 | V37: 0.72169375 | W37: 0.026546477 | X37: 0.016835 | Y37: 0.026936 | Z37: 0.053482477 | AA37: 0.086 | AB37: 0.015652 | AC37: 7.4318108 | AD37: 1.8417621 | AE37: Supercrítico | AF37: 0.026546477 | AG37: 0.0026546477 | AH37: 3.2967033 | AI37: 0.00066366191 | AJ37: 0.0033183096 | AK37: 967.1 | AL37: 964.52 | AM37: 965.9 | AN37: 963.29738 | AO37: 965.7 | AP37: 963.09738 | AQ37: 965.72694 | AR37: 963.12432 | AS37: 965.75348 | AT37: 963.15086 | AU37: 1.2 | AV37: 1.22262 | AW37: 1.4 | AX37: 1.42262 | AY37: 0.02 | AZ37: PVC | BA37: Suficiente | BB37: Velocidad NORMAL | BC37: Superior al rango | BD37: Normal | BE37: Normal | BI37: =A37 -> PZ-26 | BJ37: =B37 -> PZ-27 | BK37: =IF(C37="","",ROUND( C37,2)) -> 57.84 | BL37: =IF(BK37="","",ROUND((BK37-1.6),2)) -> 56.24 | BM37: =IF(M37="","",M37) -> 8 | BN37: =IF(BK37="","",ROUND((BK37-1.2),2)) -> 56.64 | BO37: =IF(M37=6,0.5,IF(M37=8,0.6,IF(M37=10,0.65,IF(M37=12,0.7,IF(M37=14,0.75,IF(M37=16,0.8,IF(M37=18,0.85,""))))))) -> 0.6 | BP37: =IF(BK37="","",ROUND((AK37-AO37),2)) -> 1.4 | BQ37: =IF(BK37="","",ROUND((AL37-AP37),2)) -> 1.42 | BR37: =IF(BK37="","",ROUND((BP37+BQ37)/2+0.1,2)) -> 1.51 | BS37: =IF(BK37="","",ROUND( BR37*BO37*BL37,2)) -> 50.95 | BT37: =IF(AND(BR37>=1.5, BR37<2),(BR37*BL37),0) -> 84.9224 | BU37: =IF(AND(BR37>=2, BR37<4),(BR37*BL37),0)*0.78 -> 0 | BV37: =IF(BR37>=4,(BR37*BL37),0) -> 0 | BW37: =IF(BK37="","",ROUND( BS37*$BN$1,2)) -> 0 | BX37: =IF(BK37="","",ROUND(BS37*$BN$2,2)) -> 40.76 | BY37: =IF(BK37="","",ROUND(BS37*$BN$3,2)) -> 8.66 | BZ37: =IF(BL37="","",ROUND(BS37*$BN$4,2)) -> 1.53 | CA37: =IF(BK37="","",ROUND( (PI()*((BM37*0.0254)^2)/4)*BL37,2)) -> 1.82 | CB37: =IF(BK37="","",ROUND(BL37*BO37,2)) -> 33.74 | CC37: D | CD37: =IF(BK37="","",ROUND(IF(CC37="F",CB37,0),2)) -> 0 | CE37: =IF(BK37="","",ROUND(IF(CC37="R",CB37,0),2)) -> 0 | CF37: =IF(CC37="","",IF(CC37="R",0.2,IF(CC37="F",0.07,IF(CC37="D",0)))) -> 0 | CG37: =IF(BK37="","",ROUND(IF(CB37="","",CB37*CF37),2)) -> 0 | CH37: 0.3 | CI37: =ROUND(IF(BK37="","",IF(OR(CC37="R",CC37="F"),(CH37*CB37),0)),2) -> 0 | CJ37: =IF(BK37="","",ROUND(IF(CC37="F",CB37*CH37,0),2)) -> 0 | CK37: =IF(BK37="","",ROUND(BS37-(CA37+CG37+CI37+CJ37+CM37),2)) -> 45.76 | CL37: =IF(BK37="","",0.1) -> 0.1 | CM37: =IF(BK37="","",ROUND((BL37*BO37)*0.1,2)) -> 3.37 | CN37: =IF(BK37="","",ROUND(CK37*$BR$2,2)) -> 13.29 | CO37: =IF(BK37="","",ROUND(CK37*$BR$1,2)) -> 32.47 | CP37: =IF(BK37="","",ROUND(BS37-(CO37),2)) -> 18.48 | CS37: =+M37 -> 8 | CT37: =IF(M37=6,160,IF(M37=8,200,IF(M37=10,250,IF(M37=12,315,IF(M37=14,350,IF(M37=16,400,IF(M37=18,450,""))))))) -> 200 | CU37: 5 | CV37: 17.35 | CW37: =+CV37*CU37 -> 86.75 | CX37: =+IF(CY37>=2,0.8,0.6) -> 0.6 | CY37: =IF(BK37="","",ROUND((1+BR37)/2,2)) -> 1.26 | CZ37: =IF(BK37="","",ROUND(CV37*CX37*CY37*CU37,2)) -> 65.58 | DA37: =IF(BK37="","",ROUND( IF(AND(CY37>=1.5, CY37<2),(CY37*CW37),0),2)) -> 0 | DB37: =IF(BK37="","",ROUND(IF(AND(CY37>=2, CY37<4),(CY37*CW37),0),2)) -> 0 | DC37: =IF(BK37="","",ROUND(IF(CY37>=4,(CY37*CW37),0),2)) -> 0 | DD37: =IF(BK37="","",ROUND((PI()*((6*0.0254)^2)/4)*CW37,2)) -> 1.58 | DE37: =IF(BK37="","",ROUND(CW37*CX37,2)) -> 52.05 | DF37: D | DG37: =IF(BK37="","",ROUND(IF(DF37="F",DE37,0),2)) -> 0 | DH37: =IF(BK37="","",ROUND( IF(DF37="R",DE37,0),2)) -> 0 | DI37: =IF(DF37="","",IF(DF37="R",0.2,IF(DF37="F",0.07,IF(DF37="D",0)))) -> 0 | DJ37: =IF(BK37="","",ROUND(IF(DE37="","",DE37*DI37),2)) -> 0 | DK37: 0.3 | DL37: =ROUND(IF(CO37="","",IF(OR(DF37="R",DF37="F"),(DK37*DE37),0)),2) -> 0 | DM37: =IF(CO37="","",ROUND(IF(DF37="F",DE37*DK37,0),2)) -> 0 | DN37: =IF(BK37="","",ROUND(CZ37-(DD37+DJ37+DL37+DM37+DP37),2)) -> 58.8 | DO37: =IF(BK37="","",0.1) -> 0.1 | DP37: =+DE37*DO37 -> 5.205 | DQ37: =IF(BK37="","",ROUND(DN37*0.2,2)) -> 11.76 | DR37: =IF(BK37="","",ROUND(DN37*0.8,2)) -> 47.04 | DS37: =IF(BK37="","",ROUND(CZ37-(DD37+DR37),2)) -> 16.96 | DU37: =+A37 -> PZ-26 | DV37: =+BP37+0.2 -> 1.6 | DW37: 1.2 | DX37: 1.6 | DY37: =+((PI()*DX37^2)/4)*DV37*-1 -> -3.2169909 | DZ37: 1.6 | EA37: 1.6 | EB37: =+(DZ37*EA37*DV37) -> 4.096 | EC37: =+EB37+DY37 -> 0.87900912 | ED37: =+EC37*0.55 -> 0.48345502 | EE37: =+EC37*0.45 -> 0.39555411 | EF37: =+ED37 -> 0.48345502
A38: PZ-27 | B38: PZ-28 | C38: 56.656 | D38: 57.836 | E38: 114.492 | F38: 0.015 | G38: 1.5 | H38: 0.0015 | I38: 0.065835922 | J38: 0.0655 | K38: 0.046643825 | L38: 1.8363711 | M38: 8 | N38: 0.2 | O38: 0.182 | P38: 0.056629277 | Q38: 2.176744 | R38: 0.03 | S38: 0.4 | T38: 0.148 | U38: 0.37 | V38: 0.87069758 | W38: 0.038639871 | X38: 0.016835 | Y38: 0.026936 | Z38: 0.065575871 | AA38: 0.086 | AB38: 0.015652 | AC38: 10.817413 | AD38: 2.2220197 | AE38: Supercrítico | AF38: 0.012093395 | AG38: 0.0012093395 | AH38: 3.2967033 | AI38: 0.0016296587 | AJ38: 0.0028389982 | AK38: 964.52 | AL38: 960.79 | AM38: 963.27738 | AN38: 959.56641 | AO38: 963.07738 | AP38: 959.36641 | AQ38: 963.10432 | AR38: 959.39335 | AS38: 963.14754 | AT38: 959.43658 | AU38: 1.24262 | AV38: 1.223588 | AW38: 1.44262 | AX38: 1.423588 | AY38: 0.02 | AZ38: PVC | BA38: Suficiente | BB38: Velocidad NORMAL | BC38: Superior al rango | BD38: Normal | BE38: Normal | BI38: =A38 -> PZ-27 | BJ38: =B38 -> PZ-28 | BK38: =IF(C38="","",ROUND( C38,2)) -> 56.66 | BL38: =IF(BK38="","",ROUND((BK38-1.6),2)) -> 55.06 | BM38: =IF(M38="","",M38) -> 8 | BN38: =IF(BK38="","",ROUND((BK38-1.2),2)) -> 55.46 | BO38: =IF(M38=6,0.5,IF(M38=8,0.6,IF(M38=10,0.65,IF(M38=12,0.7,IF(M38=14,0.75,IF(M38=16,0.8,IF(M38=18,0.85,""))))))) -> 0.6 | BP38: =IF(BK38="","",ROUND((AK38-AO38),2)) -> 1.44 | BQ38: =IF(BK38="","",ROUND((AL38-AP38),2)) -> 1.42 | BR38: =IF(BK38="","",ROUND((BP38+BQ38)/2+0.1,2)) -> 1.53 | BS38: =IF(BK38="","",ROUND( BR38*BO38*BL38,2)) -> 50.55 | BT38: =IF(AND(BR38>=1.5, BR38<2),(BR38*BL38),0) -> 84.2418 | BU38: =IF(AND(BR38>=2, BR38<4),(BR38*BL38),0)*0.78 -> 0 | BV38: =IF(BR38>=4,(BR38*BL38),0) -> 0 | BW38: =IF(BK38="","",ROUND( BS38*$BN$1,2)) -> 0 | BX38: =IF(BK38="","",ROUND(BS38*$BN$2,2)) -> 40.44 | BY38: =IF(BK38="","",ROUND(BS38*$BN$3,2)) -> 8.59 | BZ38: =IF(BL38="","",ROUND(BS38*$BN$4,2)) -> 1.52 | CA38: =IF(BK38="","",ROUND( (PI()*((BM38*0.0254)^2)/4)*BL38,2)) -> 1.79 | CB38: =IF(BK38="","",ROUND(BL38*BO38,2)) -> 33.04 | CC38: D | CD38: =IF(BK38="","",ROUND(IF(CC38="F",CB38,0),2)) -> 0 | CE38: =IF(BK38="","",ROUND(IF(CC38="R",CB38,0),2)) -> 0 | CF38: =IF(CC38="","",IF(CC38="R",0.2,IF(CC38="F",0.07,IF(CC38="D",0)))) -> 0 | CG38: =IF(BK38="","",ROUND(IF(CB38="","",CB38*CF38),2)) -> 0 | CH38: 1.3 | CI38: =ROUND(IF(BK38="","",IF(OR(CC38="R",CC38="F"),(CH38*CB38),0)),2) -> 0 | CJ38: =IF(BK38="","",ROUND(IF(CC38="F",CB38*CH38,0),2)) -> 0 | CK38: =IF(BK38="","",ROUND(BS38-(CA38+CG38+CI38+CJ38+CM38),2)) -> 45.46 | CL38: =IF(BK38="","",0.1) -> 0.1 | CM38: =IF(BK38="","",ROUND((BL38*BO38)*0.1,2)) -> 3.3 | CN38: =IF(BK38="","",ROUND(CK38*$BR$2,2)) -> 13.21 | CO38: =IF(BK38="","",ROUND(CK38*$BR$1,2)) -> 32.25 | CP38: =IF(BK38="","",ROUND(BS38-(CO38),2)) -> 18.3 | CS38: =+M38 -> 8 | CT38: =IF(M38=6,160,IF(M38=8,200,IF(M38=10,250,IF(M38=12,315,IF(M38=14,350,IF(M38=16,400,IF(M38=18,450,""))))))) -> 200 | CU38: 1 | CV38: 17.35 | CW38: =+CV38*CU38 -> 17.35 | CX38: =+IF(CY38>=2,0.8,0.6) -> 0.6 | CY38: =IF(BK38="","",ROUND((1+BR38)/2,2)) -> 1.27 | CZ38: =IF(BK38="","",ROUND(CV38*CX38*CY38*CU38,2)) -> 13.22 | DA38: =IF(BK38="","",ROUND( IF(AND(CY38>=1.5, CY38<2),(CY38*CW38),0),2)) -> 0 | DB38: =IF(BK38="","",ROUND(IF(AND(CY38>=2, CY38<4),(CY38*CW38),0),2)) -> 0 | DC38: =IF(BK38="","",ROUND(IF(CY38>=4,(CY38*CW38),0),2)) -> 0 | DD38: =IF(BK38="","",ROUND((PI()*((6*0.0254)^2)/4)*CW38,2)) -> 0.32 | DE38: =IF(BK38="","",ROUND(CW38*CX38,2)) -> 10.41 | DF38: D | DG38: =IF(BK38="","",ROUND(IF(DF38="F",DE38,0),2)) -> 0 | DH38: =IF(BK38="","",ROUND( IF(DF38="R",DE38,0),2)) -> 0 | DI38: =IF(DF38="","",IF(DF38="R",0.2,IF(DF38="F",0.07,IF(DF38="D",0)))) -> 0 | DJ38: =IF(BK38="","",ROUND(IF(DE38="","",DE38*DI38),2)) -> 0 | DK38: 1.3 | DL38: =ROUND(IF(CO38="","",IF(OR(DF38="R",DF38="F"),(DK38*DE38),0)),2) -> 0 | DM38: =IF(CO38="","",ROUND(IF(DF38="F",DE38*DK38,0),2)) -> 0 | DN38: =IF(BK38="","",ROUND(CZ38-(DD38+DJ38+DL38+DM38+DP38),2)) -> 11.86 | DO38: =IF(BK38="","",0.1) -> 0.1 | DP38: =+DE38*DO38 -> 1.041 | DQ38: =IF(BK38="","",ROUND(DN38*0.2,2)) -> 2.37 | DR38: =IF(BK38="","",ROUND(DN38*0.8,2)) -> 9.49 | DS38: =IF(BK38="","",ROUND(CZ38-(DD38+DR38),2)) -> 3.41 | DU38: =+A38 -> PZ-27 | DV38: =+BP38+0.2 -> 1.64 | DW38: 1.2 | DX38: 1.6 | DY38: =+((PI()*DX38^2)/4)*DV38*-1 -> -3.2974156 | DZ38: 1.6 | EA38: 1.6 | EB38: =+(DZ38*EA38*DV38) -> 4.1984 | EC38: =+EB38+DY38 -> 0.90098435 | ED38: =+EC38*0.55 -> 0.49554139 | EE38: =+EC38*0.45 -> 0.40544296 | EF38: =+ED38 -> 0.49554139
A39: PZ-28 | B39: PZ-29 | C39: 32.097 | D39: 114.492 | E39: 146.589 | F39: 0.015 | G39: 1.57 | H39: 0.00157 | I39: 0.076331121 | J39: 0.076 | K39: 0.046143975 | L39: 1.8166919 | M39: 8 | N39: 0.2 | O39: 0.182 | P39: 0.060999625 | Q39: 2.3447335 | R39: 0.03 | S39: 0.4 | T39: 0.148 | U39: 0.37 | V39: 0.93789341 | W39: 0.044834049 | X39: 0.016835 | Y39: 0.026936 | Z39: 0.071770049 | AA39: 0.086 | AB39: 0.015652 | AC39: 12.551503 | AD39: 2.3935035 | AE39: Supercrítico | AF39: 0.0061941779 | AG39: 0.00061941779 | AH39: 3.2967033 | AI39: 0.002086848 | AJ39: 0.0027062658 | AK39: 960.79 | AL39: 958.34 | AM39: 959.54641 | AN39: 957.10704 | AO39: 959.34641 | AP39: 956.90704 | AQ39: 959.37335 | AR39: 956.93398 | AS39: 959.43374 | AT39: 956.99437 | AU39: 1.243588 | AV39: 1.23296 | AW39: 1.443588 | AX39: 1.43296 | AY39: 0.02 | AZ39: PVC | BA39: Suficiente | BB39: Velocidad NORMAL | BC39: Superior al rango | BD39: Normal | BE39: Normal | BI39: =A39 -> PZ-28 | BJ39: =B39 -> PZ-29 | BK39: =IF(C39="","",ROUND( C39,2)) -> 32.1 | BL39: =IF(BK39="","",ROUND((BK39-1.6),2)) -> 30.5 | BM39: =IF(M39="","",M39) -> 8 | BN39: =IF(BK39="","",ROUND((BK39-1.2),2)) -> 30.9 | BO39: =IF(M39=6,0.5,IF(M39=8,0.6,IF(M39=10,0.65,IF(M39=12,0.7,IF(M39=14,0.75,IF(M39=16,0.8,IF(M39=18,0.85,""))))))) -> 0.6 | BP39: =IF(BK39="","",ROUND((AK39-AO39),2)) -> 1.44 | BQ39: =IF(BK39="","",ROUND((AL39-AP39),2)) -> 1.43 | BR39: =IF(BK39="","",ROUND((BP39+BQ39)/2+0.1,2)) -> 1.54 | BS39: =IF(BK39="","",ROUND( BR39*BO39*BL39,2)) -> 28.18 | BT39: =IF(AND(BR39>=1.5, BR39<2),(BR39*BL39),0) -> 46.97 | BU39: =IF(AND(BR39>=2, BR39<4),(BR39*BL39),0)*0.78 -> 0 | BV39: =IF(BR39>=4,(BR39*BL39),0) -> 0 | BW39: =IF(BK39="","",ROUND( BS39*$BN$1,2)) -> 0 | BX39: =IF(BK39="","",ROUND(BS39*$BN$2,2)) -> 22.54 | BY39: =IF(BK39="","",ROUND(BS39*$BN$3,2)) -> 4.79 | BZ39: =IF(BL39="","",ROUND(BS39*$BN$4,2)) -> 0.85 | CA39: =IF(BK39="","",ROUND( (PI()*((BM39*0.0254)^2)/4)*BL39,2)) -> 0.99 | CB39: =IF(BK39="","",ROUND(BL39*BO39,2)) -> 18.3 | CC39: D | CD39: =IF(BK39="","",ROUND(IF(CC39="F",CB39,0),2)) -> 0 | CE39: =IF(BK39="","",ROUND(IF(CC39="R",CB39,0),2)) -> 0 | CF39: =IF(CC39="","",IF(CC39="R",0.2,IF(CC39="F",0.07,IF(CC39="D",0)))) -> 0 | CG39: =IF(BK39="","",ROUND(IF(CB39="","",CB39*CF39),2)) -> 0 | CH39: 2.3 | CI39: =ROUND(IF(BK39="","",IF(OR(CC39="R",CC39="F"),(CH39*CB39),0)),2) -> 0 | CJ39: =IF(BK39="","",ROUND(IF(CC39="F",CB39*CH39,0),2)) -> 0 | CK39: =IF(BK39="","",ROUND(BS39-(CA39+CG39+CI39+CJ39+CM39),2)) -> 25.36 | CL39: =IF(BK39="","",0.1) -> 0.1 | CM39: =IF(BK39="","",ROUND((BL39*BO39)*0.1,2)) -> 1.83 | CN39: =IF(BK39="","",ROUND(CK39*$BR$2,2)) -> 7.37 | CO39: =IF(BK39="","",ROUND(CK39*$BR$1,2)) -> 17.99 | CP39: =IF(BK39="","",ROUND(BS39-(CO39),2)) -> 10.19 | CS39: =+M39 -> 8 | CT39: =IF(M39=6,160,IF(M39=8,200,IF(M39=10,250,IF(M39=12,315,IF(M39=14,350,IF(M39=16,400,IF(M39=18,450,""))))))) -> 200 | CU39: 3 | CV39: 17.35 | CW39: =+CV39*CU39 -> 52.05 | CX39: =+IF(CY39>=2,0.8,0.6) -> 0.6 | CY39: =IF(BK39="","",ROUND((1+BR39)/2,2)) -> 1.27 | CZ39: =IF(BK39="","",ROUND(CV39*CX39*CY39*CU39,2)) -> 39.66 | DA39: =IF(BK39="","",ROUND( IF(AND(CY39>=1.5, CY39<2),(CY39*CW39),0),2)) -> 0 | DB39: =IF(BK39="","",ROUND(IF(AND(CY39>=2, CY39<4),(CY39*CW39),0),2)) -> 0 | DC39: =IF(BK39="","",ROUND(IF(CY39>=4,(CY39*CW39),0),2)) -> 0 | DD39: =IF(BK39="","",ROUND((PI()*((6*0.0254)^2)/4)*CW39,2)) -> 0.95 | DE39: =IF(BK39="","",ROUND(CW39*CX39,2)) -> 31.23 | DF39: D | DG39: =IF(BK39="","",ROUND(IF(DF39="F",DE39,0),2)) -> 0 | DH39: =IF(BK39="","",ROUND( IF(DF39="R",DE39,0),2)) -> 0 | DI39: =IF(DF39="","",IF(DF39="R",0.2,IF(DF39="F",0.07,IF(DF39="D",0)))) -> 0 | DJ39: =IF(BK39="","",ROUND(IF(DE39="","",DE39*DI39),2)) -> 0 | DK39: 2.3 | DL39: =ROUND(IF(CO39="","",IF(OR(DF39="R",DF39="F"),(DK39*DE39),0)),2) -> 0 | DM39: =IF(CO39="","",ROUND(IF(DF39="F",DE39*DK39,0),2)) -> 0 | DN39: =IF(BK39="","",ROUND(CZ39-(DD39+DJ39+DL39+DM39+DP39),2)) -> 35.59 | DO39: =IF(BK39="","",0.1) -> 0.1 | DP39: =+DE39*DO39 -> 3.123 | DQ39: =IF(BK39="","",ROUND(DN39*0.2,2)) -> 7.12 | DR39: =IF(BK39="","",ROUND(DN39*0.8,2)) -> 28.47 | DS39: =IF(BK39="","",ROUND(CZ39-(DD39+DR39),2)) -> 10.24 | DU39: =+A39 -> PZ-28 | DV39: =+BP39+0.2 -> 1.64 | DW39: 1.2 | DX39: 1.6 | DY39: =+((PI()*DX39^2)/4)*DV39*-1 -> -3.2974156 | DZ39: 1.6 | EA39: 1.6 | EB39: =+(DZ39*EA39*DV39) -> 4.1984 | EC39: =+EB39+DY39 -> 0.90098435 | ED39: =+EC39*0.55 -> 0.49554139 | EE39: =+EC39*0.45 -> 0.40544296 | EF39: =+ED39 -> 0.49554139
A40: PZ-29 | B40: PZ-30 | C40: 47.214 | D40: 146.589 | E40: 193.803 | F40: 0.015 | G40: 2.02 | H40: 0.00202 | I40: 0.053373999 | J40: 0.053 | K40: 0.054263802 | L40: 2.1363701 | M40: 8 | N40: 0.2 | O40: 0.182 | P40: 0.050939925 | Q40: 1.9580538 | R40: 0.04 | S40: 0.427 | T40: 0.165 | U40: 0.41 | V40: 0.83608899 | W40: 0.035629195 | X40: 0.018655 | Y40: 0.03003 | Z40: 0.065659195 | AA40: 0.102 | AB40: 0.018564 | AC40: 9.6992942 | AD40: 1.9592156 | AE40: Supercrítico | AF40: -0.0092048543 | AG40: 0.0018409709 | AH40: 3.2967033 | AI40: 0.0020115811 | AJ40: 0.003852552 | AK40: 958.34 | AL40: 955.82 | AM40: 957.08704 | AN40: 954.5847 | AO40: 956.88704 | AP40: 954.3847 | AQ40: 956.91707 | AR40: 954.41473 | AS40: 956.99166 | AT40: 954.48932 | AU40: 1.25296 | AV40: 1.235302 | AW40: 1.45296 | AX40: 1.435302 | AY40: 0.02 | AZ40: PVC | BA40: Suficiente | BB40: Velocidad NORMAL | BC40: Superior al rango | BD40: Normal | BE40: Normal | BI40: =A40 -> PZ-29 | BJ40: =B40 -> PZ-30 | BK40: =IF(C40="","",ROUND( C40,2)) -> 47.21 | BL40: =IF(BK40="","",ROUND((BK40-1.6),2)) -> 45.61 | BM40: =IF(M40="","",M40) -> 8 | BN40: =IF(BK40="","",ROUND((BK40-1.2),2)) -> 46.01 | BO40: =IF(M40=6,0.5,IF(M40=8,0.6,IF(M40=10,0.65,IF(M40=12,0.7,IF(M40=14,0.75,IF(M40=16,0.8,IF(M40=18,0.85,""))))))) -> 0.6 | BP40: =IF(BK40="","",ROUND((AK40-AO40),2)) -> 1.45 | BQ40: =IF(BK40="","",ROUND((AL40-AP40),2)) -> 1.44 | BR40: =IF(BK40="","",ROUND((BP40+BQ40)/2+0.1,2)) -> 1.55 | BS40: =IF(BK40="","",ROUND( BR40*BO40*BL40,2)) -> 42.42 | BT40: =IF(AND(BR40>=1.5, BR40<2),(BR40*BL40),0) -> 70.6955 | BU40: =IF(AND(BR40>=2, BR40<4),(BR40*BL40),0)*0.78 -> 0 | BV40: =IF(BR40>=4,(BR40*BL40),0) -> 0 | BW40: =IF(BK40="","",ROUND( BS40*$BN$1,2)) -> 0 | BX40: =IF(BK40="","",ROUND(BS40*$BN$2,2)) -> 33.94 | BY40: =IF(BK40="","",ROUND(BS40*$BN$3,2)) -> 7.21 | BZ40: =IF(BL40="","",ROUND(BS40*$BN$4,2)) -> 1.27 | CA40: =IF(BK40="","",ROUND( (PI()*((BM40*0.0254)^2)/4)*BL40,2)) -> 1.48 | CB40: =IF(BK40="","",ROUND(BL40*BO40,2)) -> 27.37 | CC40: D | CD40: =IF(BK40="","",ROUND(IF(CC40="F",CB40,0),2)) -> 0 | CE40: =IF(BK40="","",ROUND(IF(CC40="R",CB40,0),2)) -> 0 | CF40: =IF(CC40="","",IF(CC40="R",0.2,IF(CC40="F",0.07,IF(CC40="D",0)))) -> 0 | CG40: =IF(BK40="","",ROUND(IF(CB40="","",CB40*CF40),2)) -> 0 | CH40: 3.3 | CI40: =ROUND(IF(BK40="","",IF(OR(CC40="R",CC40="F"),(CH40*CB40),0)),2) -> 0 | CJ40: =IF(BK40="","",ROUND(IF(CC40="F",CB40*CH40,0),2)) -> 0 | CK40: =IF(BK40="","",ROUND(BS40-(CA40+CG40+CI40+CJ40+CM40),2)) -> 38.2 | CL40: =IF(BK40="","",0.1) -> 0.1 | CM40: =IF(BK40="","",ROUND((BL40*BO40)*0.1,2)) -> 2.74 | CN40: =IF(BK40="","",ROUND(CK40*$BR$2,2)) -> 11.1 | CO40: =IF(BK40="","",ROUND(CK40*$BR$1,2)) -> 27.1 | CP40: =IF(BK40="","",ROUND(BS40-(CO40),2)) -> 15.32 | CS40: =+M40 -> 8 | CT40: =IF(M40=6,160,IF(M40=8,200,IF(M40=10,250,IF(M40=12,315,IF(M40=14,350,IF(M40=16,400,IF(M40=18,450,""))))))) -> 200 | CU40: 0 | CV40: 17.35 | CW40: =+CV40*CU40 -> 0 | CX40: =+IF(CY40>=2,0.8,0.6) -> 0.6 | CY40: =IF(BK40="","",ROUND((1+BR40)/2,2)) -> 1.28 | CZ40: =IF(BK40="","",ROUND(CV40*CX40*CY40*CU40,2)) -> 0 | DA40: =IF(BK40="","",ROUND( IF(AND(CY40>=1.5, CY40<2),(CY40*CW40),0),2)) -> 0 | DB40: =IF(BK40="","",ROUND(IF(AND(CY40>=2, CY40<4),(CY40*CW40),0),2)) -> 0 | DC40: =IF(BK40="","",ROUND(IF(CY40>=4,(CY40*CW40),0),2)) -> 0 | DD40: =IF(BK40="","",ROUND((PI()*((6*0.0254)^2)/4)*CW40,2)) -> 0 | DE40: =IF(BK40="","",ROUND(CW40*CX40,2)) -> 0 | DF40: D | DG40: =IF(BK40="","",ROUND(IF(DF40="F",DE40,0),2)) -> 0 | DH40: =IF(BK40="","",ROUND( IF(DF40="R",DE40,0),2)) -> 0 | DI40: =IF(DF40="","",IF(DF40="R",0.2,IF(DF40="F",0.07,IF(DF40="D",0)))) -> 0 | DJ40: =IF(BK40="","",ROUND(IF(DE40="","",DE40*DI40),2)) -> 0 | DK40: 3.3 | DL40: =ROUND(IF(CO40="","",IF(OR(DF40="R",DF40="F"),(DK40*DE40),0)),2) -> 0 | DM40: =IF(CO40="","",ROUND(IF(DF40="F",DE40*DK40,0),2)) -> 0 | DN40: =IF(BK40="","",ROUND(CZ40-(DD40+DJ40+DL40+DM40+DP40),2)) -> 0 | DO40: =IF(BK40="","",0.1) -> 0.1 | DP40: =+DE40*DO40 -> 0 | DQ40: =IF(BK40="","",ROUND(DN40*0.2,2)) -> 0 | DR40: =IF(BK40="","",ROUND(DN40*0.8,2)) -> 0 | DS40: =IF(BK40="","",ROUND(CZ40-(DD40+DR40),2)) -> 0 | DU40: =+A40 -> PZ-29 | DV40: =+BP40+0.2 -> 1.65 | DW40: 1.2 | DX40: 1.6 | DY40: =+((PI()*DX40^2)/4)*DV40*-1 -> -3.3175218 | DZ40: 1.6 | EA40: 1.6 | EB40: =+(DZ40*EA40*DV40) -> 4.224 | EC40: =+EB40+DY40 -> 0.90647816 | ED40: =+EC40*0.55 -> 0.49856299 | EE40: =+EC40*0.45 -> 0.40791517 | EF40: =+ED40 -> 0.49856299
A41: PZ-30 | B41: PZ-31 | C41: 60.595 | D41: 193.803 | E41: 254.398 | F41: 0.015 | G41: 2.65 | H41: 0.00265 | I41: 0.051324367 | J41: 0.051 | K41: 0.060513598 | L41: 2.3824251 | M41: 8 | N41: 0.2 | O41: 0.182 | P41: 0.049969552 | Q41: 1.9207542 | R41: 0.05 | S41: 0.453 | T41: 0.182 | U41: 0.449 | V41: 0.87010164 | W41: 0.038586996 | X41: 0.0204295 | Y41: 0.033124 | Z41: 0.071710996 | AA41: 0.116 | AB41: 0.021112 | AC41: 10.221083 | AD41: 1.9119247 | AE41: Supercrítico | AF41: 0.002957801 | AG41: 0.0002957801 | AH41: 3.2967033 | AI41: 0.0018554048 | AJ41: 0.0021511849 | AK41: 955.82 | AL41: 952.71 | AM41: 954.5647 | AN41: 951.47435 | AO41: 954.3647 | AP41: 951.27435 | AQ41: 954.39782 | AR41: 951.30748 | AS41: 954.48546 | AT41: 951.39512 | AU41: 1.255302 | AV41: 1.235647 | AW41: 1.455302 | AX41: 1.435647 | AY41: 0.02 | AZ41: PVC | BA41: Suficiente | BB41: Velocidad NORMAL | BC41: Superior al rango | BD41: Normal | BE41: Normal | BI41: =A41 -> PZ-30 | BJ41: =B41 -> PZ-31 | BK41: =IF(C41="","",ROUND( C41,2)) -> 60.6 | BL41: =IF(BK41="","",ROUND((BK41-1.6),2)) -> 59 | BM41: =IF(M41="","",M41) -> 8 | BN41: =IF(BK41="","",ROUND((BK41-1.2),2)) -> 59.4 | BO41: =IF(M41=6,0.5,IF(M41=8,0.6,IF(M41=10,0.65,IF(M41=12,0.7,IF(M41=14,0.75,IF(M41=16,0.8,IF(M41=18,0.85,""))))))) -> 0.6 | BP41: =IF(BK41="","",ROUND((AK41-AO41),2)) -> 1.46 | BQ41: =IF(BK41="","",ROUND((AL41-AP41),2)) -> 1.44 | BR41: =IF(BK41="","",ROUND((BP41+BQ41)/2+0.1,2)) -> 1.55 | BS41: =IF(BK41="","",ROUND( BR41*BO41*BL41,2)) -> 54.87 | BT41: =IF(AND(BR41>=1.5, BR41<2),(BR41*BL41),0) -> 91.45 | BU41: =IF(AND(BR41>=2, BR41<4),(BR41*BL41),0)*0.78 -> 0 | BV41: =IF(BR41>=4,(BR41*BL41),0) -> 0 | BW41: =IF(BK41="","",ROUND( BS41*$BN$1,2)) -> 0 | BX41: =IF(BK41="","",ROUND(BS41*$BN$2,2)) -> 43.9 | BY41: =IF(BK41="","",ROUND(BS41*$BN$3,2)) -> 9.33 | BZ41: =IF(BL41="","",ROUND(BS41*$BN$4,2)) -> 1.65 | CA41: =IF(BK41="","",ROUND( (PI()*((BM41*0.0254)^2)/4)*BL41,2)) -> 1.91 | CB41: =IF(BK41="","",ROUND(BL41*BO41,2)) -> 35.4 | CC41: D | CD41: =IF(BK41="","",ROUND(IF(CC41="F",CB41,0),2)) -> 0 | CE41: =IF(BK41="","",ROUND(IF(CC41="R",CB41,0),2)) -> 0 | CF41: =IF(CC41="","",IF(CC41="R",0.2,IF(CC41="F",0.07,IF(CC41="D",0)))) -> 0 | CG41: =IF(BK41="","",ROUND(IF(CB41="","",CB41*CF41),2)) -> 0 | CH41: 4.3 | CI41: =ROUND(IF(BK41="","",IF(OR(CC41="R",CC41="F"),(CH41*CB41),0)),2) -> 0 | CJ41: =IF(BK41="","",ROUND(IF(CC41="F",CB41*CH41,0),2)) -> 0 | CK41: =IF(BK41="","",ROUND(BS41-(CA41+CG41+CI41+CJ41+CM41),2)) -> 49.42 | CL41: =IF(BK41="","",0.1) -> 0.1 | CM41: =IF(BK41="","",ROUND((BL41*BO41)*0.1,2)) -> 3.54 | CN41: =IF(BK41="","",ROUND(CK41*$BR$2,2)) -> 14.36 | CO41: =IF(BK41="","",ROUND(CK41*$BR$1,2)) -> 35.06 | CP41: =IF(BK41="","",ROUND(BS41-(CO41),2)) -> 19.81 | CS41: =+M41 -> 8 | CT41: =IF(M41=6,160,IF(M41=8,200,IF(M41=10,250,IF(M41=12,315,IF(M41=14,350,IF(M41=16,400,IF(M41=18,450,""))))))) -> 200 | CU41: 1 | CV41: 17.35 | CW41: =+CV41*CU41 -> 17.35 | CX41: =+IF(CY41>=2,0.8,0.6) -> 0.6 | CY41: =IF(BK41="","",ROUND((1+BR41)/2,2)) -> 1.28 | CZ41: =IF(BK41="","",ROUND(CV41*CX41*CY41*CU41,2)) -> 13.32 | DA41: =IF(BK41="","",ROUND( IF(AND(CY41>=1.5, CY41<2),(CY41*CW41),0),2)) -> 0 | DB41: =IF(BK41="","",ROUND(IF(AND(CY41>=2, CY41<4),(CY41*CW41),0),2)) -> 0 | DC41: =IF(BK41="","",ROUND(IF(CY41>=4,(CY41*CW41),0),2)) -> 0 | DD41: =IF(BK41="","",ROUND((PI()*((6*0.0254)^2)/4)*CW41,2)) -> 0.32 | DE41: =IF(BK41="","",ROUND(CW41*CX41,2)) -> 10.41 | DF41: D | DG41: =IF(BK41="","",ROUND(IF(DF41="F",DE41,0),2)) -> 0 | DH41: =IF(BK41="","",ROUND( IF(DF41="R",DE41,0),2)) -> 0 | DI41: =IF(DF41="","",IF(DF41="R",0.2,IF(DF41="F",0.07,IF(DF41="D",0)))) -> 0 | DJ41: =IF(BK41="","",ROUND(IF(DE41="","",DE41*DI41),2)) -> 0 | DK41: 4.3 | DL41: =ROUND(IF(CO41="","",IF(OR(DF41="R",DF41="F"),(DK41*DE41),0)),2) -> 0 | DM41: =IF(CO41="","",ROUND(IF(DF41="F",DE41*DK41,0),2)) -> 0 | DN41: =IF(BK41="","",ROUND(CZ41-(DD41+DJ41+DL41+DM41+DP41),2)) -> 11.96 | DO41: =IF(BK41="","",0.1) -> 0.1 | DP41: =+DE41*DO41 -> 1.041 | DQ41: =IF(BK41="","",ROUND(DN41*0.2,2)) -> 2.39 | DR41: =IF(BK41="","",ROUND(DN41*0.8,2)) -> 9.57 | DS41: =IF(BK41="","",ROUND(CZ41-(DD41+DR41),2)) -> 3.43 | DU41: =+A41 -> PZ-30 | DV41: =+BP41+0.2 -> 1.66 | DW41: 1.2 | DX41: 1.6 | DY41: =+((PI()*DX41^2)/4)*DV41*-1 -> -3.337628 | DZ41: 1.6 | EA41: 1.6 | EB41: =+(DZ41*EA41*DV41) -> 4.2496 | EC41: =+EB41+DY41 -> 0.91197196 | ED41: =+EC41*0.55 -> 0.50158458 | EE41: =+EC41*0.45 -> 0.41038738 | EF41: =+ED41 -> 0.50158458
A42: PZ-31 | B42: PZ-32 | C42: 58.293 | D42: 254.398 | E42: 312.691 | F42: 0.015 | G42: 3.46 | H42: 0.00346 | I42: 0.070505893 | J42: 0.07 | K42: 0.063023546 | L42: 2.481242 | M42: 8 | N42: 0.2 | O42: 0.182 | P42: 0.058542247 | Q42: 2.2502756 | R42: 0.06 | S42: 0.473 | T42: 0.196 | U42: 0.481 | V42: 1.0643804 | W42: 0.057742384 | X42: 0.0218855 | Y42: 0.035672 | Z42: 0.093414384 | AA42: 0.128 | AB42: 0.023296 | AC42: 15.028773 | AD42: 2.2264947 | AE42: Supercrítico | AF42: 0.019155388 | AG42: 0.0019155388 | AH42: 3.2967033 | AI42: 0.0024082345 | AJ42: 0.0043237733 | AK42: 952.71 | AL42: 948.6 | AM42: 951.45435 | AN42: 947.37384 | AO42: 951.25435 | AP42: 947.17384 | AQ42: 951.29003 | AR42: 947.20952 | AS42: 951.39297 | AT42: 947.31246 | AU42: 1.255647 | AV42: 1.226157 | AW42: 1.455647 | AX42: 1.426157 | AY42: 0.02 | AZ42: PVC | BA42: Suficiente | BB42: Velocidad NORMAL | BC42: Superior al rango | BD42: Normal | BE42: Normal | BI42: =A42 -> PZ-31 | BJ42: =B42 -> PZ-32 | BK42: =IF(C42="","",ROUND( C42,2)) -> 58.29 | BL42: =IF(BK42="","",ROUND((BK42-1.6),2)) -> 56.69 | BM42: =IF(M42="","",M42) -> 8 | BN42: =IF(BK42="","",ROUND((BK42-1.2),2)) -> 57.09 | BO42: =IF(M42=6,0.5,IF(M42=8,0.6,IF(M42=10,0.65,IF(M42=12,0.7,IF(M42=14,0.75,IF(M42=16,0.8,IF(M42=18,0.85,""))))))) -> 0.6 | BP42: =IF(BK42="","",ROUND((AK42-AO42),2)) -> 1.46 | BQ42: =IF(BK42="","",ROUND((AL42-AP42),2)) -> 1.43 | BR42: =IF(BK42="","",ROUND((BP42+BQ42)/2+0.1,2)) -> 1.55 | BS42: =IF(BK42="","",ROUND( BR42*BO42*BL42,2)) -> 52.72 | BT42: =IF(AND(BR42>=1.5, BR42<2),(BR42*BL42),0) -> 87.8695 | BU42: =IF(AND(BR42>=2, BR42<4),(BR42*BL42),0)*0.78 -> 0 | BV42: =IF(BR42>=4,(BR42*BL42),0) -> 0 | BW42: =IF(BK42="","",ROUND( BS42*$BN$1,2)) -> 0 | BX42: =IF(BK42="","",ROUND(BS42*$BN$2,2)) -> 42.18 | BY42: =IF(BK42="","",ROUND(BS42*$BN$3,2)) -> 8.96 | BZ42: =IF(BL42="","",ROUND(BS42*$BN$4,2)) -> 1.58 | CA42: =IF(BK42="","",ROUND( (PI()*((BM42*0.0254)^2)/4)*BL42,2)) -> 1.84 | CB42: =IF(BK42="","",ROUND(BL42*BO42,2)) -> 34.01 | CC42: D | CD42: =IF(BK42="","",ROUND(IF(CC42="F",CB42,0),2)) -> 0 | CE42: =IF(BK42="","",ROUND(IF(CC42="R",CB42,0),2)) -> 0 | CF42: =IF(CC42="","",IF(CC42="R",0.2,IF(CC42="F",0.07,IF(CC42="D",0)))) -> 0 | CG42: =IF(BK42="","",ROUND(IF(CB42="","",CB42*CF42),2)) -> 0 | CH42: 5.3 | CI42: =ROUND(IF(BK42="","",IF(OR(CC42="R",CC42="F"),(CH42*CB42),0)),2) -> 0 | CJ42: =IF(BK42="","",ROUND(IF(CC42="F",CB42*CH42,0),2)) -> 0 | CK42: =IF(BK42="","",ROUND(BS42-(CA42+CG42+CI42+CJ42+CM42),2)) -> 47.48 | CL42: =IF(BK42="","",0.1) -> 0.1 | CM42: =IF(BK42="","",ROUND((BL42*BO42)*0.1,2)) -> 3.4 | CN42: =IF(BK42="","",ROUND(CK42*$BR$2,2)) -> 13.79 | CO42: =IF(BK42="","",ROUND(CK42*$BR$1,2)) -> 33.69 | CP42: =IF(BK42="","",ROUND(BS42-(CO42),2)) -> 19.03 | CS42: =+M42 -> 8 | CT42: =IF(M42=6,160,IF(M42=8,200,IF(M42=10,250,IF(M42=12,315,IF(M42=14,350,IF(M42=16,400,IF(M42=18,450,""))))))) -> 200 | CU42: 0 | CV42: 17.35 | CW42: =+CV42*CU42 -> 0 | CX42: =+IF(CY42>=2,0.8,0.6) -> 0.6 | CY42: =IF(BK42="","",ROUND((1+BR42)/2,2)) -> 1.28 | CZ42: =IF(BK42="","",ROUND(CV42*CX42*CY42*CU42,2)) -> 0 | DA42: =IF(BK42="","",ROUND( IF(AND(CY42>=1.5, CY42<2),(CY42*CW42),0),2)) -> 0 | DB42: =IF(BK42="","",ROUND(IF(AND(CY42>=2, CY42<4),(CY42*CW42),0),2)) -> 0 | DC42: =IF(BK42="","",ROUND(IF(CY42>=4,(CY42*CW42),0),2)) -> 0 | DD42: =IF(BK42="","",ROUND((PI()*((6*0.0254)^2)/4)*CW42,2)) -> 0 | DE42: =IF(BK42="","",ROUND(CW42*CX42,2)) -> 0 | DF42: D | DG42: =IF(BK42="","",ROUND(IF(DF42="F",DE42,0),2)) -> 0 | DH42: =IF(BK42="","",ROUND( IF(DF42="R",DE42,0),2)) -> 0 | DI42: =IF(DF42="","",IF(DF42="R",0.2,IF(DF42="F",0.07,IF(DF42="D",0)))) -> 0 | DJ42: =IF(BK42="","",ROUND(IF(DE42="","",DE42*DI42),2)) -> 0 | DK42: 5.3 | DL42: =ROUND(IF(CO42="","",IF(OR(DF42="R",DF42="F"),(DK42*DE42),0)),2) -> 0 | DM42: =IF(CO42="","",ROUND(IF(DF42="F",DE42*DK42,0),2)) -> 0 | DN42: =IF(BK42="","",ROUND(CZ42-(DD42+DJ42+DL42+DM42+DP42),2)) -> 0 | DO42: =IF(BK42="","",0.1) -> 0.1 | DP42: =+DE42*DO42 -> 0 | DQ42: =IF(BK42="","",ROUND(DN42*0.2,2)) -> 0 | DR42: =IF(BK42="","",ROUND(DN42*0.8,2)) -> 0 | DS42: =IF(BK42="","",ROUND(CZ42-(DD42+DR42),2)) -> 0 | DU42: =+A42 -> PZ-31 | DV42: =+BP42+0.2 -> 1.66 | DW42: 1.2 | DX42: 1.6 | DY42: =+((PI()*DX42^2)/4)*DV42*-1 -> -3.337628 | DZ42: 1.6 | EA42: 1.6 | EB42: =+(DZ42*EA42*DV42) -> 4.2496 | EC42: =+EB42+DY42 -> 0.91197196 | ED42: =+EC42*0.55 -> 0.50158458 | EE42: =+EC42*0.45 -> 0.41038738 | EF42: =+ED42 -> 0.50158458
A43: PZ-32 | B43: PZ-33 | C43: 61.482 | D43: 312.691 | E43: 374.173 | F43: 0.015 | G43: 4.06 | H43: 0.00406 | I43: 0.061644058 | J43: 0.061 | K43: 0.068667794 | L43: 2.7034565 | M43: 8 | N43: 0.2 | O43: 0.182 | P43: 0.054649386 | Q43: 2.1006399 | R43: 0.07 | S43: 0.492 | T43: 0.21 | U43: 0.51 | V43: 1.0335148 | W43: 0.054442045 | X43: 0.023205 | Y43: 0.03822 | Z43: 0.092662045 | AA43: 0.14 | AB43: 0.02548 | AC43: 13.886104 | AD43: 2.0672 | AE43: Supercrítico | AF43: -0.0033003391 | AG43: 0.00066006782 | AH43: 3.2967033 | AI43: 0.0028046107 | AJ43: 0.0034646785 | AK43: 948.6 | AL43: 944.81 | AM43: 947.35384 | AN43: 943.60344 | AO43: 947.15384 | AP43: 943.40344 | AQ43: 947.19206 | AR43: 943.44166 | AS43: 947.30813 | AT43: 943.55773 | AU43: 1.246157 | AV43: 1.206559 | AW43: 1.446157 | AX43: 1.406559 | AY43: 0.02 | AZ43: PVC | BA43: Suficiente | BB43: Velocidad NORMAL | BC43: Superior al rango | BD43: Normal | BE43: Normal | BI43: =A43 -> PZ-32 | BJ43: =B43 -> PZ-33 | BK43: =IF(C43="","",ROUND( C43,2)) -> 61.48 | BL43: =IF(BK43="","",ROUND((BK43-1.6),2)) -> 59.88 | BM43: =IF(M43="","",M43) -> 8 | BN43: =IF(BK43="","",ROUND((BK43-1.2),2)) -> 60.28 | BO43: =IF(M43=6,0.5,IF(M43=8,0.6,IF(M43=10,0.65,IF(M43=12,0.7,IF(M43=14,0.75,IF(M43=16,0.8,IF(M43=18,0.85,""))))))) -> 0.6 | BP43: =IF(BK43="","",ROUND((AK43-AO43),2)) -> 1.45 | BQ43: =IF(BK43="","",ROUND((AL43-AP43),2)) -> 1.41 | BR43: =IF(BK43="","",ROUND((BP43+BQ43)/2+0.1,2)) -> 1.53 | BS43: =IF(BK43="","",ROUND( BR43*BO43*BL43,2)) -> 54.97 | BT43: =IF(AND(BR43>=1.5, BR43<2),(BR43*BL43),0) -> 91.6164 | BU43: =IF(AND(BR43>=2, BR43<4),(BR43*BL43),0)*0.78 -> 0 | BV43: =IF(BR43>=4,(BR43*BL43),0) -> 0 | BW43: =IF(BK43="","",ROUND( BS43*$BN$1,2)) -> 0 | BX43: =IF(BK43="","",ROUND(BS43*$BN$2,2)) -> 43.98 | BY43: =IF(BK43="","",ROUND(BS43*$BN$3,2)) -> 9.34 | BZ43: =IF(BL43="","",ROUND(BS43*$BN$4,2)) -> 1.65 | CA43: =IF(BK43="","",ROUND( (PI()*((BM43*0.0254)^2)/4)*BL43,2)) -> 1.94 | CB43: =IF(BK43="","",ROUND(BL43*BO43,2)) -> 35.93 | CC43: D | CD43: =IF(BK43="","",ROUND(IF(CC43="F",CB43,0),2)) -> 0 | CE43: =IF(BK43="","",ROUND(IF(CC43="R",CB43,0),2)) -> 0 | CF43: =IF(CC43="","",IF(CC43="R",0.2,IF(CC43="F",0.07,IF(CC43="D",0)))) -> 0 | CG43: =IF(BK43="","",ROUND(IF(CB43="","",CB43*CF43),2)) -> 0 | CH43: 6.3 | CI43: =ROUND(IF(BK43="","",IF(OR(CC43="R",CC43="F"),(CH43*CB43),0)),2) -> 0 | CJ43: =IF(BK43="","",ROUND(IF(CC43="F",CB43*CH43,0),2)) -> 0 | CK43: =IF(BK43="","",ROUND(BS43-(CA43+CG43+CI43+CJ43+CM43),2)) -> 49.44 | CL43: =IF(BK43="","",0.1) -> 0.1 | CM43: =IF(BK43="","",ROUND((BL43*BO43)*0.1,2)) -> 3.59 | CN43: =IF(BK43="","",ROUND(CK43*$BR$2,2)) -> 14.36 | CO43: =IF(BK43="","",ROUND(CK43*$BR$1,2)) -> 35.08 | CP43: =IF(BK43="","",ROUND(BS43-(CO43),2)) -> 19.89 | CS43: =+M43 -> 8 | CT43: =IF(M43=6,160,IF(M43=8,200,IF(M43=10,250,IF(M43=12,315,IF(M43=14,350,IF(M43=16,400,IF(M43=18,450,""))))))) -> 200 | CU43: 2 | CV43: 17.35 | CW43: =+CV43*CU43 -> 34.7 | CX43: =+IF(CY43>=2,0.8,0.6) -> 0.6 | CY43: =IF(BK43="","",ROUND((1+BR43)/2,2)) -> 1.27 | CZ43: =IF(BK43="","",ROUND(CV43*CX43*CY43*CU43,2)) -> 26.44 | DA43: =IF(BK43="","",ROUND( IF(AND(CY43>=1.5, CY43<2),(CY43*CW43),0),2)) -> 0 | DB43: =IF(BK43="","",ROUND(IF(AND(CY43>=2, CY43<4),(CY43*CW43),0),2)) -> 0 | DC43: =IF(BK43="","",ROUND(IF(CY43>=4,(CY43*CW43),0),2)) -> 0 | DD43: =IF(BK43="","",ROUND((PI()*((6*0.0254)^2)/4)*CW43,2)) -> 0.63 | DE43: =IF(BK43="","",ROUND(CW43*CX43,2)) -> 20.82 | DF43: D | DG43: =IF(BK43="","",ROUND(IF(DF43="F",DE43,0),2)) -> 0 | DH43: =IF(BK43="","",ROUND( IF(DF43="R",DE43,0),2)) -> 0 | DI43: =IF(DF43="","",IF(DF43="R",0.2,IF(DF43="F",0.07,IF(DF43="D",0)))) -> 0 | DJ43: =IF(BK43="","",ROUND(IF(DE43="","",DE43*DI43),2)) -> 0 | DK43: 6.3 | DL43: =ROUND(IF(CO43="","",IF(OR(DF43="R",DF43="F"),(DK43*DE43),0)),2) -> 0 | DM43: =IF(CO43="","",ROUND(IF(DF43="F",DE43*DK43,0),2)) -> 0 | DN43: =IF(BK43="","",ROUND(CZ43-(DD43+DJ43+DL43+DM43+DP43),2)) -> 23.73 | DO43: =IF(BK43="","",0.1) -> 0.1 | DP43: =+DE43*DO43 -> 2.082 | DQ43: =IF(BK43="","",ROUND(DN43*0.2,2)) -> 4.75 | DR43: =IF(BK43="","",ROUND(DN43*0.8,2)) -> 18.98 | DS43: =IF(BK43="","",ROUND(CZ43-(DD43+DR43),2)) -> 6.83 | DU43: =+A43 -> PZ-32 | DV43: =+BP43+0.2 -> 1.65 | DW43: 1.2 | DX43: 1.6 | DY43: =+((PI()*DX43^2)/4)*DV43*-1 -> -3.3175218 | DZ43: 1.6 | EA43: 1.6 | EB43: =+(DZ43*EA43*DV43) -> 4.224 | EC43: =+EB43+DY43 -> 0.90647816 | ED43: =+EC43*0.55 -> 0.49856299 | EE43: =+EC43*0.45 -> 0.40791517 | EF43: =+ED43 -> 0.49856299
A44: PZ-33 | B44: PZ-34 | C44: 90.84 | D44: 374.173 | E44: 465.013 | F44: 0.015 | G44: 4.71 | H44: 0.00471 | I44: 0.045574637 | J44: 0.046 | K44: 0.076545722 | L44: 3.0136111 | M44: 8 | N44: 0.2 | O44: 0.182 | P44: 0.047456891 | Q44: 1.8241713 | R44: 0.1 | S44: 0.54 | T44: 0.248 | U44: 0.586 | V44: 0.98505249 | W44: 0.049456086 | X44: 0.026663 | Y44: 0.045136 | Z44: 0.094592086 | AA44: 0.17 | AB44: 0.03094 | AC44: 12.031945 | AD44: 1.7879885 | AE44: Supercrítico | AF44: -0.0049859592 | AG44: 0.00099719185 | AH44: 3.2967033 | AI44: 0.0025974533 | AJ44: 0.0035946451 | AK44: 944.81 | AL44: 940.67 | AM44: 943.58344 | AN44: 939.4048 | AO44: 943.38344 | AP44: 939.2048 | AQ44: 943.42858 | AR44: 939.24994 | AS44: 943.55427 | AT44: 939.37563 | AU44: 1.226559 | AV44: 1.265199 | AW44: 1.426559 | AX44: 1.465199 | AY44: 0.02 | AZ44: PVC | BA44: Suficiente | BB44: Velocidad NORMAL | BC44: Superior al rango | BD44: Normal | BE44: Normal | BI44: =A44 -> PZ-33 | BJ44: =B44 -> PZ-34 | BK44: =IF(C44="","",ROUND( C44,2)) -> 90.84 | BL44: =IF(BK44="","",ROUND((BK44-1.6),2)) -> 89.24 | BM44: =IF(M44="","",M44) -> 8 | BN44: =IF(BK44="","",ROUND((BK44-1.2),2)) -> 89.64 | BO44: =IF(M44=6,0.5,IF(M44=8,0.6,IF(M44=10,0.65,IF(M44=12,0.7,IF(M44=14,0.75,IF(M44=16,0.8,IF(M44=18,0.85,""))))))) -> 0.6 | BP44: =IF(BK44="","",ROUND((AK44-AO44),2)) -> 1.43 | BQ44: =IF(BK44="","",ROUND((AL44-AP44),2)) -> 1.47 | BR44: =IF(BK44="","",ROUND((BP44+BQ44)/2+0.1,2)) -> 1.55 | BS44: =IF(BK44="","",ROUND( BR44*BO44*BL44,2)) -> 82.99 | BT44: =IF(AND(BR44>=1.5, BR44<2),(BR44*BL44),0) -> 138.322 | BU44: =IF(AND(BR44>=2, BR44<4),(BR44*BL44),0)*0.78 -> 0 | BV44: =IF(BR44>=4,(BR44*BL44),0) -> 0 | BW44: =IF(BK44="","",ROUND( BS44*$BN$1,2)) -> 0 | BX44: =IF(BK44="","",ROUND(BS44*$BN$2,2)) -> 66.39 | BY44: =IF(BK44="","",ROUND(BS44*$BN$3,2)) -> 14.11 | BZ44: =IF(BL44="","",ROUND(BS44*$BN$4,2)) -> 2.49 | CA44: =IF(BK44="","",ROUND( (PI()*((BM44*0.0254)^2)/4)*BL44,2)) -> 2.89 | CB44: =IF(BK44="","",ROUND(BL44*BO44,2)) -> 53.54 | CC44: D | CD44: =IF(BK44="","",ROUND(IF(CC44="F",CB44,0),2)) -> 0 | CE44: =IF(BK44="","",ROUND(IF(CC44="R",CB44,0),2)) -> 0 | CF44: =IF(CC44="","",IF(CC44="R",0.2,IF(CC44="F",0.07,IF(CC44="D",0)))) -> 0 | CG44: =IF(BK44="","",ROUND(IF(CB44="","",CB44*CF44),2)) -> 0 | CH44: 7.3 | CI44: =ROUND(IF(BK44="","",IF(OR(CC44="R",CC44="F"),(CH44*CB44),0)),2) -> 0 | CJ44: =IF(BK44="","",ROUND(IF(CC44="F",CB44*CH44,0),2)) -> 0 | CK44: =IF(BK44="","",ROUND(BS44-(CA44+CG44+CI44+CJ44+CM44),2)) -> 74.75 | CL44: =IF(BK44="","",0.1) -> 0.1 | CM44: =IF(BK44="","",ROUND((BL44*BO44)*0.1,2)) -> 5.35 | CN44: =IF(BK44="","",ROUND(CK44*$BR$2,2)) -> 21.71 | CO44: =IF(BK44="","",ROUND(CK44*$BR$1,2)) -> 53.04 | CP44: =IF(BK44="","",ROUND(BS44-(CO44),2)) -> 29.95 | CS44: =+M44 -> 8 | CT44: =IF(M44=6,160,IF(M44=8,200,IF(M44=10,250,IF(M44=12,315,IF(M44=14,350,IF(M44=16,400,IF(M44=18,450,""))))))) -> 200 | CU44: 4 | CV44: 17.35 | CW44: =+CV44*CU44 -> 69.4 | CX44: =+IF(CY44>=2,0.8,0.6) -> 0.6 | CY44: =IF(BK44="","",ROUND((1+BR44)/2,2)) -> 1.28 | CZ44: =IF(BK44="","",ROUND(CV44*CX44*CY44*CU44,2)) -> 53.3 | DA44: =IF(BK44="","",ROUND( IF(AND(CY44>=1.5, CY44<2),(CY44*CW44),0),2)) -> 0 | DB44: =IF(BK44="","",ROUND(IF(AND(CY44>=2, CY44<4),(CY44*CW44),0),2)) -> 0 | DC44: =IF(BK44="","",ROUND(IF(CY44>=4,(CY44*CW44),0),2)) -> 0 | DD44: =IF(BK44="","",ROUND((PI()*((6*0.0254)^2)/4)*CW44,2)) -> 1.27 | DE44: =IF(BK44="","",ROUND(CW44*CX44,2)) -> 41.64 | DF44: D | DG44: =IF(BK44="","",ROUND(IF(DF44="F",DE44,0),2)) -> 0 | DH44: =IF(BK44="","",ROUND( IF(DF44="R",DE44,0),2)) -> 0 | DI44: =IF(DF44="","",IF(DF44="R",0.2,IF(DF44="F",0.07,IF(DF44="D",0)))) -> 0 | DJ44: =IF(BK44="","",ROUND(IF(DE44="","",DE44*DI44),2)) -> 0 | DK44: 7.3 | DL44: =ROUND(IF(CO44="","",IF(OR(DF44="R",DF44="F"),(DK44*DE44),0)),2) -> 0 | DM44: =IF(CO44="","",ROUND(IF(DF44="F",DE44*DK44,0),2)) -> 0 | DN44: =IF(BK44="","",ROUND(CZ44-(DD44+DJ44+DL44+DM44+DP44),2)) -> 47.87 | DO44: =IF(BK44="","",0.1) -> 0.1 | DP44: =+DE44*DO44 -> 4.164 | DQ44: =IF(BK44="","",ROUND(DN44*0.2,2)) -> 9.57 | DR44: =IF(BK44="","",ROUND(DN44*0.8,2)) -> 38.3 | DS44: =IF(BK44="","",ROUND(CZ44-(DD44+DR44),2)) -> 13.73 | DU44: =+A44 -> PZ-33 | DV44: =+BP44+0.2 -> 1.63 | DW44: 1.2 | DX44: 1.6 | DY44: =+((PI()*DX44^2)/4)*DV44*-1 -> -3.2773095 | DZ44: 1.6 | EA44: 1.6 | EB44: =+(DZ44*EA44*DV44) -> 4.1728 | EC44: =+EB44+DY44 -> 0.89549054 | ED44: =+EC44*0.55 -> 0.4925198 | EE44: =+EC44*0.45 -> 0.40297074 | EF44: =+ED44 -> 0.4925198
A45: PZ-34 | B45: PZ-3 | C45: 29.14 | D45: 465.013 | E45: 494.153 | F45: 0.015 | G45: 4.75 | H45: 0.00475 | I45: 0.014413178 | J45: 0.018 | K45: 0.091559136 | L45: 3.6046904 | M45: 8 | N45: 0.2 | O45: 0.182 | P45: 0.029686338 | Q45: 1.141098 | R45: 0.16 | S45: 0.613 | T45: 0.308 | U45: 0.704 | V45: 0.69949308 | W45: 0.024938357 | X45: 0.032032 | Y45: 0.056056 | Z45: 0.080994357 | AA45: 0.221 | AB45: 0.040222 | AC45: 5.6562106 | AD45: 1.1135689 | AE45: Supercrítico | AF45: -0.024517728 | AG45: 0.0049035457 | AH45: 3.2967033 | AI45: 0.0018598611 | AJ45: 0.0067634068 | AK45: 940.67 | AL45: 940.25 | AM45: 939.3848 | AN45: 938.86028 | AO45: 939.1848 | AP45: 938.66028 | AQ45: 939.24086 | AR45: 938.71634 | AS45: 939.37203 | AT45: 938.84751 | AU45: 1.285199 | AV45: 1.389719 | AW45: 1.485199 | AX45: 1.589719 | AY45: 938.66028 | AZ45: PVC | BA45: Suficiente | BB45: Velocidad NORMAL | BC45: Superior al rango | BD45: Normal | BE45: Normal | BI45: =A45 -> PZ-34 | BJ45: =B45 -> PZ-3 | BK45: =IF(C45="","",ROUND( C45,2)) -> 29.14 | BL45: =IF(BK45="","",ROUND((BK45-1.6),2)) -> 27.54 | BM45: =IF(M45="","",M45) -> 8 | BN45: =IF(BK45="","",ROUND((BK45-1.2),2)) -> 27.94 | BO45: =IF(M45=6,0.5,IF(M45=8,0.6,IF(M45=10,0.65,IF(M45=12,0.7,IF(M45=14,0.75,IF(M45=16,0.8,IF(M45=18,0.85,""))))))) -> 0.6 | BP45: =IF(BK45="","",ROUND((AK45-AO45),2)) -> 1.49 | BQ45: =IF(BK45="","",ROUND((AL45-AP45),2)) -> 1.59 | BR45: =IF(BK45="","",ROUND((BP45+BQ45)/2+0.1,2)) -> 1.64 | BS45: =IF(BK45="","",ROUND( BR45*BO45*BL45,2)) -> 27.1 | BT45: =IF(AND(BR45>=1.5, BR45<2),(BR45*BL45),0) -> 45.1656 | BU45: =IF(AND(BR45>=2, BR45<4),(BR45*BL45),0)*0.78 -> 0 | BV45: =IF(BR45>=4,(BR45*BL45),0) -> 0 | BW45: =IF(BK45="","",ROUND( BS45*$BN$1,2)) -> 0 | BX45: =IF(BK45="","",ROUND(BS45*$BN$2,2)) -> 21.68 | BY45: =IF(BK45="","",ROUND(BS45*$BN$3,2)) -> 4.61 | BZ45: =IF(BL45="","",ROUND(BS45*$BN$4,2)) -> 0.81 | CA45: =IF(BK45="","",ROUND( (PI()*((BM45*0.0254)^2)/4)*BL45,2)) -> 0.89 | CB45: =IF(BK45="","",ROUND(BL45*BO45,2)) -> 16.52 | CC45: D | CD45: =IF(BK45="","",ROUND(IF(CC45="F",CB45,0),2)) -> 0 | CE45: =IF(BK45="","",ROUND(IF(CC45="R",CB45,0),2)) -> 0 | CF45: =IF(CC45="","",IF(CC45="R",0.2,IF(CC45="F",0.07,IF(CC45="D",0)))) -> 0 | CG45: =IF(BK45="","",ROUND(IF(CB45="","",CB45*CF45),2)) -> 0 | CH45: 8.3 | CI45: =ROUND(IF(BK45="","",IF(OR(CC45="R",CC45="F"),(CH45*CB45),0)),2) -> 0 | CJ45: =IF(BK45="","",ROUND(IF(CC45="F",CB45*CH45,0),2)) -> 0 | CK45: =IF(BK45="","",ROUND(BS45-(CA45+CG45+CI45+CJ45+CM45),2)) -> 24.56 | CL45: =IF(BK45="","",0.1) -> 0.1 | CM45: =IF(BK45="","",ROUND((BL45*BO45)*0.1,2)) -> 1.65 | CN45: =IF(BK45="","",ROUND(CK45*$BR$2,2)) -> 7.13 | CO45: =IF(BK45="","",ROUND(CK45*$BR$1,2)) -> 17.43 | CP45: =IF(BK45="","",ROUND(BS45-(CO45),2)) -> 9.67 | CS45: =+M45 -> 8 | CT45: =IF(M45=6,160,IF(M45=8,200,IF(M45=10,250,IF(M45=12,315,IF(M45=14,350,IF(M45=16,400,IF(M45=18,450,""))))))) -> 200 | CU45: 1 | CV45: 17.35 | CW45: =+CV45*CU45 -> 17.35 | CX45: =+IF(CY45>=2,0.8,0.6) -> 0.6 | CY45: =IF(BK45="","",ROUND((1+BR45)/2,2)) -> 1.32 | CZ45: =IF(BK45="","",ROUND(CV45*CX45*CY45*CU45,2)) -> 13.74 | DA45: =IF(BK45="","",ROUND( IF(AND(CY45>=1.5, CY45<2),(CY45*CW45),0),2)) -> 0 | DB45: =IF(BK45="","",ROUND(IF(AND(CY45>=2, CY45<4),(CY45*CW45),0),2)) -> 0 | DC45: =IF(BK45="","",ROUND(IF(CY45>=4,(CY45*CW45),0),2)) -> 0 | DD45: =IF(BK45="","",ROUND((PI()*((6*0.0254)^2)/4)*CW45,2)) -> 0.32 | DE45: =IF(BK45="","",ROUND(CW45*CX45,2)) -> 10.41 | DF45: D | DG45: =IF(BK45="","",ROUND(IF(DF45="F",DE45,0),2)) -> 0 | DH45: =IF(BK45="","",ROUND( IF(DF45="R",DE45,0),2)) -> 0 | DI45: =IF(DF45="","",IF(DF45="R",0.2,IF(DF45="F",0.07,IF(DF45="D",0)))) -> 0 | DJ45: =IF(BK45="","",ROUND(IF(DE45="","",DE45*DI45),2)) -> 0 | DK45: 8.3 | DL45: =ROUND(IF(CO45="","",IF(OR(DF45="R",DF45="F"),(DK45*DE45),0)),2) -> 0 | DM45: =IF(CO45="","",ROUND(IF(DF45="F",DE45*DK45,0),2)) -> 0 | DN45: =IF(BK45="","",ROUND(CZ45-(DD45+DJ45+DL45+DM45+DP45),2)) -> 12.38 | DO45: =IF(BK45="","",0.1) -> 0.1 | DP45: =+DE45*DO45 -> 1.041 | DQ45: =IF(BK45="","",ROUND(DN45*0.2,2)) -> 2.48 | DR45: =IF(BK45="","",ROUND(DN45*0.8,2)) -> 9.9 | DS45: =IF(BK45="","",ROUND(CZ45-(DD45+DR45),2)) -> 3.52 | DU45: =+A45 -> PZ-34 | DV45: =+BP45+0.2 -> 1.69 | DW45: 1.2 | DX45: 1.6 | DY45: =+((PI()*DX45^2)/4)*DV45*-1 -> -3.3979466 | DZ45: 1.6 | EA45: 1.6 | EB45: =+(DZ45*EA45*DV45) -> 4.3264 | EC45: =+EB45+DY45 -> 0.92845339 | ED45: =+EC45*0.55 -> 0.51064936 | EE45: =+EC45*0.45 -> 0.41780402 | EF45: =+ED45 -> 0.51064936
A46: TRAMO 3 | BI46: =A46 -> TRAMO 3 | BK46: =IF(C46="","",ROUND( C46,2)) | BL46: =IF(BK46="","",ROUND((BK46-1.6),2)) | BM46: =IF(M46="","",M46) | BN46: =IF(BK46="","",ROUND((BK46-1.2),2)) | BO46: =IF(M46=6,0.5,IF(M46=8,0.6,IF(M46=10,0.65,IF(M46=12,0.7,IF(M46=14,0.75,IF(M46=16,0.8,IF(M46=18,0.85,""))))))) | BP46: =IF(BK46="","",ROUND((AK46-AO46),2)) | BQ46: =IF(BK46="","",ROUND((AL46-AP46),2)) | BR46: =IF(BK46="","",ROUND((BP46+BQ46)/2+0.1,2)) | BS46: =IF(BK46="","",ROUND( BR46*BO46*BL46,2)) | BU46: =IF(AND(BR46>=2, BR46<4),(BR46*BL46),0)*0.78 -> 0 | BW46: =IF(BK46="","",ROUND( BS46*$BN$1,2)) | BX46: =IF(BK46="","",ROUND(BS46*$BN$2,2)) | BY46: =IF(BK46="","",ROUND(BS46*$BN$3,2)) | BZ46: =IF(BL46="","",ROUND(BS46*$BN$4,2)) | CA46: =IF(BK46="","",ROUND( (PI()*((BM46*0.0254)^2)/4)*BL46,2)) | CB46: =IF(BK46="","",ROUND(BL46*BO46,2)) | CJ46: =IF(BK46="","",ROUND(IF(CC46="F",CB46*CH46,0),2)) | CM46: =IF(BK46="","",ROUND((BL46*BO46)*0.1,2)) | CN46: =IF(BK46="","",ROUND(CK46*$BR$2,2)) | CO46: =IF(BK46="","",ROUND(CK46*$BR$1,2)) | CP46: =IF(BK46="","",ROUND(BS46-(CO46),2)) | DG46: =IF(BK46="","",ROUND(IF(DF46="F",DE46,0),2)) | DH46: =IF(BK46="","",ROUND( IF(DF46="R",DE46,0),2)) | DI46: =IF(DF46="","",IF(DF46="R",0.2,IF(DF46="F",0.07,IF(DF46="D",0)))) | DJ46: =IF(BK46="","",ROUND(IF(DE46="","",DE46*DI46),2)) | DM46: =IF(CO46="","",ROUND(IF(DF46="F",DE46*DK46,0),2)) | DN46: =IF(BK46="","",ROUND(CZ46-(DD46+DJ46+DL46+DM46+DP46),2)) | DO46: =IF(BK46="","",0.1) | DQ46: =IF(BK46="","",ROUND(DN46*0.2,2)) | DR46: =IF(BK46="","",ROUND(DN46*0.8,2)) | DS46: =IF(BK46="","",ROUND(CZ46-(DD46+DR46),2))
A51: TRAMO 4 | BO51: =IF(M51=6,0.5,IF(M51=8,0.6,IF(M51=10,0.65,IF(M51=12,0.7,IF(M51=14,0.75,IF(M51=16,0.8,IF(M51=18,0.85,""))))))) | BU51: =IF(AND(BR51>=2, BR51<4),(BR51*BL51),0)*0.78 -> 0 | BW51: =IF(BK51="","",ROUND( BS51*$BN$1,2)) | BX51: =IF(BK51="","",ROUND(BS51*$BN$2,2)) | BY51: =IF(BK51="","",ROUND(BS51*$BN$3,2)) | BZ51: =IF(BL51="","",ROUND(BS51*$BN$4,2)) | CN51: =IF(BK51="","",ROUND(CK51*$BR$2,2)) | CO51: =IF(BK51="","",ROUND(CK51*$BR$1,2)) | DO51: =IF(BK51="","",0.1) | DQ51: =IF(BK51="","",ROUND(DN51*0.2,2)) | DR51: =IF(BK51="","",ROUND(DN51*0.8,2))
A58: TRAMO 5 | BO58: =IF(M58=6,0.5,IF(M58=8,0.6,IF(M58=10,0.65,IF(M58=12,0.7,IF(M58=14,0.75,IF(M58=16,0.8,IF(M58=18,0.85,""))))))) | BU58: =IF(AND(BR58>=2, BR58<4),(BR58*BL58),0)*0.78 -> 0 | BW58: =IF(BK58="","",ROUND( BS58*$BN$1,2)) | BX58: =IF(BK58="","",ROUND(BS58*$BN$2,2)) | BY58: =IF(BK58="","",ROUND(BS58*$BN$3,2)) | BZ58: =IF(BL58="","",ROUND(BS58*$BN$4,2)) | CN58: =IF(BK58="","",ROUND(CK58*$BR$2,2)) | CO58: =IF(BK58="","",ROUND(CK58*$BR$1,2)) | DO58: =IF(BK58="","",0.1) | DQ58: =IF(BK58="","",ROUND(DN58*0.2,2)) | DR58: =IF(BK58="","",ROUND(DN58*0.8,2))
A59: PZ-45 | B59: PZ-46 | C59: 43.669 | D59: 0 | E59: 43.669 | F59: 0.015 | G59: 1.5 | H59: 0.0015 | I59: 0.11884861 | J59: 0.119 | K59: 0.041703677 | L59: 1.641877 | M59: 8 | N59: 0.2 | O59: 0.182 | P59: 0.076329752 | Q59: 2.9340005 | R59: 0.02 | S59: 0.362 | T59: 0.124 | U59: 0.315 | V59: 1.0621082 | W59: 0.057496114 | X59: 0.0143325 | Y59: 0.022568 | Z59: 0.080064114 | AA59: 0.067 | AB59: 0.012194 | AC59: 16.731617 | AD59: 3.070868 | AE59: Supercrítico | AF59: 0.057496114 | AG59: 0.0057496114 | AH59: 3.2967033 | AI59: 0.0014374028 | AJ59: 0.0071870142 | AK59: 990.88 | AL59: 985.69 | AM59: 989.68 | AN59: 984.48339 | AO59: 989.48 | AP59: 984.28339 | AQ59: 989.50257 | AR59: 984.30596 | AS59: 989.56006 | AT59: 984.36345 | AU59: 1.2 | AV59: 1.206611 | AW59: 1.4 | AX59: 1.406611 | AY59: 0.02 | AZ59: PVC | BA59: Suficiente | BB59: Velocidad NORMAL | BC59: Superior al rango | BD59: Normal | BE59: Normal | BI59: =A59 -> PZ-45 | BJ59: =B59 -> PZ-46 | BK59: =IF(C59="","",ROUND( C59,2)) -> 43.67 | BL59: =IF(BK59="","",ROUND((BK59-1.6),2)) -> 42.07 | BM59: =IF(M59="","",M59) -> 8 | BN59: =IF(BK59="","",ROUND((BK59-1.2),2)) -> 42.47 | BO59: =IF(M59=6,0.5,IF(M59=8,0.6,IF(M59=10,0.65,IF(M59=12,0.7,IF(M59=14,0.75,IF(M59=16,0.8,IF(M59=18,0.85,""))))))) -> 0.6 | BP59: =IF(BK59="","",ROUND((AK59-AO59),2)) -> 1.4 | BQ59: =IF(BK59="","",ROUND((AL59-AP59),2)) -> 1.41 | BR59: =IF(BK59="","",ROUND((BP59+BQ59)/2+0.1,2)) -> 1.51 | BS59: =IF(BK59="","",ROUND( BR59*BO59*BL59,2)) -> 38.12 | BT59: =IF(AND(BR59>=1.5, BR59<2),(BR59*BL59),0) -> 63.5257 | BU59: =IF(AND(BR59>=2, BR59<4),(BR59*BL59),0)*0.78 -> 0 | BV59: =IF(BR59>=4,(BR59*BL59),0) -> 0 | BW59: =IF(BK59="","",ROUND( BS59*$BN$1,2)) -> 0 | BX59: =IF(BK59="","",ROUND(BS59*$BN$2,2)) -> 30.5 | BY59: =IF(BK59="","",ROUND(BS59*$BN$3,2)) -> 6.48 | BZ59: =IF(BL59="","",ROUND(BS59*$BN$4,2)) -> 1.14 | CA59: =IF(BK59="","",ROUND( (PI()*((BM59*0.0254)^2)/4)*BL59,2)) -> 1.36 | CB59: =IF(BK59="","",ROUND(BL59*BO59,2)) -> 25.24 | CC59: D | CD59: =IF(BK59="","",ROUND(IF(CC59="F",CB59,0),2)) -> 0 | CE59: =IF(BK59="","",ROUND(IF(CC59="R",CB59,0),2)) -> 0 | CF59: =IF(CC59="","",IF(CC59="R",0.2,IF(CC59="F",0.07,IF(CC59="D",0)))) -> 0 | CG59: =IF(BK59="","",ROUND(IF(CB59="","",CB59*CF59),2)) -> 0 | CH59: 0.3 | CI59: =ROUND(IF(BK59="","",IF(OR(CC59="R",CC59="F"),(CH59*CB59),0)),2) -> 0 | CJ59: =IF(BK59="","",ROUND(IF(CC59="F",CB59*CH59,0),2)) -> 0 | CK59: =IF(BK59="","",ROUND(BS59-(CA59+CG59+CI59+CJ59+CM59),2)) -> 34.24 | CL59: =IF(BK59="","",0.1) -> 0.1 | CM59: =IF(BK59="","",ROUND((BL59*BO59)*0.1,2)) -> 2.52 | CN59: =IF(BK59="","",ROUND(CK59*$BR$2,2)) -> 9.95 | CO59: =IF(BK59="","",ROUND(CK59*$BR$1,2)) -> 24.29 | CP59: =IF(BK59="","",ROUND(BS59-(CO59),2)) -> 13.83 | CS59: =+M59 -> 8 | CT59: =IF(M59=6,160,IF(M59=8,200,IF(M59=10,250,IF(M59=12,315,IF(M59=14,350,IF(M59=16,400,IF(M59=18,450,""))))))) -> 200 | CU59: 3 | CV59: 33.5 | CW59: =+CV59*CU59 -> 100.5 | CX59: =+IF(CY59>=2,0.8,0.6) -> 0.6 | CY59: =IF(BK59="","",ROUND((1+BR59)/2,2)) -> 1.26 | CZ59: =IF(BK59="","",ROUND(CV59*CX59*CY59*CU59,2)) -> 75.98 | DA59: =IF(BK59="","",ROUND( IF(AND(CY59>=1.5, CY59<2),(CY59*CW59),0),2)) -> 0 | DB59: =IF(BK59="","",ROUND(IF(AND(CY59>=2, CY59<4),(CY59*CW59),0),2)) -> 0 | DC59: =IF(BK59="","",ROUND(IF(CY59>=4,(CY59*CW59),0),2)) -> 0 | DD59: =IF(BK59="","",ROUND((PI()*((6*0.0254)^2)/4)*CW59,2)) -> 1.83 | DE59: =IF(BK59="","",ROUND(CW59*CX59,2)) -> 60.3 | DF59: =+CC59 -> D | DG59: =IF(BK59="","",ROUND(IF(DF59="F",DE59,0),2)) -> 0 | DH59: =IF(BK59="","",ROUND( IF(DF59="R",DE59,0),2)) -> 0 | DI59: =IF(DF59="","",IF(DF59="R",0.2,IF(DF59="F",0.07,IF(DF59="D",0)))) -> 0 | DJ59: =IF(BK59="","",ROUND(IF(DE59="","",DE59*DI59),2)) -> 0 | DK59: 0.3 | DL59: =ROUND(IF(CO59="","",IF(OR(DF59="R",DF59="F"),(DK59*DE59),0)),2) -> 0 | DM59: =IF(CO59="","",ROUND(IF(DF59="F",DE59*DK59,0),2)) -> 0 | DN59: =IF(BK59="","",ROUND(CZ59-(DD59+DJ59+DL59+DM59+DP59),2)) -> 68.12 | DO59: =IF(BK59="","",0.1) -> 0.1 | DP59: =+DE59*DO59 -> 6.03 | DQ59: =IF(BK59="","",ROUND(DN59*0.2,2)) -> 13.62 | DR59: =IF(BK59="","",ROUND(DN59*0.8,2)) -> 54.5 | DS59: =IF(BK59="","",ROUND(CZ59-(DD59+DR59),2)) -> 19.65 | DU59: =+A59 -> PZ-45 | DV59: =+BP59+0.2 -> 1.6 | DW59: 1.2 | DX59: 1.6 | DY59: =+((PI()*DX59^2)/4)*DV59*-1 -> -3.2169909 | DZ59: 1.6 | EA59: 1.6 | EB59: =+(DZ59*EA59*DV59) -> 4.096 | EC59: =+EB59+DY59 -> 0.87900912 | ED59: =+EC59*0.55 -> 0.48345502 | EE59: =+EC59*0.45 -> 0.39555411 | EF59: =+ED59 -> 0.48345502
A60: PZ-46 | B60: PZ-47 | C60: 20.32 | D60: 43.669 | E60: 63.989 | F60: 0.015 | G60: 1.5 | H60: 0.0015 | I60: -0.043799213 | J60: 0.017 | K60: 0.06006621 | L60: 2.3648114 | M60: 8 | N60: 0.2 | O60: 0.182 | P60: 0.028849934 | Q60: 1.1089479 | R60: 0.05 | S60: 0.453 | T60: 0.182 | U60: 0.449 | V60: 0.50235342 | W60: 0.012862332 | X60: 0.0204295 | Y60: 0.033124 | Z60: 0.045986332 | AA60: 0.116 | AB60: 0.021112 | AC60: 3.4070277 | AD60: 1.1038503 | AE60: Supercrítico | AF60: -0.044633782 | AG60: 0.0089267564 | AH60: 3.2967033 | AI60: 0.0017589611 | AJ60: 0.010685718 | AK60: 985.69 | AL60: 986.58 | AM60: 984.46339 | AN60: 984.11795 | AO60: 984.26339 | AP60: 983.91795 | AQ60: 984.29651 | AR60: 983.95107 | AS60: 984.35627 | AT60: 984.01083 | AU60: 1.226611 | AV60: 2.462051 | AW60: 1.426611 | AX60: 2.662051 | AY60: 0.02 | AZ60: PVC | BA60: Suficiente | BB60: Velocidad NORMAL | BC60: Buena | BD60: Normal | BE60: Normal | BI60: =A60 -> PZ-46 | BJ60: =B60 -> PZ-47 | BK60: =IF(C60="","",ROUND( C60,2)) -> 20.32 | BL60: =IF(BK60="","",ROUND((BK60-1.6),2)) -> 18.72 | BM60: =IF(M60="","",M60) -> 8 | BN60: =IF(BK60="","",ROUND((BK60-1.2),2)) -> 19.12 | BO60: =IF(M60=6,0.5,IF(M60=8,0.6,IF(M60=10,0.65,IF(M60=12,0.7,IF(M60=14,0.75,IF(M60=16,0.8,IF(M60=18,0.85,""))))))) -> 0.6 | BP60: =IF(BK60="","",ROUND((AK60-AO60),2)) -> 1.43 | BQ60: =IF(BK60="","",ROUND((AL60-AP60),2)) -> 2.66 | BR60: =IF(BK60="","",ROUND((BP60+BQ60)/2+0.1,2)) -> 2.15 | BS60: =IF(BK60="","",ROUND( BR60*BO60*BL60,2)) -> 24.15 | BT60: =IF(AND(BR60>=1.5, BR60<2),(BR60*BL60),0) -> 0 | BU60: =IF(AND(BR60>=2, BR60<4),(BR60*BL60),0)*0.78 -> 31.39344 | BV60: =IF(BR60>=4,(BR60*BL60),0) -> 0 | BW60: =IF(BK60="","",ROUND( BS60*$BN$1,2)) -> 0 | BX60: =IF(BK60="","",ROUND(BS60*$BN$2,2)) -> 19.32 | BY60: =IF(BK60="","",ROUND(BS60*$BN$3,2)) -> 4.11 | BZ60: =IF(BL60="","",ROUND(BS60*$BN$4,2)) -> 0.72 | CA60: =IF(BK60="","",ROUND( (PI()*((BM60*0.0254)^2)/4)*BL60,2)) -> 0.61 | CB60: =IF(BK60="","",ROUND(BL60*BO60,2)) -> 11.23 | CC60: D | CD60: =IF(BK60="","",ROUND(IF(CC60="F",CB60,0),2)) -> 0 | CE60: =IF(BK60="","",ROUND(IF(CC60="R",CB60,0),2)) -> 0 | CF60: =IF(CC60="","",IF(CC60="R",0.2,IF(CC60="F",0.07,IF(CC60="D",0)))) -> 0 | CG60: =IF(BK60="","",ROUND(IF(CB60="","",CB60*CF60),2)) -> 0 | CH60: 0.3 | CI60: =ROUND(IF(BK60="","",IF(OR(CC60="R",CC60="F"),(CH60*CB60),0)),2) -> 0 | CJ60: =IF(BK60="","",ROUND(IF(CC60="F",CB60*CH60,0),2)) -> 0 | CK60: =IF(BK60="","",ROUND(BS60-(CA60+CG60+CI60+CJ60+CM60),2)) -> 22.42 | CL60: =IF(BK60="","",0.1) -> 0.1 | CM60: =IF(BK60="","",ROUND((BL60*BO60)*0.1,2)) -> 1.12 | CN60: =IF(BK60="","",ROUND(CK60*$BR$2,2)) -> 6.51 | CO60: =IF(BK60="","",ROUND(CK60*$BR$1,2)) -> 15.91 | CP60: =IF(BK60="","",ROUND(BS60-(CO60),2)) -> 8.24 | CS60: =+M60 -> 8 | CT60: =IF(M60=6,160,IF(M60=8,200,IF(M60=10,250,IF(M60=12,315,IF(M60=14,350,IF(M60=16,400,IF(M60=18,450,""))))))) -> 200 | CU60: 2 | CV60: 28.9 | CW60: =+CV60*CU60 -> 57.8 | CX60: =+IF(CY60>=2,0.8,0.6) -> 0.6 | CY60: =IF(BK60="","",ROUND((1+BR60)/2,2)) -> 1.58 | CZ60: =IF(BK60="","",ROUND(CV60*CX60*CY60*CU60,2)) -> 54.79 | DA60: =IF(BK60="","",ROUND( IF(AND(CY60>=1.5, CY60<2),(CY60*CW60),0),2)) -> 91.32 | DB60: =IF(BK60="","",ROUND(IF(AND(CY60>=2, CY60<4),(CY60*CW60),0),2)) -> 0 | DC60: =IF(BK60="","",ROUND(IF(CY60>=4,(CY60*CW60),0),2)) -> 0 | DD60: =IF(BK60="","",ROUND((PI()*((6*0.0254)^2)/4)*CW60,2)) -> 1.05 | DE60: =IF(BK60="","",ROUND(CW60*CX60,2)) -> 34.68 | DF60: =+CC60 -> D | DG60: =IF(BK60="","",ROUND(IF(DF60="F",DE60,0),2)) -> 0 | DH60: =IF(BK60="","",ROUND( IF(DF60="R",DE60,0),2)) -> 0 | DI60: =IF(DF60="","",IF(DF60="R",0.2,IF(DF60="F",0.07,IF(DF60="D",0)))) -> 0 | DJ60: =IF(BK60="","",ROUND(IF(DE60="","",DE60*DI60),2)) -> 0 | DK60: 0.3 | DL60: =ROUND(IF(CO60="","",IF(OR(DF60="R",DF60="F"),(DK60*DE60),0)),2) -> 0 | DM60: =IF(CO60="","",ROUND(IF(DF60="F",DE60*DK60,0),2)) -> 0 | DN60: =IF(BK60="","",ROUND(CZ60-(DD60+DJ60+DL60+DM60+DP60),2)) -> 50.27 | DO60: =IF(BK60="","",0.1) -> 0.1 | DP60: =+DE60*DO60 -> 3.468 | DQ60: =IF(BK60="","",ROUND(DN60*0.2,2)) -> 10.05 | DR60: =IF(BK60="","",ROUND(DN60*0.8,2)) -> 40.22 | DS60: =IF(BK60="","",ROUND(CZ60-(DD60+DR60),2)) -> 13.52 | DU60: =+A60 -> PZ-46 | DV60: =+BP60+0.2 -> 1.63 | DW60: 1.2 | DX60: 1.6 | DY60: =+((PI()*DX60^2)/4)*DV60*-1 -> -3.2773095 | DZ60: 1.6 | EA60: 1.6 | EB60: =+(DZ60*EA60*DV60) -> 4.1728 | EC60: =+EB60+DY60 -> 0.89549054 | ED60: =+EC60*0.55 -> 0.4925198 | EE60: =+EC60*0.45 -> 0.40297074 | EF60: =+ED60 -> 0.4925198
A61: PZ-47 | B61: PZ-48 | C61: 59.394 | D61: 63.989 | E61: 123.383 | F61: 0.015 | G61: 1.5 | H61: 0.0015 | I61: 0.0011785702 | J61: 0.017 | K61: 0.06006621 | L61: 2.3648114 | M61: 8 | N61: 0.2 | O61: 0.182 | P61: 0.028849934 | Q61: 1.1089479 | R61: 0.05 | S61: 0.453 | T61: 0.182 | U61: 0.449 | V61: 0.50235342 | W61: 0.012862332 | X61: 0.0204295 | Y61: 0.033124 | Z61: 0.045986332 | AA61: 0.116 | AB61: 0.021112 | AC61: 3.4070277 | AD61: 1.1038503 | AE61: Supercrítico | AF61: 0 | AG61: 0 | AH61: 3.2967033 | AI61: 0.0006431166 | AJ61: 0.0006431166 | AK61: 986.58 | AL61: 986.51 | AM61: 984.09795 | AN61: 983.08825 | AO61: 983.89795 | AP61: 982.88825 | AQ61: 983.93107 | AR61: 982.92138 | AS61: 984.00014 | AT61: 982.99044 | AU61: 2.482051 | AV61: 3.421749 | AW61: 2.682051 | AX61: 3.621749 | AY61: 0.02 | AZ61: PVC | BA61: Suficiente | BB61: Velocidad NORMAL | BC61: Buena | BD61: Normal | BE61: Moderada | BI61: =A61 -> PZ-47 | BJ61: =B61 -> PZ-48 | BK61: =IF(C61="","",ROUND( C61,2)) -> 59.39 | BL61: =IF(BK61="","",ROUND((BK61-1.6),2)) -> 57.79 | BM61: =IF(M61="","",M61) -> 8 | BN61: =IF(BK61="","",ROUND((BK61-1.2),2)) -> 58.19 | BO61: =IF(M61=6,0.5,IF(M61=8,0.6,IF(M61=10,0.65,IF(M61=12,0.7,IF(M61=14,0.75,IF(M61=16,0.8,IF(M61=18,0.85,""))))))) -> 0.6 | BP61: =IF(BK61="","",ROUND((AK61-AO61),2)) -> 2.68 | BQ61: =IF(BK61="","",ROUND((AL61-AP61),2)) -> 3.62 | BR61: =IF(BK61="","",ROUND((BP61+BQ61)/2+0.1,2)) -> 3.25 | BS61: =IF(BK61="","",ROUND( BR61*BO61*BL61,2)) -> 112.69 | BT61: =IF(AND(BR61>=1.5, BR61<2),(BR61*BL61),0) -> 0 | BU61: =IF(AND(BR61>=2, BR61<4),(BR61*BL61),0)*0.78 -> 146.49765 | BV61: =IF(BR61>=4,(BR61*BL61),0) -> 0 | BW61: =IF(BK61="","",ROUND( BS61*$BN$1,2)) -> 0 | BX61: =IF(BK61="","",ROUND(BS61*$BN$2,2)) -> 90.15 | BY61: =IF(BK61="","",ROUND(BS61*$BN$3,2)) -> 19.16 | BZ61: =IF(BL61="","",ROUND(BS61*$BN$4,2)) -> 3.38 | CA61: =IF(BK61="","",ROUND( (PI()*((BM61*0.0254)^2)/4)*BL61,2)) -> 1.87 | CB61: =IF(BK61="","",ROUND(BL61*BO61,2)) -> 34.67 | CC61: D | CD61: =IF(BK61="","",ROUND(IF(CC61="F",CB61,0),2)) -> 0 | CE61: =IF(BK61="","",ROUND(IF(CC61="R",CB61,0),2)) -> 0 | CF61: =IF(CC61="","",IF(CC61="R",0.2,IF(CC61="F",0.07,IF(CC61="D",0)))) -> 0 | CG61: =IF(BK61="","",ROUND(IF(CB61="","",CB61*CF61),2)) -> 0 | CH61: 0.3 | CI61: =ROUND(IF(BK61="","",IF(OR(CC61="R",CC61="F"),(CH61*CB61),0)),2) -> 0 | CJ61: =IF(BK61="","",ROUND(IF(CC61="F",CB61*CH61,0),2)) -> 0 | CK61: =IF(BK61="","",ROUND(BS61-(CA61+CG61+CI61+CJ61+CM61),2)) -> 107.35 | CL61: =IF(BK61="","",0.1) -> 0.1 | CM61: =IF(BK61="","",ROUND((BL61*BO61)*0.1,2)) -> 3.47 | CN61: =IF(BK61="","",ROUND(CK61*$BR$2,2)) -> 31.19 | CO61: =IF(BK61="","",ROUND(CK61*$BR$1,2)) -> 76.16 | CP61: =IF(BK61="","",ROUND(BS61-(CO61),2)) -> 36.53 | CS61: =+M61 -> 8 | CT61: =IF(M61=6,160,IF(M61=8,200,IF(M61=10,250,IF(M61=12,315,IF(M61=14,350,IF(M61=16,400,IF(M61=18,450,""))))))) -> 200 | CU61: 4 | CV61: 33.25 | CW61: =+CV61*CU61 -> 133 | CX61: =+IF(CY61>=2,0.8,0.6) -> 0.8 | CY61: =IF(BK61="","",ROUND((1+BR61)/2,2)) -> 2.13 | CZ61: =IF(BK61="","",ROUND(CV61*CX61*CY61*CU61,2)) -> 226.63 | DA61: =IF(BK61="","",ROUND( IF(AND(CY61>=1.5, CY61<2),(CY61*CW61),0),2)) -> 0 | DB61: =IF(BK61="","",ROUND(IF(AND(CY61>=2, CY61<4),(CY61*CW61),0),2)) -> 283.29 | DC61: =IF(BK61="","",ROUND(IF(CY61>=4,(CY61*CW61),0),2)) -> 0 | DD61: =IF(BK61="","",ROUND((PI()*((6*0.0254)^2)/4)*CW61,2)) -> 2.43 | DE61: =IF(BK61="","",ROUND(CW61*CX61,2)) -> 106.4 | DF61: =+CC61 -> D | DG61: =IF(BK61="","",ROUND(IF(DF61="F",DE61,0),2)) -> 0 | DH61: =IF(BK61="","",ROUND( IF(DF61="R",DE61,0),2)) -> 0 | DI61: =IF(DF61="","",IF(DF61="R",0.2,IF(DF61="F",0.07,IF(DF61="D",0)))) -> 0 | DJ61: =IF(BK61="","",ROUND(IF(DE61="","",DE61*DI61),2)) -> 0 | DK61: 0.3 | DL61: =ROUND(IF(CO61="","",IF(OR(DF61="R",DF61="F"),(DK61*DE61),0)),2) -> 0 | DM61: =IF(CO61="","",ROUND(IF(DF61="F",DE61*DK61,0),2)) -> 0 | DN61: =IF(BK61="","",ROUND(CZ61-(DD61+DJ61+DL61+DM61+DP61),2)) -> 213.56 | DO61: =IF(BK61="","",0.1) -> 0.1 | DP61: =+DE61*DO61 -> 10.64 | DQ61: =IF(BK61="","",ROUND(DN61*0.2,2)) -> 42.71 | DR61: =IF(BK61="","",ROUND(DN61*0.8,2)) -> 170.85 | DS61: =IF(BK61="","",ROUND(CZ61-(DD61+DR61),2)) -> 53.35 | DU61: =+A61 -> PZ-47 | DV61: =+BP61+0.2 -> 2.88 | DW61: 1.2 | DX61: 1.6 | DY61: =+((PI()*DX61^2)/4)*DV61*-1 -> -5.7905836 | DZ61: 1.6 | EA61: 1.6 | EB61: =+(DZ61*EA61*DV61) -> 7.3728 | EC61: =+EB61+DY61 -> 1.5822164 | ED61: =+EC61*0.55 -> 0.87021903 | EE61: =+EC61*0.45 -> 0.71199739 | EF61: =+ED61 -> 0.87021903
A62: PZ-48 | B62: PZ-49 | C62: 62.663 | D62: 123.383 | E62: 186.046 | F62: 0.015 | G62: 1.8 | H62: 0.0018 | I62: 0.07675981 | J62: 0.041 | K62: 0.054529987 | L62: 2.1468499 | M62: 8 | N62: 0.2 | O62: 0.182 | P62: 0.044803537 | Q62: 1.7221803 | R62: 0.04 | S62: 0.427 | T62: 0.165 | U62: 0.41 | V62: 0.735371 | W62: 0.027562207 | X62: 0.018655 | Y62: 0.03003 | Z62: 0.057592207 | AA62: 0.102 | AB62: 0.018564 | AC62: 7.5032275 | AD62: 1.7232021 | AE62: Supercrítico | AF62: 0.014699875 | AG62: 0.0014699875 | AH62: 3.2967033 | AI62: 0.0010106135 | AJ62: 0.002480601 | AK62: 986.51 | AL62: 981.7 | AM62: 983.06825 | AN62: 980.49907 | AO62: 982.86825 | AP62: 980.29907 | AQ62: 982.89828 | AR62: 980.3291 | AS62: 982.9898 | AT62: 980.42062 | AU62: 3.441749 | AV62: 1.200932 | AW62: 3.641749 | AX62: 1.400932 | AY62: 0.02 | AZ62: PVC | BA62: Suficiente | BB62: Velocidad NORMAL | BC62: Superior al rango | BD62: Moderada | BE62: Normal | BI62: =A62 -> PZ-48 | BJ62: =B62 -> PZ-49 | BK62: =IF(C62="","",ROUND( C62,2)) -> 62.66 | BL62: =IF(BK62="","",ROUND((BK62-1.6),2)) -> 61.06 | BM62: =IF(M62="","",M62) -> 8 | BN62: =IF(BK62="","",ROUND((BK62-1.2),2)) -> 61.46 | BO62: =IF(M62=6,0.5,IF(M62=8,0.6,IF(M62=10,0.65,IF(M62=12,0.7,IF(M62=14,0.75,IF(M62=16,0.8,IF(M62=18,0.85,""))))))) -> 0.6 | BP62: =IF(BK62="","",ROUND((AK62-AO62),2)) -> 3.64 | BQ62: =IF(BK62="","",ROUND((AL62-AP62),2)) -> 1.4 | BR62: =IF(BK62="","",ROUND((BP62+BQ62)/2+0.1,2)) -> 2.62 | BS62: =IF(BK62="","",ROUND( BR62*BO62*BL62,2)) -> 95.99 | BT62: =IF(AND(BR62>=1.5, BR62<2),(BR62*BL62),0) -> 0 | BU62: =IF(AND(BR62>=2, BR62<4),(BR62*BL62),0)*0.78 -> 124.78222 | BV62: =IF(BR62>=4,(BR62*BL62),0) -> 0 | BW62: =IF(BK62="","",ROUND( BS62*$BN$1,2)) -> 0 | BX62: =IF(BK62="","",ROUND(BS62*$BN$2,2)) -> 76.79 | BY62: =IF(BK62="","",ROUND(BS62*$BN$3,2)) -> 16.32 | BZ62: =IF(BL62="","",ROUND(BS62*$BN$4,2)) -> 2.88 | CA62: =IF(BK62="","",ROUND( (PI()*((BM62*0.0254)^2)/4)*BL62,2)) -> 1.98 | CB62: =IF(BK62="","",ROUND(BL62*BO62,2)) -> 36.64 | CC62: D | CD62: =IF(BK62="","",ROUND(IF(CC62="F",CB62,0),2)) -> 0 | CE62: =IF(BK62="","",ROUND(IF(CC62="R",CB62,0),2)) -> 0 | CF62: =IF(CC62="","",IF(CC62="R",0.2,IF(CC62="F",0.07,IF(CC62="D",0)))) -> 0 | CG62: =IF(BK62="","",ROUND(IF(CB62="","",CB62*CF62),2)) -> 0 | CH62: 0.3 | CI62: =ROUND(IF(BK62="","",IF(OR(CC62="R",CC62="F"),(CH62*CB62),0)),2) -> 0 | CJ62: =IF(BK62="","",ROUND(IF(CC62="F",CB62*CH62,0),2)) -> 0 | CK62: =IF(BK62="","",ROUND(BS62-(CA62+CG62+CI62+CJ62+CM62),2)) -> 90.35 | CL62: =IF(BK62="","",0.1) -> 0.1 | CM62: =IF(BK62="","",ROUND((BL62*BO62)*0.1,2)) -> 3.66 | CN62: =IF(BK62="","",ROUND(CK62*$BR$2,2)) -> 26.25 | CO62: =IF(BK62="","",ROUND(CK62*$BR$1,2)) -> 64.1 | CP62: =IF(BK62="","",ROUND(BS62-(CO62),2)) -> 31.89 | CS62: =+M62 -> 8 | CT62: =IF(M62=6,160,IF(M62=8,200,IF(M62=10,250,IF(M62=12,315,IF(M62=14,350,IF(M62=16,400,IF(M62=18,450,""))))))) -> 200 | CU62: 7 | CV62: 22.7 | CW62: =+CV62*CU62 -> 158.9 | CX62: =+IF(CY62>=2,0.8,0.6) -> 0.6 | CY62: =IF(BK62="","",ROUND((1+BR62)/2,2)) -> 1.81 | CZ62: =IF(BK62="","",ROUND(CV62*CX62*CY62*CU62,2)) -> 172.57 | DA62: =IF(BK62="","",ROUND( IF(AND(CY62>=1.5, CY62<2),(CY62*CW62),0),2)) -> 287.61 | DB62: =IF(BK62="","",ROUND(IF(AND(CY62>=2, CY62<4),(CY62*CW62),0),2)) -> 0 | DC62: =IF(BK62="","",ROUND(IF(CY62>=4,(CY62*CW62),0),2)) -> 0 | DD62: =IF(BK62="","",ROUND((PI()*((6*0.0254)^2)/4)*CW62,2)) -> 2.9 | DE62: =IF(BK62="","",ROUND(CW62*CX62,2)) -> 95.34 | DF62: =+CC62 -> D | DG62: =IF(BK62="","",ROUND(IF(DF62="F",DE62,0),2)) -> 0 | DH62: =IF(BK62="","",ROUND( IF(DF62="R",DE62,0),2)) -> 0 | DI62: =IF(DF62="","",IF(DF62="R",0.2,IF(DF62="F",0.07,IF(DF62="D",0)))) -> 0 | DJ62: =IF(BK62="","",ROUND(IF(DE62="","",DE62*DI62),2)) -> 0 | DK62: 0.3 | DL62: =ROUND(IF(CO62="","",IF(OR(DF62="R",DF62="F"),(DK62*DE62),0)),2) -> 0 | DM62: =IF(CO62="","",ROUND(IF(DF62="F",DE62*DK62,0),2)) -> 0 | DN62: =IF(BK62="","",ROUND(CZ62-(DD62+DJ62+DL62+DM62+DP62),2)) -> 160.14 | DO62: =IF(BK62="","",0.1) -> 0.1 | DP62: =+DE62*DO62 -> 9.534 | DQ62: =IF(BK62="","",ROUND(DN62*0.2,2)) -> 32.03 | DR62: =IF(BK62="","",ROUND(DN62*0.8,2)) -> 128.11 | DS62: =IF(BK62="","",ROUND(CZ62-(DD62+DR62),2)) -> 41.56 | DU62: =+A62 -> PZ-48 | DV62: =+BP62+0.2 -> 3.84 | DW62: 1.2 | DX62: 1.6 | DY62: =+((PI()*DX62^2)/4)*DV62*-1 -> -7.7207781 | DZ62: 1.6 | EA62: 1.6 | EB62: =+(DZ62*EA62*DV62) -> 9.8304 | EC62: =+EB62+DY62 -> 2.1096219 | ED62: =+EC62*0.55 -> 1.160292 | EE62: =+EC62*0.45 -> 0.94932985 | EF62: =+ED62 -> 1.160292
A63: PZ-49 | B63: PZ-50 | C63: 21.062 | D63: 186.046 | E63: 207.108 | F63: 0.015 | G63: 1.94 | H63: 0.00194 | I63: 0.11727281 | J63: 0.1165 | K63: 0.046109957 | L63: 1.8153526 | M63: 8 | N63: 0.2 | O63: 0.182 | P63: 0.075523713 | Q63: 2.9030175 | R63: 0.03 | S63: 0.4 | T63: 0.148 | U63: 0.37 | V63: 1.161207 | W63: 0.068725878 | X63: 0.016835 | Y63: 0.026936 | Z63: 0.095661878 | AA63: 0.086 | AB63: 0.015652 | AC63: 19.240132 | AD63: 2.9633997 | AE63: Supercrítico | AF63: 0.041163671 | AG63: 0.0041163671 | AH63: 3.2967033 | AI63: 0.0024072021 | AJ63: 0.0065235692 | AK63: 981.7 | AL63: 979.23 | AM63: 980.47907 | AN63: 978.02535 | AO63: 980.27907 | AP63: 977.82535 | AQ63: 980.306 | AR63: 977.85228 | AS63: 980.41814 | AT63: 977.96441 | AU63: 1.220932 | AV63: 1.204655 | AW63: 1.420932 | AX63: 1.404655 | AY63: 0.02 | AZ63: PVC | BA63: Suficiente | BB63: Velocidad NORMAL | BC63: Superior al rango | BD63: Normal | BE63: Normal | BI63: =A63 -> PZ-49 | BJ63: =B63 -> PZ-50 | BK63: =IF(C63="","",ROUND( C63,2)) -> 21.06 | BL63: =IF(BK63="","",ROUND((BK63-1.6),2)) -> 19.46 | BM63: =IF(M63="","",M63) -> 8 | BN63: =IF(BK63="","",ROUND((BK63-1.2),2)) -> 19.86 | BO63: =IF(M63=6,0.5,IF(M63=8,0.6,IF(M63=10,0.65,IF(M63=12,0.7,IF(M63=14,0.75,IF(M63=16,0.8,IF(M63=18,0.85,""))))))) -> 0.6 | BP63: =IF(BK63="","",ROUND((AK63-AO63),2)) -> 1.42 | BQ63: =IF(BK63="","",ROUND((AL63-AP63),2)) -> 1.4 | BR63: =IF(BK63="","",ROUND((BP63+BQ63)/2+0.1,2)) -> 1.51 | BS63: =IF(BK63="","",ROUND( BR63*BO63*BL63,2)) -> 17.63 | BT63: =IF(AND(BR63>=1.5, BR63<2),(BR63*BL63),0) -> 29.3846 | BU63: =IF(AND(BR63>=2, BR63<4),(BR63*BL63),0)*0.78 -> 0 | BV63: =IF(BR63>=4,(BR63*BL63),0) -> 0 | BW63: =IF(BK63="","",ROUND( BS63*$BN$1,2)) -> 0 | BX63: =IF(BK63="","",ROUND(BS63*$BN$2,2)) -> 14.1 | BY63: =IF(BK63="","",ROUND(BS63*$BN$3,2)) -> 3 | BZ63: =IF(BL63="","",ROUND(BS63*$BN$4,2)) -> 0.53 | CA63: =IF(BK63="","",ROUND( (PI()*((BM63*0.0254)^2)/4)*BL63,2)) -> 0.63 | CB63: =IF(BK63="","",ROUND(BL63*BO63,2)) -> 11.68 | CC63: D | CD63: =IF(BK63="","",ROUND(IF(CC63="F",CB63,0),2)) -> 0 | CE63: =IF(BK63="","",ROUND(IF(CC63="R",CB63,0),2)) -> 0 | CF63: =IF(CC63="","",IF(CC63="R",0.2,IF(CC63="F",0.07,IF(CC63="D",0)))) -> 0 | CG63: =IF(BK63="","",ROUND(IF(CB63="","",CB63*CF63),2)) -> 0 | CH63: 0.3 | CI63: =ROUND(IF(BK63="","",IF(OR(CC63="R",CC63="F"),(CH63*CB63),0)),2) -> 0 | CJ63: =IF(BK63="","",ROUND(IF(CC63="F",CB63*CH63,0),2)) -> 0 | CK63: =IF(BK63="","",ROUND(BS63-(CA63+CG63+CI63+CJ63+CM63),2)) -> 15.83 | CL63: =IF(BK63="","",0.1) -> 0.1 | CM63: =IF(BK63="","",ROUND((BL63*BO63)*0.1,2)) -> 1.17 | CN63: =IF(BK63="","",ROUND(CK63*$BR$2,2)) -> 4.6 | CO63: =IF(BK63="","",ROUND(CK63*$BR$1,2)) -> 11.23 | CP63: =IF(BK63="","",ROUND(BS63-(CO63),2)) -> 6.4 | CS63: =+M63 -> 8 | CT63: =IF(M63=6,160,IF(M63=8,200,IF(M63=10,250,IF(M63=12,315,IF(M63=14,350,IF(M63=16,400,IF(M63=18,450,""))))))) -> 200 | CU63: 0 | CV63: 0 | CW63: =+CV63*CU63 -> 0 | CX63: =+IF(CY63>=2,0.8,0.6) -> 0.6 | CY63: =IF(BK63="","",ROUND((1+BR63)/2,2)) -> 1.26 | CZ63: =IF(BK63="","",ROUND(CV63*CX63*CY63*CU63,2)) -> 0 | DA63: =IF(BK63="","",ROUND( IF(AND(CY63>=1.5, CY63<2),(CY63*CW63),0),2)) -> 0 | DB63: =IF(BK63="","",ROUND(IF(AND(CY63>=2, CY63<4),(CY63*CW63),0),2)) -> 0 | DC63: =IF(BK63="","",ROUND(IF(CY63>=4,(CY63*CW63),0),2)) -> 0 | DD63: =IF(BK63="","",ROUND((PI()*((6*0.0254)^2)/4)*CW63,2)) -> 0 | DE63: =IF(BK63="","",ROUND(CW63*CX63,2)) -> 0 | DF63: =+CC63 -> D | DG63: =IF(BK63="","",ROUND(IF(DF63="F",DE63,0),2)) -> 0 | DH63: =IF(BK63="","",ROUND( IF(DF63="R",DE63,0),2)) -> 0 | DI63: =IF(DF63="","",IF(DF63="R",0.2,IF(DF63="F",0.07,IF(DF63="D",0)))) -> 0 | DJ63: =IF(BK63="","",ROUND(IF(DE63="","",DE63*DI63),2)) -> 0 | DK63: 0.3 | DL63: =ROUND(IF(CO63="","",IF(OR(DF63="R",DF63="F"),(DK63*DE63),0)),2) -> 0 | DM63: =IF(CO63="","",ROUND(IF(DF63="F",DE63*DK63,0),2)) -> 0 | DN63: =IF(BK63="","",ROUND(CZ63-(DD63+DJ63+DL63+DM63+DP63),2)) -> 0 | DO63: =IF(BK63="","",0.1) -> 0.1 | DP63: =+DE63*DO63 -> 0 | DQ63: =IF(BK63="","",ROUND(DN63*0.2,2)) -> 0 | DR63: =IF(BK63="","",ROUND(DN63*0.8,2)) -> 0 | DS63: =IF(BK63="","",ROUND(CZ63-(DD63+DR63),2)) -> 0 | DU63: =+A63 -> PZ-49 | DV63: =+BP63+0.2 -> 1.62 | DW63: 1.2 | DX63: 1.6 | DY63: =+((PI()*DX63^2)/4)*DV63*-1 -> -3.2572033 | DZ63: 1.6 | EA63: 1.6 | EB63: =+(DZ63*EA63*DV63) -> 4.1472 | EC63: =+EB63+DY63 -> 0.88999674 | ED63: =+EC63*0.55 -> 0.48949821 | EE63: =+EC63*0.45 -> 0.40049853 | EF63: =+ED63 -> 0.48949821
A64: PZ-50 | B64: PZ-51 | C64: 15.991 | D64: 207.108 | E64: 223.099 | F64: 0.015 | G64: 2.01 | H64: 0.00201 | I64: 0.036270402 | J64: 0.035 | K64: 0.058545153 | L64: 2.3049273 | M64: 8 | N64: 0.2 | O64: 0.182 | P64: 0.04139562 | Q64: 1.5911852 | R64: 0.05 | S64: 0.453 | T64: 0.182 | U64: 0.449 | V64: 0.72080688 | W64: 0.026481272 | X64: 0.0204295 | Y64: 0.033124 | Z64: 0.059605272 | AA64: 0.116 | AB64: 0.021112 | AC64: 7.0144688 | AD64: 1.5838707 | AE64: Supercrítico | AF64: -0.042244606 | AG64: 0.0084489213 | AH64: 3.2967033 | AI64: 0.0023801788 | AJ64: 0.0108291 | AK64: 979.23 | AL64: 978.65 | AM64: 978.00535 | AN64: 977.44566 | AO64: 977.80535 | AP64: 977.24566 | AQ64: 977.83847 | AR64: 977.27878 | AS64: 977.95789 | AT64: 977.3982 | AU64: 1.224655 | AV64: 1.20434 | AW64: 1.424655 | AX64: 1.40434 | AY64: 0.02 | AZ64: PVC | BA64: Suficiente | BB64: Velocidad NORMAL | BC64: Superior al rango | BD64: Normal | BE64: Normal | BI64: =A64 -> PZ-50 | BJ64: =B64 -> PZ-51 | BK64: =IF(C64="","",ROUND( C64,2)) -> 15.99 | BL64: =IF(BK64="","",ROUND((BK64-1.6),2)) -> 14.39 | BM64: =IF(M64="","",M64) -> 8 | BN64: =IF(BK64="","",ROUND((BK64-1.2),2)) -> 14.79 | BO64: =IF(M64=6,0.5,IF(M64=8,0.6,IF(M64=10,0.65,IF(M64=12,0.7,IF(M64=14,0.75,IF(M64=16,0.8,IF(M64=18,0.85,""))))))) -> 0.6 | BP64: =IF(BK64="","",ROUND((AK64-AO64),2)) -> 1.42 | BQ64: =IF(BK64="","",ROUND((AL64-AP64),2)) -> 1.4 | BR64: =IF(BK64="","",ROUND((BP64+BQ64)/2+0.1,2)) -> 1.51 | BS64: =IF(BK64="","",ROUND( BR64*BO64*BL64,2)) -> 13.04 | BT64: =IF(AND(BR64>=1.5, BR64<2),(BR64*BL64),0) -> 21.7289 | BU64: =IF(AND(BR64>=2, BR64<4),(BR64*BL64),0)*0.78 -> 0 | BV64: =IF(BR64>=4,(BR64*BL64),0) -> 0 | BW64: =IF(BK64="","",ROUND( BS64*$BN$1,2)) -> 0 | BX64: =IF(BK64="","",ROUND(BS64*$BN$2,2)) -> 10.43 | BY64: =IF(BK64="","",ROUND(BS64*$BN$3,2)) -> 2.22 | BZ64: =IF(BL64="","",ROUND(BS64*$BN$4,2)) -> 0.39 | CA64: =IF(BK64="","",ROUND( (PI()*((BM64*0.0254)^2)/4)*BL64,2)) -> 0.47 | CB64: =IF(BK64="","",ROUND(BL64*BO64,2)) -> 8.63 | CC64: D | CD64: =IF(BK64="","",ROUND(IF(CC64="F",CB64,0),2)) -> 0 | CE64: =IF(BK64="","",ROUND(IF(CC64="R",CB64,0),2)) -> 0 | CF64: =IF(CC64="","",IF(CC64="R",0.2,IF(CC64="F",0.07,IF(CC64="D",0)))) -> 0 | CG64: =IF(BK64="","",ROUND(IF(CB64="","",CB64*CF64),2)) -> 0 | CH64: 0.3 | CI64: =ROUND(IF(BK64="","",IF(OR(CC64="R",CC64="F"),(CH64*CB64),0)),2) -> 0 | CJ64: =IF(BK64="","",ROUND(IF(CC64="F",CB64*CH64,0),2)) -> 0 | CK64: =IF(BK64="","",ROUND(BS64-(CA64+CG64+CI64+CJ64+CM64),2)) -> 11.71 | CL64: =IF(BK64="","",0.1) -> 0.1 | CM64: =IF(BK64="","",ROUND((BL64*BO64)*0.1,2)) -> 0.86 | CN64: =IF(BK64="","",ROUND(CK64*$BR$2,2)) -> 3.4 | CO64: =IF(BK64="","",ROUND(CK64*$BR$1,2)) -> 8.31 | CP64: =IF(BK64="","",ROUND(BS64-(CO64),2)) -> 4.73 | CS64: =+M64 -> 8 | CT64: =IF(M64=6,160,IF(M64=8,200,IF(M64=10,250,IF(M64=12,315,IF(M64=14,350,IF(M64=16,400,IF(M64=18,450,""))))))) -> 200 | CU64: 0 | CV64: 0 | CW64: =+CV64*CU64 -> 0 | CX64: =+IF(CY64>=2,0.8,0.6) -> 0.6 | CY64: =IF(BK64="","",ROUND((1+BR64)/2,2)) -> 1.26 | CZ64: =IF(BK64="","",ROUND(CV64*CX64*CY64*CU64,2)) -> 0 | DA64: =IF(BK64="","",ROUND( IF(AND(CY64>=1.5, CY64<2),(CY64*CW64),0),2)) -> 0 | DB64: =IF(BK64="","",ROUND(IF(AND(CY64>=2, CY64<4),(CY64*CW64),0),2)) -> 0 | DC64: =IF(BK64="","",ROUND(IF(CY64>=4,(CY64*CW64),0),2)) -> 0 | DD64: =IF(BK64="","",ROUND((PI()*((6*0.0254)^2)/4)*CW64,2)) -> 0 | DE64: =IF(BK64="","",ROUND(CW64*CX64,2)) -> 0 | DF64: =+CC64 -> D | DG64: =IF(BK64="","",ROUND(IF(DF64="F",DE64,0),2)) -> 0 | DH64: =IF(BK64="","",ROUND( IF(DF64="R",DE64,0),2)) -> 0 | DI64: =IF(DF64="","",IF(DF64="R",0.2,IF(DF64="F",0.07,IF(DF64="D",0)))) -> 0 | DJ64: =IF(BK64="","",ROUND(IF(DE64="","",DE64*DI64),2)) -> 0 | DK64: 0.3 | DL64: =ROUND(IF(CO64="","",IF(OR(DF64="R",DF64="F"),(DK64*DE64),0)),2) -> 0 | DM64: =IF(CO64="","",ROUND(IF(DF64="F",DE64*DK64,0),2)) -> 0 | DN64: =IF(BK64="","",ROUND(CZ64-(DD64+DJ64+DL64+DM64+DP64),2)) -> 0 | DO64: =IF(BK64="","",0.1) -> 0.1 | DP64: =+DE64*DO64 -> 0 | DQ64: =IF(BK64="","",ROUND(DN64*0.2,2)) -> 0 | DR64: =IF(BK64="","",ROUND(DN64*0.8,2)) -> 0 | DS64: =IF(BK64="","",ROUND(CZ64-(DD64+DR64),2)) -> 0 | DU64: =+A64 -> PZ-50 | DV64: =+BP64+0.2 -> 1.62 | DW64: 1.2 | DX64: 1.6 | DY64: =+((PI()*DX64^2)/4)*DV64*-1 -> -3.2572033 | DZ64: 1.6 | EA64: 1.6 | EB64: =+(DZ64*EA64*DV64) -> 4.1472 | EC64: =+EB64+DY64 -> 0.88999674 | ED64: =+EC64*0.55 -> 0.48949821 | EE64: =+EC64*0.45 -> 0.40049853 | EF64: =+ED64 -> 0.48949821
A65: PZ-51 | B65: PZ-52 | C65: 73.596 | D65: 223.099 | E65: 296.695 | F65: 0.015 | G65: 2.3 | H65: 0.0023 | I65: 0.010870156 | J65: 0.011 | K65: 0.076505382 | L65: 3.0120229 | M65: 8 | N65: 0.2 | O65: 0.182 | P65: 0.023206878 | Q65: 0.89203735 | R65: 0.1 | S65: 0.54 | T65: 0.248 | U65: 0.586 | V65: 0.48170017 | W65: 0.011826455 | X65: 0.026663 | Y65: 0.045136 | Z65: 0.056962455 | AA65: 0.17 | AB65: 0.03094 | AC65: 2.8772043 | AD65: 0.87434361 | AE65: F. Subcrítico | AF65: -0.014654816 | AG65: 0.0029309633 | AH65: 3.2967033 | AI65: 0.00095769318 | AJ65: 0.0038886565 | AK65: 978.65 | AL65: 977.85 | AM65: 977.42566 | AN65: 976.6161 | AO65: 977.22566 | AP65: 976.4161 | AQ65: 977.2708 | AR65: 976.46124 | AS65: 977.38737 | AT65: 976.57782 | AU65: 1.22434 | AV65: 1.233896 | AW65: 1.42434 | AX65: 1.433896 | AY65: 0.02 | AZ65: PVC | BA65: Suficiente | BB65: Velocidad NORMAL | BC65: Buena | BD65: Normal | BE65: Normal | BI65: =A65 -> PZ-51 | BJ65: =B65 -> PZ-52 | BK65: =IF(C65="","",ROUND( C65,2)) -> 73.6 | BL65: =IF(BK65="","",ROUND((BK65-1.6),2)) -> 72 | BM65: =IF(M65="","",M65) -> 8 | BN65: =IF(BK65="","",ROUND((BK65-1.2),2)) -> 72.4 | BO65: =IF(M65=6,0.5,IF(M65=8,0.6,IF(M65=10,0.65,IF(M65=12,0.7,IF(M65=14,0.75,IF(M65=16,0.8,IF(M65=18,0.85,""))))))) -> 0.6 | BP65: =IF(BK65="","",ROUND((AK65-AO65),2)) -> 1.42 | BQ65: =IF(BK65="","",ROUND((AL65-AP65),2)) -> 1.43 | BR65: =IF(BK65="","",ROUND((BP65+BQ65)/2+0.1,2)) -> 1.53 | BS65: =IF(BK65="","",ROUND( BR65*BO65*BL65,2)) -> 66.1 | BT65: =IF(AND(BR65>=1.5, BR65<2),(BR65*BL65),0) -> 110.16 | BU65: =IF(AND(BR65>=2, BR65<4),(BR65*BL65),0)*0.78 -> 0 | BV65: =IF(BR65>=4,(BR65*BL65),0) -> 0 | BW65: =IF(BK65="","",ROUND( BS65*$BN$1,2)) -> 0 | BX65: =IF(BK65="","",ROUND(BS65*$BN$2,2)) -> 52.88 | BY65: =IF(BK65="","",ROUND(BS65*$BN$3,2)) -> 11.24 | BZ65: =IF(BL65="","",ROUND(BS65*$BN$4,2)) -> 1.98 | CA65: =IF(BK65="","",ROUND( (PI()*((BM65*0.0254)^2)/4)*BL65,2)) -> 2.33 | CB65: =IF(BK65="","",ROUND(BL65*BO65,2)) -> 43.2 | CC65: D | CD65: =IF(BK65="","",ROUND(IF(CC65="F",CB65,0),2)) -> 0 | CE65: =IF(BK65="","",ROUND(IF(CC65="R",CB65,0),2)) -> 0 | CF65: =IF(CC65="","",IF(CC65="R",0.2,IF(CC65="F",0.07,IF(CC65="D",0)))) -> 0 | CG65: =IF(BK65="","",ROUND(IF(CB65="","",CB65*CF65),2)) -> 0 | CH65: 0.3 | CI65: =ROUND(IF(BK65="","",IF(OR(CC65="R",CC65="F"),(CH65*CB65),0)),2) -> 0 | CJ65: =IF(BK65="","",ROUND(IF(CC65="F",CB65*CH65,0),2)) -> 0 | CK65: =IF(BK65="","",ROUND(BS65-(CA65+CG65+CI65+CJ65+CM65),2)) -> 59.45 | CL65: =IF(BK65="","",0.1) -> 0.1 | CM65: =IF(BK65="","",ROUND((BL65*BO65)*0.1,2)) -> 4.32 | CN65: =IF(BK65="","",ROUND(CK65*$BR$2,2)) -> 17.27 | CO65: =IF(BK65="","",ROUND(CK65*$BR$1,2)) -> 42.18 | CP65: =IF(BK65="","",ROUND(BS65-(CO65),2)) -> 23.92 | CS65: =+M65 -> 8 | CT65: =IF(M65=6,160,IF(M65=8,200,IF(M65=10,250,IF(M65=12,315,IF(M65=14,350,IF(M65=16,400,IF(M65=18,450,""))))))) -> 200 | CU65: 6 | CV65: 28 | CW65: =+CV65*CU65 -> 168 | CX65: =+IF(CY65>=2,0.8,0.6) -> 0.6 | CY65: =IF(BK65="","",ROUND((1+BR65)/2,2)) -> 1.27 | CZ65: =IF(BK65="","",ROUND(CV65*CX65*CY65*CU65,2)) -> 128.02 | DA65: =IF(BK65="","",ROUND( IF(AND(CY65>=1.5, CY65<2),(CY65*CW65),0),2)) -> 0 | DB65: =IF(BK65="","",ROUND(IF(AND(CY65>=2, CY65<4),(CY65*CW65),0),2)) -> 0 | DC65: =IF(BK65="","",ROUND(IF(CY65>=4,(CY65*CW65),0),2)) -> 0 | DD65: =IF(BK65="","",ROUND((PI()*((6*0.0254)^2)/4)*CW65,2)) -> 3.06 | DE65: =IF(BK65="","",ROUND(CW65*CX65,2)) -> 100.8 | DF65: =+CC65 -> D | DG65: =IF(BK65="","",ROUND(IF(DF65="F",DE65,0),2)) -> 0 | DH65: =IF(BK65="","",ROUND( IF(DF65="R",DE65,0),2)) -> 0 | DI65: =IF(DF65="","",IF(DF65="R",0.2,IF(DF65="F",0.07,IF(DF65="D",0)))) -> 0 | DJ65: =IF(BK65="","",ROUND(IF(DE65="","",DE65*DI65),2)) -> 0 | DK65: 0.3 | DL65: =ROUND(IF(CO65="","",IF(OR(DF65="R",DF65="F"),(DK65*DE65),0)),2) -> 0 | DM65: =IF(CO65="","",ROUND(IF(DF65="F",DE65*DK65,0),2)) -> 0 | DN65: =IF(BK65="","",ROUND(CZ65-(DD65+DJ65+DL65+DM65+DP65),2)) -> 114.88 | DO65: =IF(BK65="","",0.1) -> 0.1 | DP65: =+DE65*DO65 -> 10.08 | DQ65: =IF(BK65="","",ROUND(DN65*0.2,2)) -> 22.98 | DR65: =IF(BK65="","",ROUND(DN65*0.8,2)) -> 91.9 | DS65: =IF(BK65="","",ROUND(CZ65-(DD65+DR65),2)) -> 33.06 | DU65: =+A65 -> PZ-51 | DV65: =+BP65+0.2 -> 1.62 | DW65: 1.2 | DX65: 1.6 | DY65: =+((PI()*DX65^2)/4)*DV65*-1 -> -3.2572033 | DZ65: 1.6 | EA65: 1.6 | EB65: =+(DZ65*EA65*DV65) -> 4.1472 | EC65: =+EB65+DY65 -> 0.88999674 | ED65: =+EC65*0.55 -> 0.48949821 | EE65: =+EC65*0.45 -> 0.40049853 | EF65: =+ED65 -> 0.48949821
